Workbook
Name Print_Titles: 'AGESUL INS ONER DESON'!$A$5:$IV$5
Name Print_Titles: 'MEMÓRIA DE CÁLCULO'!$1:$7
Name AGESULOD: 'AGESUL ONER DESON'!$A$8:$K$1768
Name COMPOD: COMPOSIÇÕES!$A$6:$M$4442
Name COMPOD1: COMPOSIÇÕES!$F$6:$M$4440
Name COTACAO: COTACAO!$B$1:$G$500
Name INSAGESUL: 'AGESUL INS ONER DESON'!$A$6:$H$1425
Name INSINOD: 'SINAPI INSUMO ONER DESO SEM ENC'!$B$11:$I$4828
Name SICRO: SICRO!$B$2:$F$110
Name SINCOMOD: 'SINAPI COMP ONER E DESONER'!$B$11:$I$10155

Sheet SINAPI COMP ONER E DESONER
A1: SINAPI - Sistema Nacional de Pesquisa de Custos e Índices da Construção Civil
A2: RELATÓRIO DE CUSTOS DE COMPOSIÇÕES - ENCARGOS SOCIAIS SEM DESONERAÇÃO
A3: Mês de Referência: | B3: 03/2026 | D3: Encargos sociais sobre a mão de obra: | E3: ONERADO | G3: DESONERADO | L3: ONERADO | N3: DESONERADO
A4: Data de emissão: | B4: 10/04/2026 | D4: (SEM DESONERAÇÃO) | E4: MS | G4: MS | L4: MS | N4: MS
D5: Localidade | E5: CAMPO GRANDE | G5: CAMPO GRANDE | L5: CAMPO GRANDE | N5: CAMPO GRANDE
A6: Observação: | B6: %AS (porcentagem Atribuído São Paulo) corresponde a porcentagem do custo total da | D6: Horista | E6: 1.1571 | G6: 0.9956 | L6: 1.0752 | N6: 0.9956
B7: composição que foi obtida utilizando preços de insumos de São Paulo por indisponibilidade | D7: Mensalista | E7: 0.7157 | G7: 0.5874 | L7: 0.648 | N7: 0.5874
B8: dos preços de insumos necessários à composição no estado em questão. Custo zerado (hífen)
B9: indica que pelo menos um dos itens da composição não tem custo/preço. | E9: MS | G9: MS | L9: MS | N9: MS
A10: Grupo | B10: Código da Composição | C10: Descrição | D10: Unidade | E10: Custo (R$) | F10: %AS | G10: Custo (R$) | H10: %AS | I10: SITUAÇÃO | L10: Custo (R$) | M10: %AS | N10: Custo (R$) | O10: %AS
A11: Acessibilidade | B11: 104658 | C11: PISO PODOTÁTIL DE ALERTA OU DIRECIONAL, DE CONCRETO, ASSENTADO SOBRE ARGAMASSA. AF_03/2024 | D11: M2 | E11: =IF(L11=0,"VERIFICAR",L11) -> 176.05 | F11: 0 | G11: =IF(N11=0,"VERIFICAR",N11) -> 173.45 | H11: 0 | I11: =IF(OR(E11=0,G11=0),"SEM VALOR","COM VALOR") -> COM VALOR | L11: 176.05 | M11: 0 | N11: 173.45 | O11: 0
A12: Acessibilidade | B12: 105002 | C12: RAMPA DE ACESSIBILIDADE EM CONCRETO MOLDADO IN LOCO, EM CALÇADA NOVA COM LARGURA MAIOR OU IGUAL À 3,00 M, FCK 25MPA, COM PISO PODOTÁTIL. AF_03/2024 | D12: UN | E12: =IF(L12=0,"VERIFICAR",L12) -> 720.15 | F12: 0 | G12: =IF(N12=0,"VERIFICAR",N12) -> 700.81 | H12: 0 | I12: =IF(OR(E12=0,G12=0),"SEM VALOR","COM VALOR") -> COM VALOR | L12: 720.15 | M12: 0 | N12: 700.81 | O12: 0
A13: Acessibilidade | B13: 105004 | C13: RAMPA DE ACESSIBILIDADE EM CONCRETO MOLDADO IN LOCO, EM CALÇADA NOVA COM LARGURA MENOR À 3,00 M, FCK 25MPA, COM PISO PODOTÁTIL. AF_03/2024 | D13: M2 | E13: =IF(L13=0,"VERIFICAR",L13) -> 122.8 | F13: 0 | G13: =IF(N13=0,"VERIFICAR",N13) -> 119.45 | H13: 0 | I13: =IF(OR(E13=0,G13=0),"SEM VALOR","COM VALOR") -> COM VALOR | L13: 122.8 | M13: 0 | N13: 119.45 | O13: 0
A14: Acessibilidade | B14: 105003 | C14: RAMPA DE ACESSIBILIDADE EM CONCRETO MOLDADO IN LOCO, EM CALÇADA PRÉ EXISTENTE COM LARGURA MAIOR OU IGUAL À 3,00 M, FCK 25MPA, COM PISO PODOTÁTIL. AF_03/2024 | D14: UN | E14: =IF(L14=0,"VERIFICAR",L14) -> 1173.71 | F14: 0.05 | G14: =IF(N14=0,"VERIFICAR",N14) -> 1134.77 | H14: 0.06 | I14: =IF(OR(E14=0,G14=0),"SEM VALOR","COM VALOR") -> COM VALOR | L14: 1173.71 | M14: 0.05 | N14: 1134.77 | O14: 0.06
A15: Acessibilidade | B15: 105005 | C15: RAMPA DE ACESSIBILIDADE EM CONCRETO MOLDADO IN LOCO, EM CALÇADA PRÉ EXISTENTE COM LARGURA MENOR À 3,00 M, FCK 25MPA, COM PISO PODOTÁTIL. AF_03/2024 | D15: M2 | E15: =IF(L15=0,"VERIFICAR",L15) -> 206.77 | F15: 0.06 | G15: =IF(N15=0,"VERIFICAR",N15) -> 199.8 | H15: 0.06 | I15: =IF(OR(E15=0,G15=0),"SEM VALOR","COM VALOR") -> COM VALOR | L15: 206.77 | M15: 0.06 | N15: 199.8 | O15: 0.06
A16: Acessibilidade | B16: 105006 | C16: RAMPA DE ACESSIBILIDADE EM CONCRETO PRÉ MOLDADO, EM CALÇADA NOVA COM LARGURA MAIOR OU IGUAL À 3,00 M, FCK 25MPA, COM PISO PODOTÁTIL. AF_03/2024 | D16: UN | E16: =IF(L16=0,"VERIFICAR",L16) -> VERIFICAR | G16: =IF(N16=0,"VERIFICAR",N16) -> VERIFICAR | I16: =IF(OR(E16=0,G16=0),"SEM VALOR","COM VALOR") -> COM VALOR | L16: 0 | N16: 0
A17: Acessibilidade | B17: 104999 | C17: RAMPA DE ACESSIBILIDADE EM CONCRETO PRÉ MOLDADO, EM CALÇADA PRÉ EXISTENTE COM LARGURA MAIOR OU IGUAL À 3,00 M, FCK 25MPA, COM PISO PODOTÁTIL. AF_03/2024 | D17: UN | E17: =IF(L17=0,"VERIFICAR",L17) -> VERIFICAR | G17: =IF(N17=0,"VERIFICAR",N17) -> VERIFICAR | I17: =IF(OR(E17=0,G17=0),"SEM VALOR","COM VALOR") -> COM VALOR | L17: 0 | N17: 0
A18: Acessibilidade | B18: 105000 | C18: RAMPA DE ACESSIBILIDADE PARA ACESSO A EDIFICAÇÕES COM INCLINAÇÃO DE 8,33% EM CONCRETO MOLDADO IN LOCO, COM LARGURA DE 1,20M, FCK 25MPA, NÃO ARMADA, COM JUNTA A CADA 2M COM CORTE À SECO. AF_03/2024 | D18: M | E18: =IF(L18=0,"VERIFICAR",L18) -> 1211.93 | F18: 0.47 | G18: =IF(N18=0,"VERIFICAR",N18) -> 1189.41 | H18: 0.49 | I18: =IF(OR(E18=0,G18=0),"SEM VALOR","COM VALOR") -> COM VALOR | L18: 1211.93 | M18: 0.52 | N18: 1189.41 | O18: 0.53
A19: Acessibilidade | B19: 105001 | C19: RAMPA DE ACESSIBILIDADE PARA ACESSO A EDIFICAÇÕES COM INCLINAÇÃO DE 8,33% EM CONCRETO MOLDADO IN LOCO, COM LARGURA DE 1,50M, FCK 25MPA, NÃO ARMADA, COM JUNTA A CADA 2M COM CORTE À SECO. AF_03/2024 | D19: M | E19: =IF(L19=0,"VERIFICAR",L19) -> 1246.4 | F19: 0.46 | G19: =IF(N19=0,"VERIFICAR",N19) -> 1223.56 | H19: 0.48 | I19: =IF(OR(E19=0,G19=0),"SEM VALOR","COM VALOR") -> COM VALOR | L19: 1246.4 | M19: 0.51 | N19: 1223.56 | O19: 0.52
A20: Alvenaria Estrutural - Blocos Cerâmicos | B20: 89306 | C20: ALVENARIA ESTRUTURAL DE BLOCOS CERÂMICOS 14X19X29, (ESPESSURA DE 14 CM), UTILIZANDO COLHER DE PEDREIRO E ARGAMASSA DE ASSENTAMENTO COM PREPARO EM BETONEIRA. AF_03/2023 | D20: M2 | E20: =IF(L20=0,"VERIFICAR",L20) -> 102.35 | F20: 0 | G20: =IF(N20=0,"VERIFICAR",N20) -> 99.5 | H20: 0 | I20: =IF(OR(E20=0,G20=0),"SEM VALOR","COM VALOR") -> COM VALOR | L20: 102.35 | M20: 0 | N20: 99.5 | O20: 0
A21: Alvenaria Estrutural - Blocos Cerâmicos | B21: 89307 | C21: ALVENARIA ESTRUTURAL DE BLOCOS CERÂMICOS 14X19X29, (ESPESSURA DE 14 CM), UTILIZANDO COLHER DE PEDREIRO E ARGAMASSA DE ASSENTAMENTO COM PREPARO MANUAL. AF_03/2023 | D21: M2 | E21: =IF(L21=0,"VERIFICAR",L21) -> 104.38 | F21: 0 | G21: =IF(N21=0,"VERIFICAR",N21) -> 101.44 | H21: 0 | I21: =IF(OR(E21=0,G21=0),"SEM VALOR","COM VALOR") -> COM VALOR | L21: 104.38 | M21: 0 | N21: 101.44 | O21: 0
A22: Alvenaria Estrutural - Blocos Cerâmicos | B22: 89290 | C22: ALVENARIA ESTRUTURAL DE BLOCOS CERÂMICOS 14X19X29, (ESPESSURA DE 14 CM), UTILIZANDO PALHETA E ARGAMASSA DE ASSENTAMENTO COM PREPARO EM BETONEIRA. AF_03/2023 | D22: M2 | E22: =IF(L22=0,"VERIFICAR",L22) -> 85.81 | F22: 0 | G22: =IF(N22=0,"VERIFICAR",N22) -> 83.76 | H22: 0 | I22: =IF(OR(E22=0,G22=0),"SEM VALOR","COM VALOR") -> COM VALOR | L22: 85.81 | M22: 0 | N22: 83.76 | O22: 0
A23: Alvenaria Estrutural - Blocos Cerâmicos | B23: 89291 | C23: ALVENARIA ESTRUTURAL DE BLOCOS CERÂMICOS 14X19X29, (ESPESSURA DE 14 CM), UTILIZANDO PALHETA E ARGAMASSA DE ASSENTAMENTO COM PREPARO MANUAL. AF_03/2023 | D23: M2 | E23: =IF(L23=0,"VERIFICAR",L23) -> 87.32 | F23: 0 | G23: =IF(N23=0,"VERIFICAR",N23) -> 85.2 | H23: 0 | I23: =IF(OR(E23=0,G23=0),"SEM VALOR","COM VALOR") -> COM VALOR | L23: 87.32 | M23: 0 | N23: 85.2 | O23: 0
A24: Alvenaria Estrutural - Blocos Cerâmicos | B24: 89298 | C24: ALVENARIA ESTRUTURAL DE BLOCOS CERÂMICOS 14X19X39, (ESPESSURA DE 14 CM), UTILIZANDO COLHER DE PEDREIRO E ARGAMASSA DE ASSENTAMENTO COM PREPARO EM BETONEIRA. AF_03/2023 | D24: M2 | E24: =IF(L24=0,"VERIFICAR",L24) -> 89.51 | F24: 0 | G24: =IF(N24=0,"VERIFICAR",N24) -> 87.39 | H24: 0 | I24: =IF(OR(E24=0,G24=0),"SEM VALOR","COM VALOR") -> COM VALOR | L24: 89.51 | M24: 0 | N24: 87.39 | O24: 0
A25: Alvenaria Estrutural - Blocos Cerâmicos | B25: 89299 | C25: ALVENARIA ESTRUTURAL DE BLOCOS CERÂMICOS 14X19X39, (ESPESSURA DE 14 CM), UTILIZANDO COLHER DE PEDREIRO E ARGAMASSA DE ASSENTAMENTO COM PREPARO MANUAL. AF_03/2023 | D25: M2 | E25: =IF(L25=0,"VERIFICAR",L25) -> 91.33 | F25: 0 | G25: =IF(N25=0,"VERIFICAR",N25) -> 89.13 | H25: 0 | I25: =IF(OR(E25=0,G25=0),"SEM VALOR","COM VALOR") -> COM VALOR | L25: 91.33 | M25: 0 | N25: 89.13 | O25: 0
A26: Alvenaria Estrutural - Blocos Cerâmicos | B26: 89282 | C26: ALVENARIA ESTRUTURAL DE BLOCOS CERÂMICOS 14X19X39, (ESPESSURA DE 14 CM), UTILIZANDO PALHETA E ARGAMASSA DE ASSENTAMENTO COM PREPARO EM BETONEIRA. AF_03/2023 | D26: M2 | E26: =IF(L26=0,"VERIFICAR",L26) -> 77.84 | F26: 0 | G26: =IF(N26=0,"VERIFICAR",N26) -> 76.27 | H26: 0 | I26: =IF(OR(E26=0,G26=0),"SEM VALOR","COM VALOR") -> COM VALOR | L26: 77.84 | M26: 0 | N26: 76.27 | O26: 0
A27: Alvenaria Estrutural - Blocos Cerâmicos | B27: 89283 | C27: ALVENARIA ESTRUTURAL DE BLOCOS CERÂMICOS 14X19X39, (ESPESSURA DE 14 CM), UTILIZANDO PALHETA E ARGAMASSA DE ASSENTAMENTO COM PREPARO MANUAL. AF_03/2023 | D27: M2 | E27: =IF(L27=0,"VERIFICAR",L27) -> 79.2 | F27: 0 | G27: =IF(N27=0,"VERIFICAR",N27) -> 77.57 | H27: 0 | I27: =IF(OR(E27=0,G27=0),"SEM VALOR","COM VALOR") -> COM VALOR | L27: 79.2 | M27: 0 | N27: 77.57 | O27: 0
A28: Alvenaria Estrutural - Blocos de Concreto | B28: 89480 | C28: ALVENARIA DE BLOCOS DE CONCRETO ESTRUTURAL 14X19X29 CM (ESPESSURA 14 CM), FBK = 14 MPA, UTILIZANDO COLHER DE PEDREIRO. AF_10/2022 | D28: M2 | E28: =IF(L28=0,"VERIFICAR",L28) -> 173.19 | F28: 0 | G28: =IF(N28=0,"VERIFICAR",N28) -> 169.87 | H28: 0 | I28: =IF(OR(E28=0,G28=0),"SEM VALOR","COM VALOR") -> COM VALOR | L28: 173.19 | M28: 0 | N28: 169.87 | O28: 0
A29: Alvenaria Estrutural - Blocos de Concreto | B29: 89464 | C29: ALVENARIA DE BLOCOS DE CONCRETO ESTRUTURAL 14X19X29 CM (ESPESSURA 14 CM), FBK = 14,0 MPA, UTILIZANDO PALHETA. AF_10/2022 | D29: M2 | E29: =IF(L29=0,"VERIFICAR",L29) -> 152.71 | F29: 0 | G29: =IF(N29=0,"VERIFICAR",N29) -> 150.35 | H29: 0 | I29: =IF(OR(E29=0,G29=0),"SEM VALOR","COM VALOR") -> COM VALOR | L29: 152.71 | M29: 0 | N29: 150.35 | O29: 0
... A31: Alvenaria Estrutural - Blocos de Concreto | B31: 89462 | C31: ALVENARIA DE BLOCOS DE CONCRETO ESTRUTURAL 14X19X29 CM (ESPESSURA 14 CM), FBK = 4,5 MPA, UTILIZANDO PALHETA. AF_10/2022 | D31: M2 | E31: =IF(L31=0,"VERIFICAR",L31) -> 128.9 | F31: 0 | G31: =IF(N31=0,"VERIFICAR",N31) -> 126.7 | H31: 0 | I31: =IF(OR(E31=0,G31=0),"SEM VALOR","COM VALOR") -> COM VALOR | L31: 128.9 | M31: 0 | N31: 126.7 | O31: 0
A32: Alvenaria Estrutural - Blocos de Concreto | B32: 104444 | C32: ALVENARIA DE BLOCOS DE CONCRETO ESTRUTURAL 14X19X29 CM (ESPESSURA 14 CM), FBK = 8 MPA, UTILIZANDO COLHER DE PEDREIRO. AF_10/2022 | D32: M2 | E32: =IF(L32=0,"VERIFICAR",L32) -> VERIFICAR | G32: =IF(N32=0,"VERIFICAR",N32) -> VERIFICAR | I32: =IF(OR(E32=0,G32=0),"SEM VALOR","COM VALOR") -> COM VALOR | L32: 0 | N32: 0
A33: Alvenaria Estrutural - Blocos de Concreto | B33: 104442 | C33: ALVENARIA DE BLOCOS DE CONCRETO ESTRUTURAL 14X19X29 CM (ESPESSURA 14 CM), FBK = 8 MPA, UTILIZANDO PALHETA. AF_10/2022 | D33: M2 | E33: =IF(L33=0,"VERIFICAR",L33) -> VERIFICAR | G33: =IF(N33=0,"VERIFICAR",N33) -> VERIFICAR | I33: =IF(OR(E33=0,G33=0),"SEM VALOR","COM VALOR") -> COM VALOR | L33: 0 | N33: 0
A34: Alvenaria Estrutural - Blocos de Concreto | B34: 89472 | C34: ALVENARIA DE BLOCOS DE CONCRETO ESTRUTURAL 14X19X39 CM (ESPESSURA 14 CM), FBK = 14 MPA, UTILIZANDO COLHER DE PEDREIRO. AF_10/2022 | D34: M2 | E34: =IF(L34=0,"VERIFICAR",L34) -> 133.43 | F34: 0 | G34: =IF(N34=0,"VERIFICAR",N34) -> 131.42 | H34: 0 | I34: =IF(OR(E34=0,G34=0),"SEM VALOR","COM VALOR") -> COM VALOR | L34: 133.43 | M34: 0 | N34: 131.42 | O34: 0
A35: Alvenaria Estrutural - Blocos de Concreto | B35: 89455 | C35: ALVENARIA DE BLOCOS DE CONCRETO ESTRUTURAL 14X19X39 CM (ESPESSURA 14 CM), FBK = 14 MPA, UTILIZANDO PALHETA. AF_10/2022 | D35: M2 | E35: =IF(L35=0,"VERIFICAR",L35) -> 120.52 | F35: 0 | G35: =IF(N35=0,"VERIFICAR",N35) -> 119.08 | H35: 0 | I35: =IF(OR(E35=0,G35=0),"SEM VALOR","COM VALOR") -> COM VALOR | L35: 120.52 | M35: 0 | N35: 119.08 | O35: 0
A36: Alvenaria Estrutural - Blocos de Concreto | B36: 89470 | C36: ALVENARIA DE BLOCOS DE CONCRETO ESTRUTURAL 14X19X39 CM (ESPESSURA 14 CM), FBK = 4,5 MPA, UTILIZANDO COLHER DE PEDREIRO. AF_10/2022 | D36: M2 | E36: =IF(L36=0,"VERIFICAR",L36) -> 110.5 | F36: 0 | G36: =IF(N36=0,"VERIFICAR",N36) -> 108.61 | H36: 0 | I36: =IF(OR(E36=0,G36=0),"SEM VALOR","COM VALOR") -> COM VALOR | L36: 110.5 | M36: 0 | N36: 108.61 | O36: 0
A37: Alvenaria Estrutural - Blocos de Concreto | B37: 89453 | C37: ALVENARIA DE BLOCOS DE CONCRETO ESTRUTURAL 14X19X39 CM (ESPESSURA 14 CM), FBK = 4,5 MPA, UTILIZANDO PALHETA. AF_10/2022 | D37: M2 | E37: =IF(L37=0,"VERIFICAR",L37) -> 98.65 | F37: 0 | G37: =IF(N37=0,"VERIFICAR",N37) -> 97.29 | H37: 0 | I37: =IF(OR(E37=0,G37=0),"SEM VALOR","COM VALOR") -> COM VALOR | L37: 98.65 | M37: 0 | N37: 97.29 | O37: 0
A38: Alvenaria Estrutural - Blocos de Concreto | B38: 104443 | C38: ALVENARIA DE BLOCOS DE CONCRETO ESTRUTURAL 14X19X39 CM (ESPESSURA 14 CM), FBK = 8 MPA, UTILIZANDO COLHER DE PEDREIRO. AF_10/2022 | D38: M2 | E38: =IF(L38=0,"VERIFICAR",L38) -> VERIFICAR | G38: =IF(N38=0,"VERIFICAR",N38) -> VERIFICAR | I38: =IF(OR(E38=0,G38=0),"SEM VALOR","COM VALOR") -> COM VALOR | L38: 0 | N38: 0
A39: Alvenaria Estrutural - Blocos de Concreto | B39: 104441 | C39: ALVENARIA DE BLOCOS DE CONCRETO ESTRUTURAL 14X19X39 CM (ESPESSURA 14 CM), FBK = 8 MPA, UTILIZANDO PALHETA. AF_10/2022 | D39: M2 | E39: =IF(L39=0,"VERIFICAR",L39) -> VERIFICAR | G39: =IF(N39=0,"VERIFICAR",N39) -> VERIFICAR | I39: =IF(OR(E39=0,G39=0),"SEM VALOR","COM VALOR") -> COM VALOR | L39: 0 | N39: 0
A40: Alvenaria de Vedação | B40: 103354 | C40: ALVENARIA DE VEDAÇÃO DE BLOCOS CERÂMICOS FURADOS NA HORIZONTAL DE 11,5X14X24 CM (ESPESSURA 11,5 CM) E ARGAMASSA DE ASSENTAMENTO COM PREPARO EM BETONEIRA. AF_12/2021 | D40: M2 | E40: =IF(L40=0,"VERIFICAR",L40) -> 93.18 | F40: 0.01 | G40: =IF(N40=0,"VERIFICAR",N40) -> 90.02 | H40: 0.01 | I40: =IF(OR(E40=0,G40=0),"SEM VALOR","COM VALOR") -> COM VALOR | L40: 93.18 | M40: 0.01 | N40: 90.02 | O40: 0.01
A41: Alvenaria de Vedação | B41: 103355 | C41: ALVENARIA DE VEDAÇÃO DE BLOCOS CERÂMICOS FURADOS NA HORIZONTAL DE 11,5X14X24 CM (ESPESSURA 11,5 CM) E ARGAMASSA DE ASSENTAMENTO COM PREPARO MANUAL. AF_12/2021 | D41: M2 | E41: =IF(L41=0,"VERIFICAR",L41) -> 94.4 | F41: 0.01 | G41: =IF(N41=0,"VERIFICAR",N41) -> 91.17 | H41: 0.01 | I41: =IF(OR(E41=0,G41=0),"SEM VALOR","COM VALOR") -> COM VALOR | L41: 94.4 | M41: 0.01 | N41: 91.17 | O41: 0.01
A42: Alvenaria de Vedação | B42: 103330 | C42: ALVENARIA DE VEDAÇÃO DE BLOCOS CERÂMICOS FURADOS NA HORIZONTAL DE 11,5X19X19 CM (ESPESSURA 11,5 CM) E ARGAMASSA DE ASSENTAMENTO COM PREPARO EM BETONEIRA. AF_12/2021 | D42: M2 | E42: =IF(L42=0,"VERIFICAR",L42) -> 86.84 | F42: 0.01 | G42: =IF(N42=0,"VERIFICAR",N42) -> 84.09 | H42: 0.01 | I42: =IF(OR(E42=0,G42=0),"SEM VALOR","COM VALOR") -> COM VALOR | L42: 86.84 | M42: 0 | N42: 84.09 | O42: 0
A43: Alvenaria de Vedação | B43: 103331 | C43: ALVENARIA DE VEDAÇÃO DE BLOCOS CERÂMICOS FURADOS NA HORIZONTAL DE 11,5X19X19 CM (ESPESSURA 11,5 CM) E ARGAMASSA DE ASSENTAMENTO COM PREPARO MANUAL. AF_12/2021 | D43: M2 | E43: =IF(L43=0,"VERIFICAR",L43) -> 87.98 | F43: 0.01 | G43: =IF(N43=0,"VERIFICAR",N43) -> 85.17 | H43: 0.01 | I43: =IF(OR(E43=0,G43=0),"SEM VALOR","COM VALOR") -> COM VALOR | L43: 87.98 | M43: 0 | N43: 85.17 | O43: 0
A44: Alvenaria de Vedação | B44: 103358 | C44: ALVENARIA DE VEDAÇÃO DE BLOCOS CERÂMICOS FURADOS NA HORIZONTAL DE 11,5X19X29 CM (ESPESSURA 11,5 CM) E ARGAMASSA DE ASSENTAMENTO COM PREPARO EM BETONEIRA. AF_12/2021 | D44: M2 | E44: =IF(L44=0,"VERIFICAR",L44) -> 73.62 | F44: 0.01 | G44: =IF(N44=0,"VERIFICAR",N44) -> 71.41 | H44: 0.01 | I44: =IF(OR(E44=0,G44=0),"SEM VALOR","COM VALOR") -> COM VALOR | L44: 73.62 | M44: 0.01 | N44: 71.41 | O44: 0.01
A45: Alvenaria de Vedação | B45: 103359 | C45: ALVENARIA DE VEDAÇÃO DE BLOCOS CERÂMICOS FURADOS NA HORIZONTAL DE 11,5X19X29 CM (ESPESSURA 11,5 CM) E ARGAMASSA DE ASSENTAMENTO COM PREPARO MANUAL. AF_12/2021 | D45: M2 | E45: =IF(L45=0,"VERIFICAR",L45) -> 74.59 | F45: 0.01 | G45: =IF(N45=0,"VERIFICAR",N45) -> 72.33 | H45: 0.01 | I45: =IF(OR(E45=0,G45=0),"SEM VALOR","COM VALOR") -> COM VALOR | L45: 74.59 | M45: 0.01 | N45: 72.33 | O45: 0.01
A46: Alvenaria de Vedação | B46: 103366 | C46: ALVENARIA DE VEDAÇÃO DE BLOCOS CERÂMICOS FURADOS NA HORIZONTAL DE 11,5X19X39 CM (ESPESSURA 11,5 CM) E ARGAMASSA DE ASSENTAMENTO COM PREPARO EM BETONEIRA. AF_12/2021 | D46: M2 | E46: =IF(L46=0,"VERIFICAR",L46) -> 65.11 | F46: 0.01 | G46: =IF(N46=0,"VERIFICAR",N46) -> 63.4 | H46: 0.01 | I46: =IF(OR(E46=0,G46=0),"SEM VALOR","COM VALOR") -> COM VALOR | L46: 65.11 | M46: 0.01 | N46: 63.4 | O46: 0.01
A47: Alvenaria de Vedação | B47: 103367 | C47: ALVENARIA DE VEDAÇÃO DE BLOCOS CERÂMICOS FURADOS NA HORIZONTAL DE 11,5X19X39 CM (ESPESSURA 11,5 CM) E ARGAMASSA DE ASSENTAMENTO COM PREPARO MANUAL. AF_12/2021 | D47: M2 | E47: =IF(L47=0,"VERIFICAR",L47) -> 65.99 | F47: 0.01 | G47: =IF(N47=0,"VERIFICAR",N47) -> 64.23 | H47: 0.01 | I47: =IF(OR(E47=0,G47=0),"SEM VALOR","COM VALOR") -> COM VALOR | L47: 65.99 | M47: 0.01 | N47: 64.23 | O47: 0.01
A48: Alvenaria de Vedação | B48: 103360 | C48: ALVENARIA DE VEDAÇÃO DE BLOCOS CERÂMICOS FURADOS NA HORIZONTAL DE 14X19X29 CM (ESPESSURA 14 CM) E ARGAMASSA DE ASSENTAMENTO COM PREPARO EM BETONEIRA. AF_12/2021 | D48: M2 | E48: =IF(L48=0,"VERIFICAR",L48) -> 85.96 | F48: 0.01 | G48: =IF(N48=0,"VERIFICAR",N48) -> 83.37 | H48: 0.01 | I48: =IF(OR(E48=0,G48=0),"SEM VALOR","COM VALOR") -> COM VALOR | L48: 85.96 | M48: 0 | N48: 83.37 | O48: 0
A49: Alvenaria de Vedação | B49: 103361 | C49: ALVENARIA DE VEDAÇÃO DE BLOCOS CERÂMICOS FURADOS NA HORIZONTAL DE 14X19X29 CM (ESPESSURA 14 CM) E ARGAMASSA DE ASSENTAMENTO COM PREPARO MANUAL. AF_12/2021 | D49: M2 | E49: =IF(L49=0,"VERIFICAR",L49) -> 87.19 | F49: 0.01 | G49: =IF(N49=0,"VERIFICAR",N49) -> 84.53 | H49: 0.01 | I49: =IF(OR(E49=0,G49=0),"SEM VALOR","COM VALOR") -> COM VALOR | L49: 87.19 | M49: 0 | N49: 84.53 | O49: 0
A50: Alvenaria de Vedação | B50: 103368 | C50: ALVENARIA DE VEDAÇÃO DE BLOCOS CERÂMICOS FURADOS NA HORIZONTAL DE 14X19X39 CM (ESPESSURA 14 CM) E ARGAMASSA DE ASSENTAMENTO COM PREPARO EM BETONEIRA. AF_12/2021 | D50: M2 | E50: =IF(L50=0,"VERIFICAR",L50) -> 73.51 | F50: 0.01 | G50: =IF(N50=0,"VERIFICAR",N50) -> 71.51 | H50: 0.01 | I50: =IF(OR(E50=0,G50=0),"SEM VALOR","COM VALOR") -> COM VALOR | L50: 73.51 | M50: 0.01 | N50: 71.51 | O50: 0.01
A51: Alvenaria de Vedação | B51: 103369 | C51: ALVENARIA DE VEDAÇÃO DE BLOCOS CERÂMICOS FURADOS NA HORIZONTAL DE 14X19X39 CM (ESPESSURA 14 CM) E ARGAMASSA DE ASSENTAMENTO COM PREPARO MANUAL. AF_12/2021 | D51: M2 | E51: =IF(L51=0,"VERIFICAR",L51) -> 74.62 | F51: 0.01 | G51: =IF(N51=0,"VERIFICAR",N51) -> 72.56 | H51: 0.01 | I51: =IF(OR(E51=0,G51=0),"SEM VALOR","COM VALOR") -> COM VALOR | L51: 74.62 | M51: 0.01 | N51: 72.56 | O51: 0.01
... A101: Alvenarias Diversas | B101: 101161 | C101: ALVENARIA DE VEDAÇÃO COM ELEMENTO VAZADO DE CONCRETO (COBOGÓ) DE 7X50X50CM E ARGAMASSA DE ASSENTAMENTO COM PREPARO EM BETONEIRA. AF_05/2020 | D101: M2 | E101: =IF(L101=0,"VERIFICAR",L101) -> 254.52 | F101: 0 | G101: =IF(N101=0,"VERIFICAR",N101) -> 249.88 | H101: 0 | I101: =IF(OR(E101=0,G101=0),"SEM VALOR","COM VALOR") -> COM VALOR | L101: 254.52 | M101: 0 | N101: 249.88 | O101: 0
A102: Alvenarias Diversas | B102: 101160 | C102: ALVENARIA DE VEDAÇÃO DE BLOCO DE SOLO-CIMENTO (TIJOLO ECOLÓGICO) DE 7X15X30CM (ESPESSURA 15CM). AF_05/2020 | D102: M2 | E102: =IF(L102=0,"VERIFICAR",L102) -> VERIFICAR | G102: =IF(N102=0,"VERIFICAR",N102) -> VERIFICAR | I102: =IF(OR(E102=0,G102=0),"SEM VALOR","COM VALOR") -> COM VALOR | L102: 0 | N102: 0
A103: Alvenarias Diversas | B103: 101159 | C103: ALVENARIA DE VEDAÇÃO DE BLOCOS CERÂMICOS MACIÇOS DE 5X10X20CM (ESPESSURA 10CM) E ARGAMASSA DE ASSENTAMENTO COM PREPARO EM BETONEIRA. AF_05/2020 | D103: M2 | E103: =IF(L103=0,"VERIFICAR",L103) -> 142.81 | F103: 0 | G103: =IF(N103=0,"VERIFICAR",N103) -> 138.27 | H103: 0 | I103: =IF(OR(E103=0,G103=0),"SEM VALOR","COM VALOR") -> COM VALOR | L103: 142.81 | M103: 0 | N103: 138.27 | O103: 0
A104: Alvenarias Diversas | B104: 101154 | C104: ALVENARIA DE VEDAÇÃO DE BLOCOS DE CONCRETO CELULAR DE 10X30X60CM (ESPESSURA 10CM) E ARGAMASSA DE ASSENTAMENTO COM PREPARO EM BETONEIRA. AF_05/2020 | D104: M2 | E104: =IF(L104=0,"VERIFICAR",L104) -> 149.28 | F104: 0.71 | G104: =IF(N104=0,"VERIFICAR",N104) -> 147.37 | H104: 0.72 | I104: =IF(OR(E104=0,G104=0),"SEM VALOR","COM VALOR") -> COM VALOR | L104: 149.28 | M104: 0.71 | N104: 147.37 | O104: 0.72
A105: Alvenarias Diversas | B105: 101155 | C105: ALVENARIA DE VEDAÇÃO DE BLOCOS DE CONCRETO CELULAR DE 15X30X60CM (ESPESSURA 15CM) E ARGAMASSA DE ASSENTAMENTO COM PREPARO EM BETONEIRA. AF_05/2020 | D105: M2 | E105: =IF(L105=0,"VERIFICAR",L105) -> 210.68 | F105: 0.74 | G105: =IF(N105=0,"VERIFICAR",N105) -> 208.16 | H105: 0.75 | I105: =IF(OR(E105=0,G105=0),"SEM VALOR","COM VALOR") -> COM VALOR | L105: 210.68 | M105: 0.74 | N105: 208.16 | O105: 0.75
A106: Alvenarias Diversas | B106: 101156 | C106: ALVENARIA DE VEDAÇÃO DE BLOCOS DE CONCRETO CELULAR DE 20X30X60CM (ESPESSURA 20CM) E ARGAMASSA DE ASSENTAMENTO COM PREPARO EM BETONEIRA. AF_05/2020 | D106: M2 | E106: =IF(L106=0,"VERIFICAR",L106) -> 310.68 | F106: 0.77 | G106: =IF(N106=0,"VERIFICAR",N106) -> 307.26 | H106: 0.78 | I106: =IF(OR(E106=0,G106=0),"SEM VALOR","COM VALOR") -> COM VALOR | L106: 310.68 | M106: 0.77 | N106: 307.26 | O106: 0.78
A107: Alvenarias Diversas | B107: 101158 | C107: ALVENARIA DE VEDAÇÃO DE BLOCOS DE GESSO DE 10X50X66CM (ESPESSURA 10CM). AF_05/2020 | D107: M2 | E107: =IF(L107=0,"VERIFICAR",L107) -> 82.84 | F107: 0 | G107: =IF(N107=0,"VERIFICAR",N107) -> 81.58 | H107: 0 | I107: =IF(OR(E107=0,G107=0),"SEM VALOR","COM VALOR") -> COM VALOR | L107: 82.84 | M107: 0 | N107: 81.58 | O107: 0
A108: Alvenarias Diversas | B108: 101157 | C108: ALVENARIA DE VEDAÇÃO DE BLOCOS DE GESSO DE 7X50X66CM (ESPESSURA 7CM). AF_05/2020 | D108: M2 | E108: =IF(L108=0,"VERIFICAR",L108) -> 63.47 | F108: 0 | G108: =IF(N108=0,"VERIFICAR",N108) -> 62.39 | H108: 0 | I108: =IF(OR(E108=0,G108=0),"SEM VALOR","COM VALOR") -> COM VALOR | L108: 63.47 | M108: 0 | N108: 62.39 | O108: 0
A109: Argamassas | B109: 87382 | C109: ARGAMASSA INDUSTRIALIZADA MULTIUSO PARA REVESTIMENTOS E ASSENTAMENTO DA ALVENARIA, PREPARO COM MISTURADOR DE EIXO HORIZONTAL DE 160 KG. AF_08/2019 | D109: M3 | E109: =IF(L109=0,"VERIFICAR",L109) -> 2135.89 | F109: 0 | G109: =IF(N109=0,"VERIFICAR",N109) -> 2128.45 | H109: 0 | I109: =IF(OR(E109=0,G109=0),"SEM VALOR","COM VALOR") -> COM VALOR | L109: 2135.89 | M109: 0 | N109: 2128.45 | O109: 0
A110: Argamassas | B110: 87383 | C110: ARGAMASSA INDUSTRIALIZADA MULTIUSO PARA REVESTIMENTOS E ASSENTAMENTO DA ALVENARIA, PREPARO COM MISTURADOR DE EIXO HORIZONTAL DE 300 KG. AF_08/2019 | D110: M3 | E110: =IF(L110=0,"VERIFICAR",L110) -> 2129.49 | F110: 0 | G110: =IF(N110=0,"VERIFICAR",N110) -> 2123.65 | H110: 0 | I110: =IF(OR(E110=0,G110=0),"SEM VALOR","COM VALOR") -> COM VALOR | L110: 2129.49 | M110: 0 | N110: 2123.65 | O110: 0
A111: Argamassas | B111: 87384 | C111: ARGAMASSA INDUSTRIALIZADA MULTIUSO PARA REVESTIMENTOS E ASSENTAMENTO DA ALVENARIA, PREPARO COM MISTURADOR DE EIXO HORIZONTAL DE 600 KG. AF_08/2019 | D111: M3 | E111: =IF(L111=0,"VERIFICAR",L111) -> 2116.47 | F111: 0 | G111: =IF(N111=0,"VERIFICAR",N111) -> 2112.27 | H111: 0 | I111: =IF(OR(E111=0,G111=0),"SEM VALOR","COM VALOR") -> COM VALOR | L111: 2116.47 | M111: 0 | N111: 2112.27 | O111: 0
A112: Argamassas | B112: 87398 | C112: ARGAMASSA INDUSTRIALIZADA MULTIUSO PARA REVESTIMENTOS E ASSENTAMENTO DA ALVENARIA, PREPARO MANUAL. AF_08/2019 | D112: M3 | E112: =IF(L112=0,"VERIFICAR",L112) -> 2346.64 | F112: 0 | G112: =IF(N112=0,"VERIFICAR",N112) -> 2331.41 | H112: 0 | I112: =IF(OR(E112=0,G112=0),"SEM VALOR","COM VALOR") -> COM VALOR | L112: 2346.64 | M112: 0 | N112: 2331.41 | O112: 0
A113: Argamassas | B113: 87395 | C113: ARGAMASSA INDUSTRIALIZADA PARA CHAPISCO COLANTE, PREPARO COM MISTURADOR DE EIXO HORIZONTAL DE 160 KG. AF_08/2019 | D113: M3 | E113: =IF(L113=0,"VERIFICAR",L113) -> 4158.69 | F113: 0 | G113: =IF(N113=0,"VERIFICAR",N113) -> 4148.97 | H113: 0 | I113: =IF(OR(E113=0,G113=0),"SEM VALOR","COM VALOR") -> COM VALOR | L113: 4158.69 | M113: 0 | N113: 4148.97 | O113: 0
A114: Argamassas | B114: 87396 | C114: ARGAMASSA INDUSTRIALIZADA PARA CHAPISCO COLANTE, PREPARO COM MISTURADOR DE EIXO HORIZONTAL DE 300 KG. AF_08/2019 | D114: M3 | E114: =IF(L114=0,"VERIFICAR",L114) -> 4181.85 | F114: 0 | G114: =IF(N114=0,"VERIFICAR",N114) -> 4173.97 | H114: 0 | I114: =IF(OR(E114=0,G114=0),"SEM VALOR","COM VALOR") -> COM VALOR | L114: 4181.85 | M114: 0 | N114: 4173.97 | O114: 0
... A132: Argamassas | B132: 88627 | C132: ARGAMASSA TRAÇO 1:0,5:4,5 (EM VOLUME DE CIMENTO, CAL E AREIA MÉDIA ÚMIDA) PARA ASSENTAMENTO DE ALVENARIA, PREPARO MANUAL. AF_08/2019 | D132: M3 | E132: =IF(L132=0,"VERIFICAR",L132) -> 666.45 | F132: 0 | G132: =IF(N132=0,"VERIFICAR",N132) -> 655.82 | H132: 0 | I132: =IF(OR(E132=0,G132=0),"SEM VALOR","COM VALOR") -> COM VALOR | L132: 666.45 | M132: 0 | N132: 655.82 | O132: 0
A133: Argamassas | B133: 100463 | C133: ARGAMASSA TRAÇO 1:0,5:4,5 (EM VOLUME DE CIMENTO, CAL E AREIA MÉDIA ÚMIDA), PREPARO MECÂNICO COM BETONEIRA 250 L. AF_08/2019 | D133: M3 | E133: =IF(L133=0,"VERIFICAR",L133) -> VERIFICAR | G133: =IF(N133=0,"VERIFICAR",N133) -> VERIFICAR | I133: =IF(OR(E133=0,G133=0),"SEM VALOR","COM VALOR") -> COM VALOR | L133: 0 | N133: 0
A134: Argamassas | B134: 88626 | C134: ARGAMASSA TRAÇO 1:0,5:4,5 (EM VOLUME DE CIMENTO, CAL E AREIA MÉDIA ÚMIDA), PREPARO MECÂNICO COM BETONEIRA 400 L. AF_08/2019 | D134: M3 | E134: =IF(L134=0,"VERIFICAR",L134) -> 576.84 | F134: 0 | G134: =IF(N134=0,"VERIFICAR",N134) -> 570.36 | H134: 0 | I134: =IF(OR(E134=0,G134=0),"SEM VALOR","COM VALOR") -> COM VALOR | L134: 576.84 | M134: 0 | N134: 570.36 | O134: 0
A135: Argamassas | B135: 100488 | C135: ARGAMASSA TRAÇO 1:0,5:4,5 (EM VOLUME DE CIMENTO, CAL E AREIA MÉDIA ÚMIDA), PREPARO MECÂNICO COM BETONEIRA 600 L. AF_08/2019 | D135: M3 | E135: =IF(L135=0,"VERIFICAR",L135) -> 561.26 | F135: 0 | G135: =IF(N135=0,"VERIFICAR",N135) -> 556.17 | H135: 0 | I135: =IF(OR(E135=0,G135=0),"SEM VALOR","COM VALOR") -> COM VALOR | L135: 561.26 | M135: 0 | N135: 556.17 | O135: 0
A136: Argamassas | B136: 100464 | C136: ARGAMASSA TRAÇO 1:0,5:4,5 (EM VOLUME DE CIMENTO, CAL E AREIA MÉDIA ÚMIDA), PREPARO MECÂNICO COM MISTURADOR DE EIXO HORIZONTAL DE 160 KG. AF_08/2019 | D136: M3 | E136: =IF(L136=0,"VERIFICAR",L136) -> 610.39 | F136: 0 | G136: =IF(N136=0,"VERIFICAR",N136) -> 601.5 | H136: 0 | I136: =IF(OR(E136=0,G136=0),"SEM VALOR","COM VALOR") -> COM VALOR | L136: 610.39 | M136: 0 | N136: 601.5 | O136: 0
A137: Argamassas | B137: 100465 | C137: ARGAMASSA TRAÇO 1:0,5:4,5 (EM VOLUME DE CIMENTO, CAL E AREIA MÉDIA ÚMIDA), PREPARO MECÂNICO COM MISTURADOR DE EIXO HORIZONTAL DE 300 KG. AF_08/2019 | D137: M3 | E137: =IF(L137=0,"VERIFICAR",L137) -> 562.12 | F137: 0 | G137: =IF(N137=0,"VERIFICAR",N137) -> 556.25 | H137: 0 | I137: =IF(OR(E137=0,G137=0),"SEM VALOR","COM VALOR") -> COM VALOR | L137: 562.12 | M137: 0 | N137: 556.25 | O137: 0
A138: Argamassas | B138: 100466 | C138: ARGAMASSA TRAÇO 1:0,5:4,5 (EM VOLUME DE CIMENTO, CAL E AREIA MÉDIA ÚMIDA), PREPARO MECÂNICO COM MISTURADOR DE EIXO HORIZONTAL DE 600 KG. AF_08/2019 | D138: M3 | E138: =IF(L138=0,"VERIFICAR",L138) -> 535.54 | F138: 0 | G138: =IF(N138=0,"VERIFICAR",N138) -> 531.42 | H138: 0 | I138: =IF(OR(E138=0,G138=0),"SEM VALOR","COM VALOR") -> COM VALOR | L138: 535.54 | M138: 0 | N138: 531.42 | O138: 0
A139: Argamassas | B139: 87368 | C139: ARGAMASSA TRAÇO 1:1,5:7,5 (EM VOLUME DE CIMENTO, CAL E AREIA MÉDIA ÚMIDA) PARA EMBOÇO/MASSA ÚNICA/ASSENTAMENTO DE ALVENARIA DE VEDAÇÃO, PREPARO MANUAL. AF_08/2019 | D139: M3 | E139: =IF(L139=0,"VERIFICAR",L139) -> 700.09 | F139: 0 | G139: =IF(N139=0,"VERIFICAR",N139) -> 686.39 | H139: 0 | I139: =IF(OR(E139=0,G139=0),"SEM VALOR","COM VALOR") -> COM VALOR | L139: 700.09 | M139: 0 | N139: 686.39 | O139: 0
A140: Argamassas | B140: 100450 | C140: ARGAMASSA TRAÇO 1:1,5:7,5 (EM VOLUME DE CIMENTO, CAL E AREIA MÉDIA ÚMIDA) PARA EMBOÇO/MASSA ÚNICA/ASSENTAMENTO DE ALVENARIA DE VEDAÇÃO, PREPARO MECÂNICO COM BETONEIRA 250 L. AF_08/2019 | D140: M3 | E140: =IF(L140=0,"VERIFICAR",L140) -> VERIFICAR | G140: =IF(N140=0,"VERIFICAR",N140) -> VERIFICAR | I140: =IF(OR(E140=0,G140=0),"SEM VALOR","COM VALOR") -> COM VALOR | L140: 0 | N140: 0
A141: Argamassas | B141: 87289 | C141: ARGAMASSA TRAÇO 1:1,5:7,5 (EM VOLUME DE CIMENTO, CAL E AREIA MÉDIA ÚMIDA) PARA EMBOÇO/MASSA ÚNICA/ASSENTAMENTO DE ALVENARIA DE VEDAÇÃO, PREPARO MECÂNICO COM BETONEIRA 400 L. AF_08/2019 | D141: M3 | E141: =IF(L141=0,"VERIFICAR",L141) -> 588.48 | F141: 0 | G141: =IF(N141=0,"VERIFICAR",N141) -> 580.35 | H141: 0 | I141: =IF(OR(E141=0,G141=0),"SEM VALOR","COM VALOR") -> COM VALOR | L141: 588.48 | M141: 0 | N141: 580.35 | O141: 0
A142: Argamassas | B142: 87290 | C142: ARGAMASSA TRAÇO 1:1,5:7,5 (EM VOLUME DE CIMENTO, CAL E AREIA MÉDIA ÚMIDA) PARA EMBOÇO/MASSA ÚNICA/ASSENTAMENTO DE ALVENARIA DE VEDAÇÃO, PREPARO MECÂNICO COM BETONEIRA 600 L. AF_08/2019 | D142: M3 | E142: =IF(L142=0,"VERIFICAR",L142) -> 571.85 | F142: 0 | G142: =IF(N142=0,"VERIFICAR",N142) -> 565.22 | H142: 0 | I142: =IF(OR(E142=0,G142=0),"SEM VALOR","COM VALOR") -> COM VALOR | L142: 571.85 | M142: 0 | N142: 565.22 | O142: 0
A143: Argamassas | B143: 87333 | C143: ARGAMASSA TRAÇO 1:1,5:7,5 (EM VOLUME DE CIMENTO, CAL E AREIA MÉDIA ÚMIDA) PARA EMBOÇO/MASSA ÚNICA/ASSENTAMENTO DE ALVENARIA DE VEDAÇÃO, PREPARO MECÂNICO COM MISTURADOR DE EIXO HORIZONTAL DE 300 KG. AF_08/2019 | D143: M3 | E143: =IF(L143=0,"VERIFICAR",L143) -> 595.9 | F143: 0 | G143: =IF(N143=0,"VERIFICAR",N143) -> 586.95 | H143: 0 | I143: =IF(OR(E143=0,G143=0),"SEM VALOR","COM VALOR") -> COM VALOR | L143: 595.9 | M143: 0 | N143: 586.95 | O143: 0
A144: Argamassas | B144: 87334 | C144: ARGAMASSA TRAÇO 1:1,5:7,5 (EM VOLUME DE CIMENTO, CAL E AREIA MÉDIA ÚMIDA) PARA EMBOÇO/MASSA ÚNICA/ASSENTAMENTO DE ALVENARIA DE VEDAÇÃO, PREPARO MECÂNICO COM MISTURADOR DE EIXO HORIZONTAL DE 600 KG. AF_08/2019 | D144: M3 | E144: =IF(L144=0,"VERIFICAR",L144) -> 546.46 | F144: 0 | G144: =IF(N144=0,"VERIFICAR",N144) -> 540.59 | H144: 0 | I144: =IF(OR(E144=0,G144=0),"SEM VALOR","COM VALOR") -> COM VALOR | L144: 546.46 | M144: 0 | N144: 540.59 | O144: 0
A145: Argamassas | B145: 105515 | C145: ARGAMASSA TRAÇO 1:1,93 (EM VOLUME DE CIMENTO E AREIA MÉDIA ÚMIDA), FCK 20MPA, PREPARO MECÂNICO COM MISTURADOR DUPLO HORIZONTAL DE ALTA TURBULÊNCIA. AF_03/2020 | D145: M3 | E145: =IF(L145=0,"VERIFICAR",L145) -> 863.55 | F145: 0 | G145: =IF(N145=0,"VERIFICAR",N145) -> 852.3 | H145: 0 | I145: =IF(OR(E145=0,G145=0),"SEM VALOR","COM VALOR") -> COM VALOR | L145: 863.55 | M145: 0 | N145: 852.3 | O145: 0
A146: Argamassas | B146: 87367 | C146: ARGAMASSA TRAÇO 1:1:6 (EM VOLUME DE CIMENTO, CAL E AREIA MÉDIA ÚMIDA) PARA EMBOÇO/MASSA ÚNICA/ASSENTAMENTO DE ALVENARIA DE VEDAÇÃO, PREPARO MANUAL. AF_08/2019 | D146: M3 | E146: =IF(L146=0,"VERIFICAR",L146) -> 713.59 | F146: 0 | G146: =IF(N146=0,"VERIFICAR",N146) -> 700 | H146: 0 | I146: =IF(OR(E146=0,G146=0),"SEM VALOR","COM VALOR") -> COM VALOR | L146: 713.59 | M146: 0 | N146: 700 | O146: 0
A147: Argamassas | B147: 100449 | C147: ARGAMASSA TRAÇO 1:1:6 (EM VOLUME DE CIMENTO, CAL E AREIA MÉDIA ÚMIDA) PARA EMBOÇO/MASSA ÚNICA/ASSENTAMENTO DE ALVENARIA DE VEDAÇÃO, PREPARO MECÂNICO COM BETONEIRA 250 L. AF_08/2019 | D147: M3 | E147: =IF(L147=0,"VERIFICAR",L147) -> VERIFICAR | G147: =IF(N147=0,"VERIFICAR",N147) -> VERIFICAR | I147: =IF(OR(E147=0,G147=0),"SEM VALOR","COM VALOR") -> COM VALOR | L147: 0 | N147: 0
A148: Argamassas | B148: 87286 | C148: ARGAMASSA TRAÇO 1:1:6 (EM VOLUME DE CIMENTO, CAL E AREIA MÉDIA ÚMIDA) PARA EMBOÇO/MASSA ÚNICA/ASSENTAMENTO DE ALVENARIA DE VEDAÇÃO, PREPARO MECÂNICO COM BETONEIRA 400 L. AF_08/2019 | D148: M3 | E148: =IF(L148=0,"VERIFICAR",L148) -> 607.99 | F148: 0 | G148: =IF(N148=0,"VERIFICAR",N148) -> 599.37 | H148: 0 | I148: =IF(OR(E148=0,G148=0),"SEM VALOR","COM VALOR") -> COM VALOR | L148: 607.99 | M148: 0 | N148: 599.37 | O148: 0
A149: Argamassas | B149: 87287 | C149: ARGAMASSA TRAÇO 1:1:6 (EM VOLUME DE CIMENTO, CAL E AREIA MÉDIA ÚMIDA) PARA EMBOÇO/MASSA ÚNICA/ASSENTAMENTO DE ALVENARIA DE VEDAÇÃO, PREPARO MECÂNICO COM BETONEIRA 600 L. AF_08/2019 | D149: M3 | E149: =IF(L149=0,"VERIFICAR",L149) -> 579.4 | F149: 0 | G149: =IF(N149=0,"VERIFICAR",N149) -> 573.24 | H149: 0 | I149: =IF(OR(E149=0,G149=0),"SEM VALOR","COM VALOR") -> COM VALOR | L149: 579.4 | M149: 0 | N149: 573.24 | O149: 0
A150: Argamassas | B150: 87331 | C150: ARGAMASSA TRAÇO 1:1:6 (EM VOLUME DE CIMENTO, CAL E AREIA MÉDIA ÚMIDA) PARA EMBOÇO/MASSA ÚNICA/ASSENTAMENTO DE ALVENARIA DE VEDAÇÃO, PREPARO MECÂNICO COM MISTURADOR DE EIXO HORIZONTAL DE 300 KG. AF_08/2019 | D150: M3 | E150: =IF(L150=0,"VERIFICAR",L150) -> 635.93 | F150: 0 | G150: =IF(N150=0,"VERIFICAR",N150) -> 625.58 | H150: 0 | I150: =IF(OR(E150=0,G150=0),"SEM VALOR","COM VALOR") -> COM VALOR | L150: 635.93 | M150: 0 | N150: 625.58 | O150: 0
A151: Argamassas | B151: 87332 | C151: ARGAMASSA TRAÇO 1:1:6 (EM VOLUME DE CIMENTO, CAL E AREIA MÉDIA ÚMIDA) PARA EMBOÇO/MASSA ÚNICA/ASSENTAMENTO DE ALVENARIA DE VEDAÇÃO, PREPARO MECÂNICO COM MISTURADOR DE EIXO HORIZONTAL DE 600 KG. AF_08/2019 | D151: M3 | E151: =IF(L151=0,"VERIFICAR",L151) -> 556.55 | F151: 0 | G151: =IF(N151=0,"VERIFICAR",N151) -> 551.09 | H151: 0 | I151: =IF(OR(E151=0,G151=0),"SEM VALOR","COM VALOR") -> COM VALOR | L151: 556.55 | M151: 0 | N151: 551.09 | O151: 0
A152: Argamassas | B152: 87369 | C152: ARGAMASSA TRAÇO 1:2:8 (EM VOLUME DE CIMENTO, CAL E AREIA MÉDIA ÚMIDA) PARA EMBOÇO/MASSA ÚNICA/ASSENTAMENTO DE ALVENARIA DE VEDAÇÃO, PREPARO MANUAL. AF_08/2019 | D152: M3 | E152: =IF(L152=0,"VERIFICAR",L152) -> 723.24 | F152: 0 | G152: =IF(N152=0,"VERIFICAR",N152) -> 709.81 | H152: 0 | I152: =IF(OR(E152=0,G152=0),"SEM VALOR","COM VALOR") -> COM VALOR | L152: 723.24 | M152: 0 | N152: 709.81 | O152: 0
A153: Argamassas | B153: 100451 | C153: ARGAMASSA TRAÇO 1:2:8 (EM VOLUME DE CIMENTO, CAL E AREIA MÉDIA ÚMIDA) PARA EMBOÇO/MASSA ÚNICA/ASSENTAMENTO DE ALVENARIA DE VEDAÇÃO, PREPARO MECÂNICO COM BETONEIRA 250 L. AF_08/2019 | D153: M3 | E153: =IF(L153=0,"VERIFICAR",L153) -> VERIFICAR | G153: =IF(N153=0,"VERIFICAR",N153) -> VERIFICAR | I153: =IF(OR(E153=0,G153=0),"SEM VALOR","COM VALOR") -> COM VALOR | L153: 0 | N153: 0
A154: Argamassas | B154: 87292 | C154: ARGAMASSA TRAÇO 1:2:8 (EM VOLUME DE CIMENTO, CAL E AREIA MÉDIA ÚMIDA) PARA EMBOÇO/MASSA ÚNICA/ASSENTAMENTO DE ALVENARIA DE VEDAÇÃO, PREPARO MECÂNICO COM BETONEIRA 400 L. AF_08/2019 | D154: M3 | E154: =IF(L154=0,"VERIFICAR",L154) -> 606.66 | F154: 0 | G154: =IF(N154=0,"VERIFICAR",N154) -> 599.15 | H154: 0 | I154: =IF(OR(E154=0,G154=0),"SEM VALOR","COM VALOR") -> COM VALOR | L154: 606.66 | M154: 0 | N154: 599.15 | O154: 0
A155: Argamassas | B155: 87335 | C155: ARGAMASSA TRAÇO 1:2:8 (EM VOLUME DE CIMENTO, CAL E AREIA MÉDIA ÚMIDA) PARA EMBOÇO/MASSA ÚNICA/ASSENTAMENTO DE ALVENARIA DE VEDAÇÃO, PREPARO MECÂNICO COM MISTURADOR DE EIXO HORIZONTAL DE 300 KG. AF_08/2019 | D155: M3 | E155: =IF(L155=0,"VERIFICAR",L155) -> 586.28 | F155: 0 | G155: =IF(N155=0,"VERIFICAR",N155) -> 578 | H155: 0 | I155: =IF(OR(E155=0,G155=0),"SEM VALOR","COM VALOR") -> COM VALOR | L155: 586.28 | M155: 0 | N155: 578 | O155: 0
A156: Argamassas | B156: 87336 | C156: ARGAMASSA TRAÇO 1:2:8 (EM VOLUME DE CIMENTO, CAL E AREIA MÉDIA ÚMIDA) PARA EMBOÇO/MASSA ÚNICA/ASSENTAMENTO DE ALVENARIA DE VEDAÇÃO, PREPARO MECÂNICO COM MISTURADOR DE EIXO HORIZONTAL DE 600 KG. AF_08/2019 | D156: M3 | E156: =IF(L156=0,"VERIFICAR",L156) -> 570.42 | F156: 0 | G156: =IF(N156=0,"VERIFICAR",N156) -> 564.8 | H156: 0 | I156: =IF(OR(E156=0,G156=0),"SEM VALOR","COM VALOR") -> COM VALOR | L156: 570.42 | M156: 0 | N156: 564.8 | O156: 0
A157: Argamassas | B157: 87370 | C157: ARGAMASSA TRAÇO 1:2:9 (EM VOLUME DE CIMENTO, CAL E AREIA MÉDIA ÚMIDA) PARA EMBOÇO/MASSA ÚNICA/ASSENTAMENTO DE ALVENARIA DE VEDAÇÃO, PREPARO MANUAL. AF_08/2019 | D157: M3 | E157: =IF(L157=0,"VERIFICAR",L157) -> 692.84 | F157: 0 | G157: =IF(N157=0,"VERIFICAR",N157) -> 679.33 | H157: 0 | I157: =IF(OR(E157=0,G157=0),"SEM VALOR","COM VALOR") -> COM VALOR | L157: 692.84 | M157: 0 | N157: 679.33 | O157: 0
A158: Argamassas | B158: 100452 | C158: ARGAMASSA TRAÇO 1:2:9 (EM VOLUME DE CIMENTO, CAL E AREIA MÉDIA ÚMIDA) PARA EMBOÇO/MASSA ÚNICA/ASSENTAMENTO DE ALVENARIA DE VEDAÇÃO, PREPARO MECÂNICO COM BETONEIRA 250 L. AF_08/2019 | D158: M3 | E158: =IF(L158=0,"VERIFICAR",L158) -> VERIFICAR | G158: =IF(N158=0,"VERIFICAR",N158) -> VERIFICAR | I158: =IF(OR(E158=0,G158=0),"SEM VALOR","COM VALOR") -> COM VALOR | L158: 0 | N158: 0
A159: Argamassas | B159: 88715 | C159: ARGAMASSA TRAÇO 1:2:9 (EM VOLUME DE CIMENTO, CAL E AREIA MÉDIA ÚMIDA) PARA EMBOÇO/MASSA ÚNICA/ASSENTAMENTO DE ALVENARIA DE VEDAÇÃO, PREPARO MECÂNICO COM BETONEIRA 400 L. AF_08/2019 | D159: M3 | E159: =IF(L159=0,"VERIFICAR",L159) -> 568.12 | F159: 0 | G159: =IF(N159=0,"VERIFICAR",N159) -> 561 | H159: 0 | I159: =IF(OR(E159=0,G159=0),"SEM VALOR","COM VALOR") -> COM VALOR | L159: 568.12 | M159: 0 | N159: 561 | O159: 0
A160: Argamassas | B160: 87294 | C160: ARGAMASSA TRAÇO 1:2:9 (EM VOLUME DE CIMENTO, CAL E AREIA MÉDIA ÚMIDA) PARA EMBOÇO/MASSA ÚNICA/ASSENTAMENTO DE ALVENARIA DE VEDAÇÃO, PREPARO MECÂNICO COM BETONEIRA 600 L. AF_08/2019 | D160: M3 | E160: =IF(L160=0,"VERIFICAR",L160) -> 571.14 | F160: 0 | G160: =IF(N160=0,"VERIFICAR",N160) -> 564.09 | H160: 0 | I160: =IF(OR(E160=0,G160=0),"SEM VALOR","COM VALOR") -> COM VALOR | L160: 571.14 | M160: 0 | N160: 564.09 | O160: 0
A161: Argamassas | B161: 87337 | C161: ARGAMASSA TRAÇO 1:2:9 (EM VOLUME DE CIMENTO, CAL E AREIA MÉDIA ÚMIDA) PARA EMBOÇO/MASSA ÚNICA/ASSENTAMENTO DE ALVENARIA DE VEDAÇÃO, PREPARO MECÂNICO COM MISTURADOR DE EIXO HORIZONTAL DE 300 KG. AF_08/2019 | D161: M3 | E161: =IF(L161=0,"VERIFICAR",L161) -> 579.64 | F161: 0 | G161: =IF(N161=0,"VERIFICAR",N161) -> 571.49 | H161: 0 | I161: =IF(OR(E161=0,G161=0),"SEM VALOR","COM VALOR") -> COM VALOR | L161: 579.64 | M161: 0 | N161: 571.49 | O161: 0
A162: Argamassas | B162: 100487 | C162: ARGAMASSA TRAÇO 1:2:9 (EM VOLUME DE CIMENTO, CAL E AREIA MÉDIA ÚMIDA) PARA EMBOÇO/MASSA ÚNICA/ASSENTAMENTO DE ALVENARIA DE VEDAÇÃO, PREPARO MECÂNICO COM MISTURADOR DE EIXO HORIZONTAL DE 600 KG. AF_08/2019 | D162: M3 | E162: =IF(L162=0,"VERIFICAR",L162) -> 535.41 | F162: 0 | G162: =IF(N162=0,"VERIFICAR",N162) -> 530 | H162: 0 | I162: =IF(OR(E162=0,G162=0),"SEM VALOR","COM VALOR") -> COM VALOR | L162: 535.41 | M162: 0 | N162: 530 | O162: 0
A163: Argamassas | B163: 87380 | C163: ARGAMASSA TRAÇO 1:3 (EM VOLUME DE CIMENTO E AREIA GROSSA ÚMIDA) COM ADIÇÃO DE EMULSÃO POLIMÉRICA PARA CHAPISCO ROLADO, PREPARO MANUAL. AF_08/2019 | D163: M3 | E163: =IF(L163=0,"VERIFICAR",L163) -> 3013.37 | F163: 0.83 | G163: =IF(N163=0,"VERIFICAR",N163) -> 3000.21 | H163: 0.84 | I163: =IF(OR(E163=0,G163=0),"SEM VALOR","COM VALOR") -> COM VALOR | L163: 3013.37 | M163: 0.81 | N163: 3000.21 | O163: 0.8125
A164: Argamassas | B164: 100461 | C164: ARGAMASSA TRAÇO 1:3 (EM VOLUME DE CIMENTO E AREIA GROSSA ÚMIDA) COM ADIÇÃO DE EMULSÃO POLIMÉRICA PARA CHAPISCO ROLADO, PREPARO MECÂNICO COM BETONEIRA 250 L. AF_08/2019 | D164: M3 | E164: =IF(L164=0,"VERIFICAR",L164) -> VERIFICAR | G164: =IF(N164=0,"VERIFICAR",N164) -> VERIFICAR | I164: =IF(OR(E164=0,G164=0),"SEM VALOR","COM VALOR") -> COM VALOR | L164: 0 | N164: 0
A165: Argamassas | B165: 87322 | C165: ARGAMASSA TRAÇO 1:3 (EM VOLUME DE CIMENTO E AREIA GROSSA ÚMIDA) COM ADIÇÃO DE EMULSÃO POLIMÉRICA PARA CHAPISCO ROLADO, PREPARO MECÂNICO COM BETONEIRA 400 L. AF_08/2019 | D165: M3 | E165: =IF(L165=0,"VERIFICAR",L165) -> 2924.44 | F165: 0.86 | G165: =IF(N165=0,"VERIFICAR",N165) -> 2916.82 | H165: 0.86 | I165: =IF(OR(E165=0,G165=0),"SEM VALOR","COM VALOR") -> COM VALOR | L165: 2924.44 | M165: 0.84 | N165: 2916.82 | O165: 0.84
A166: Argamassas | B166: 87323 | C166: ARGAMASSA TRAÇO 1:3 (EM VOLUME DE CIMENTO E AREIA GROSSA ÚMIDA) COM ADIÇÃO DE EMULSÃO POLIMÉRICA PARA CHAPISCO ROLADO, PREPARO MECÂNICO COM BETONEIRA 600 L. AF_08/2019 | D166: M3 | E166: =IF(L166=0,"VERIFICAR",L166) -> 2911.6 | F166: 0.87 | G166: =IF(N166=0,"VERIFICAR",N166) -> 2905.86 | H166: 0.87 | I166: =IF(OR(E166=0,G166=0),"SEM VALOR","COM VALOR") -> COM VALOR | L166: 2911.6 | M166: 0.85 | N166: 2905.86 | O166: 0.85
A167: Argamassas | B167: 87360 | C167: ARGAMASSA TRAÇO 1:3 (EM VOLUME DE CIMENTO E AREIA GROSSA ÚMIDA) COM ADIÇÃO DE EMULSÃO POLIMÉRICA PARA CHAPISCO ROLADO, PREPARO MECÂNICO COM MISTURADOR DE EIXO HORIZONTAL DE 160 KG. AF_08/2019 | D167: M3 | E167: =IF(L167=0,"VERIFICAR",L167) -> 2916.51 | F167: 0.84 | G167: =IF(N167=0,"VERIFICAR",N167) -> 2905 | H167: 0.85 | I167: =IF(OR(E167=0,G167=0),"SEM VALOR","COM VALOR") -> COM VALOR | L167: 2916.51 | M167: 0.82 | N167: 2905 | O167: 0.82
...

Sheet SINAPI INSUMO ONER DESO SEM ENC
A1: SINAPI - Sistema Nacional de Pesquisa de Custos e Índices da Construção Civil
A2: RELATÓRIO DE PREÇOS DE INSUMOS -
A3: Mês de Referência: | B3: 03/2026 | E3: Encargos sociais sobre a mão de obra: | F3: ENC. SOCIAL SEM DESONERACAO | G3: ENC. SOCIAL COM DESONERACAO | H3: SEM ENCARGOS | L3: ENC. SOCIAL SEM DESONERACAO | M3: ENC. SOCIAL COM DESONERACAO | N3: SEM ENCARGOS
A4: Data de emissão: | B4: 10/04/2026 | F4: MS | G4: MS | L4: MS | M4: MS
E5: Localidade | F5: CAMPO GRANDE | G5: CAMPO GRANDE | L5: CAMPO GRANDE | M5: CAMPO GRANDE
A6: Origem de preço: | B6: C = COLETADO | C6: CR = COEFICIENTE DE REPRESENTATIVIDADE | E6: Horista | F6: 1.1571 | G6: 0.9956 | L6: 1.1571 | M6: 0.9956
E7: Mensalista | F7: 0.7157 | G7: 0.5874 | L7: 0.7157 | M7: 0.5874
A9: Acessar Fichas de Especificação Técnico dos Insumos | E9: Preços Medianos (R$):
A10: Classificação | B10: Código do Insumo | C10: Descrição do Insumo | D10: Unidade | E10: Origem de Preço | F10: MS | G10: MS | H10: MS | I10: SITUAÇÃO | L10: MS | M10: MS | N10: MS
A11: SERVIÇOS | B11: 45333 | C11: ABERTURA PARA ENCAIXE DE CUBA OU LAVATORIO EM BANCADA DE MARMORE/ GRANITO OU OUTRO TIPO DE PEDRA NATURAL | D11: UN | E11: CR | F11: =IF(L11=0,"VERIFICAR",L11) -> 190.13 | G11: =IF(M11=0,"VERIFICAR",M11) -> 190.13 | H11: =IF(N11=0,"VERIFICAR",N11) -> 190.13 | I11: =IF(OR(L11=0,M11=0,N11=0),"SEM VALOR","COM VALOR") -> COM VALOR | L11: 190.13 | M11: 190.13 | N11: 190.13
A12: MATERIAL | B12: 11270 | C12: ABRACADEIRA DE LATAO PARA FIXACAO DE CABO PARA-RAIO, DIMENSOES 32 X 24 X 24 MM | D12: UN | E12: CR | F12: =IF(L12=0,"VERIFICAR",L12) -> 3 | G12: =IF(M12=0,"VERIFICAR",M12) -> 3 | H12: =IF(N12=0,"VERIFICAR",N12) -> 3 | I12: =IF(OR(L12=0,M12=0,N12=0),"SEM VALOR","COM VALOR") -> COM VALOR | L12: 3 | M12: 3 | N12: 3
A13: MATERIAL | B13: 412 | C13: ABRACADEIRA DE NYLON PARA AMARRACAO DE CABOS, COMPRIMENTO DE *230* X *7,6* MM | D13: UN | E13: CR | F13: =IF(L13=0,"VERIFICAR",L13) -> 1.54 | G13: =IF(M13=0,"VERIFICAR",M13) -> 1.54 | H13: =IF(N13=0,"VERIFICAR",N13) -> 1.54 | I13: =IF(OR(L13=0,M13=0,N13=0),"SEM VALOR","COM VALOR") -> COM VALOR | L13: 1.54 | M13: 1.54 | N13: 1.54
A14: MATERIAL | B14: 414 | C14: ABRACADEIRA DE NYLON PARA AMARRACAO DE CABOS, COMPRIMENTO DE 100 X 2,5 MM | D14: UN | E14: CR | F14: =IF(L14=0,"VERIFICAR",L14) -> 0.09 | G14: =IF(M14=0,"VERIFICAR",M14) -> 0.09 | H14: =IF(N14=0,"VERIFICAR",N14) -> 0.09 | I14: =IF(OR(L14=0,M14=0,N14=0),"SEM VALOR","COM VALOR") -> COM VALOR | L14: 0.09 | M14: 0.09 | N14: 0.09
A15: MATERIAL | B15: 410 | C15: ABRACADEIRA DE NYLON PARA AMARRACAO DE CABOS, COMPRIMENTO DE 150 X *3,6* MM | D15: UN | E15: CR | F15: =IF(L15=0,"VERIFICAR",L15) -> 0.23 | G15: =IF(M15=0,"VERIFICAR",M15) -> 0.23 | H15: =IF(N15=0,"VERIFICAR",N15) -> 0.23 | I15: =IF(OR(L15=0,M15=0,N15=0),"SEM VALOR","COM VALOR") -> COM VALOR | L15: 0.23 | M15: 0.23 | N15: 0.23
A16: MATERIAL | B16: 411 | C16: ABRACADEIRA DE NYLON PARA AMARRACAO DE CABOS, COMPRIMENTO DE 200 X *4,6* MM | D16: UN | E16: C | F16: =IF(L16=0,"VERIFICAR",L16) -> 0.3 | G16: =IF(M16=0,"VERIFICAR",M16) -> 0.3 | H16: =IF(N16=0,"VERIFICAR",N16) -> 0.3 | I16: =IF(OR(L16=0,M16=0,N16=0),"SEM VALOR","COM VALOR") -> COM VALOR | L16: 0.3 | M16: 0.3 | N16: 0.3
A17: MATERIAL | B17: 408 | C17: ABRACADEIRA DE NYLON PARA AMARRACAO DE CABOS, COMPRIMENTO DE 390 X *4,6* MM | D17: UN | E17: CR | F17: =IF(L17=0,"VERIFICAR",L17) -> 1.48 | G17: =IF(M17=0,"VERIFICAR",M17) -> 1.48 | H17: =IF(N17=0,"VERIFICAR",N17) -> 1.48 | I17: =IF(OR(L17=0,M17=0,N17=0),"SEM VALOR","COM VALOR") -> COM VALOR | L17: 1.48 | M17: 1.48 | N17: 1.48
A18: MATERIAL | B18: 39131 | C18: ABRACADEIRA EM ACO PARA AMARRACAO DE ELETRODUTOS, TIPO D, COM 1 1/2" E CUNHA DE FIXACAO | D18: UN | E18: CR | F18: =IF(L18=0,"VERIFICAR",L18) -> 6.63 | G18: =IF(M18=0,"VERIFICAR",M18) -> 6.63 | H18: =IF(N18=0,"VERIFICAR",N18) -> 6.63 | I18: =IF(OR(L18=0,M18=0,N18=0),"SEM VALOR","COM VALOR") -> COM VALOR | L18: 6.63 | M18: 6.63 | N18: 6.63
A19: MATERIAL | B19: 394 | C19: ABRACADEIRA EM ACO PARA AMARRACAO DE ELETRODUTOS, TIPO D, COM 1 1/2" E PARAFUSO DE FIXACAO | D19: UN | E19: CR | F19: =IF(L19=0,"VERIFICAR",L19) -> 6.72 | G19: =IF(M19=0,"VERIFICAR",M19) -> 6.72 | H19: =IF(N19=0,"VERIFICAR",N19) -> 6.72 | I19: =IF(OR(L19=0,M19=0,N19=0),"SEM VALOR","COM VALOR") -> COM VALOR | L19: 6.72 | M19: 6.72 | N19: 6.72
A20: MATERIAL | B20: 39130 | C20: ABRACADEIRA EM ACO PARA AMARRACAO DE ELETRODUTOS, TIPO D, COM 1 1/4" E CUNHA DE FIXACAO | D20: UN | E20: CR | F20: =IF(L20=0,"VERIFICAR",L20) -> 6.05 | G20: =IF(M20=0,"VERIFICAR",M20) -> 6.05 | H20: =IF(N20=0,"VERIFICAR",N20) -> 6.05 | I20: =IF(OR(L20=0,M20=0,N20=0),"SEM VALOR","COM VALOR") -> COM VALOR | L20: 6.05 | M20: 6.05 | N20: 6.05
A21: MATERIAL | B21: 395 | C21: ABRACADEIRA EM ACO PARA AMARRACAO DE ELETRODUTOS, TIPO D, COM 1 1/4" E PARAFUSO DE FIXACAO | D21: UN | E21: CR | F21: =IF(L21=0,"VERIFICAR",L21) -> 6.47 | G21: =IF(M21=0,"VERIFICAR",M21) -> 6.47 | H21: =IF(N21=0,"VERIFICAR",N21) -> 6.47 | I21: =IF(OR(L21=0,M21=0,N21=0),"SEM VALOR","COM VALOR") -> COM VALOR | L21: 6.47 | M21: 6.47 | N21: 6.47
A22: MATERIAL | B22: 39129 | C22: ABRACADEIRA EM ACO PARA AMARRACAO DE ELETRODUTOS, TIPO D, COM 1" E CUNHA DE FIXACAO | D22: UN | E22: CR | F22: =IF(L22=0,"VERIFICAR",L22) -> 3.73 | G22: =IF(M22=0,"VERIFICAR",M22) -> 3.73 | H22: =IF(N22=0,"VERIFICAR",N22) -> 3.73 | I22: =IF(OR(L22=0,M22=0,N22=0),"SEM VALOR","COM VALOR") -> COM VALOR | L22: 3.73 | M22: 3.73 | N22: 3.73
... A54: MATERIAL | B54: 36246 | C54: ACABAMENTO SIMPLES/CONVENCIONAL PARA FORRO PVC, TIPO "U" OU "C", COR BRANCA, COMPRIMENTO 6 M | D54: M | E54: CR | F54: =IF(L54=0,"VERIFICAR",L54) -> 5.24 | G54: =IF(M54=0,"VERIFICAR",M54) -> 5.24 | H54: =IF(N54=0,"VERIFICAR",N54) -> 5.24 | I54: =IF(OR(L54=0,M54=0,N54=0),"SEM VALOR","COM VALOR") -> COM VALOR | L54: 5.24 | M54: 5.24 | N54: 5.24
A55: MATERIAL | B55: 37600 | C55: ACESSORIO DE LIGACAO NAO ELETRICO PARA CARGAS EXPLOSIVAS, TUBO DE 6 M | D55: UN | E55: CR | F55: =IF(L55=0,"VERIFICAR",L55) -> VERIFICAR | G55: =IF(M55=0,"VERIFICAR",M55) -> VERIFICAR | H55: =IF(N55=0,"VERIFICAR",N55) -> VERIFICAR | I55: =IF(OR(L55=0,M55=0,N55=0),"SEM VALOR","COM VALOR") -> SEM VALOR
A56: MATERIAL | B56: 37599 | C56: ACESSORIO INICIADOR NAO ELETRICO, TUBO DE 6 M, TEMPO DE RETARDO DE *160* MS | D56: UN | E56: CR | F56: =IF(L56=0,"VERIFICAR",L56) -> VERIFICAR | G56: =IF(M56=0,"VERIFICAR",M56) -> VERIFICAR | H56: =IF(N56=0,"VERIFICAR",N56) -> VERIFICAR | I56: =IF(OR(L56=0,M56=0,N56=0),"SEM VALOR","COM VALOR") -> SEM VALOR
A57: MATERIAL | B57: 1 | C57: ACETILENO - RECARGA DE GAS PARA CILINDRO (NAO INCLUI TROCA/MANUTENCAO DO CILINDRO) | D57: KG | E57: C | F57: =IF(L57=0,"VERIFICAR",L57) -> 110 | G57: =IF(M57=0,"VERIFICAR",M57) -> 110 | H57: =IF(N57=0,"VERIFICAR",N57) -> 110 | I57: =IF(OR(L57=0,M57=0,N57=0),"SEM VALOR","COM VALOR") -> COM VALOR | L57: 110 | M57: 110 | N57: 110
A58: MATERIAL | B58: 3 | C58: ACIDO CLORIDRICO / ACIDO MURIATICO, DILUICAO 10% A 12% PARA USO EM LIMPEZA | D58: L | E58: CR | F58: =IF(L58=0,"VERIFICAR",L58) -> 13.44 | G58: =IF(M58=0,"VERIFICAR",M58) -> 13.44 | H58: =IF(N58=0,"VERIFICAR",N58) -> 13.44 | I58: =IF(OR(L58=0,M58=0,N58=0),"SEM VALOR","COM VALOR") -> COM VALOR | L58: 13.44 | M58: 13.44 | N58: 13.44
A59: MATERIAL | B59: 43054 | C59: ACO CA-25, 10,0 MM, OU 12,5 MM, OU 16,0 MM, OU 20,0 MM, OU 25,0 MM, VERGALHAO | D59: KG | E59: CR | F59: =IF(L59=0,"VERIFICAR",L59) -> 8.36 | G59: =IF(M59=0,"VERIFICAR",M59) -> 8.36 | H59: =IF(N59=0,"VERIFICAR",N59) -> 8.36 | I59: =IF(OR(L59=0,M59=0,N59=0),"SEM VALOR","COM VALOR") -> COM VALOR | L59: 8.36 | M59: 8.36 | N59: 8.36
A60: MATERIAL | B60: 42402 | C60: ACO CA-25, 16,0 MM, BARRA DE TRANSFERENCIA | D60: KG | E60: CR | F60: =IF(L60=0,"VERIFICAR",L60) -> 7.99 | G60: =IF(M60=0,"VERIFICAR",M60) -> 7.99 | H60: =IF(N60=0,"VERIFICAR",N60) -> 7.99 | I60: =IF(OR(L60=0,M60=0,N60=0),"SEM VALOR","COM VALOR") -> COM VALOR | L60: 7.99 | M60: 7.99 | N60: 7.99
A61: MATERIAL | B61: 42403 | C61: ACO CA-25, 20,0 MM, BARRA DE TRANSFERENCIA | D61: KG | E61: CR | F61: =IF(L61=0,"VERIFICAR",L61) -> 10.25 | G61: =IF(M61=0,"VERIFICAR",M61) -> 10.25 | H61: =IF(N61=0,"VERIFICAR",N61) -> 10.25 | I61: =IF(OR(L61=0,M61=0,N61=0),"SEM VALOR","COM VALOR") -> COM VALOR | L61: 10.25 | M61: 10.25 | N61: 10.25
A62: MATERIAL | B62: 42404 | C62: ACO CA-25, 25,0 MM, BARRA DE TRANSFERENCIA | D62: KG | E62: CR | F62: =IF(L62=0,"VERIFICAR",L62) -> 10.19 | G62: =IF(M62=0,"VERIFICAR",M62) -> 10.19 | H62: =IF(N62=0,"VERIFICAR",N62) -> 10.19 | I62: =IF(OR(L62=0,M62=0,N62=0),"SEM VALOR","COM VALOR") -> COM VALOR | L62: 10.19 | M62: 10.19 | N62: 10.19
A63: MATERIAL | B63: 42405 | C63: ACO CA-25, 32,0 MM, BARRA DE TRANSFERENCIA | D63: KG | E63: CR | F63: =IF(L63=0,"VERIFICAR",L63) -> 10.85 | G63: =IF(M63=0,"VERIFICAR",M63) -> 10.85 | H63: =IF(N63=0,"VERIFICAR",N63) -> 10.85 | I63: =IF(OR(L63=0,M63=0,N63=0),"SEM VALOR","COM VALOR") -> COM VALOR | L63: 10.85 | M63: 10.85 | N63: 10.85
A64: MATERIAL | B64: 34341 | C64: ACO CA-25, 32,0 MM, VERGALHAO | D64: KG | E64: CR | F64: =IF(L64=0,"VERIFICAR",L64) -> 9.42 | G64: =IF(M64=0,"VERIFICAR",M64) -> 9.42 | H64: =IF(N64=0,"VERIFICAR",N64) -> 9.42 | I64: =IF(OR(L64=0,M64=0,N64=0),"SEM VALOR","COM VALOR") -> COM VALOR | L64: 9.42 | M64: 9.42 | N64: 9.42
A65: MATERIAL | B65: 43053 | C65: ACO CA-25, 6,3 MM OU 8,0 MM, VERGALHAO | D65: KG | E65: CR | F65: =IF(L65=0,"VERIFICAR",L65) -> 7.47 | G65: =IF(M65=0,"VERIFICAR",M65) -> 7.47 | H65: =IF(N65=0,"VERIFICAR",N65) -> 7.47 | I65: =IF(OR(L65=0,M65=0,N65=0),"SEM VALOR","COM VALOR") -> COM VALOR | L65: 7.47 | M65: 7.47 | N65: 7.47
A66: MATERIAL | B66: 43058 | C66: ACO CA-50, 10,0 MM, OU 12,5 MM, OU 16,0 MM, OU 20,0 MM, DOBRADO E CORTADO | D66: KG | E66: CR | F66: =IF(L66=0,"VERIFICAR",L66) -> 7.74 | G66: =IF(M66=0,"VERIFICAR",M66) -> 7.74 | H66: =IF(N66=0,"VERIFICAR",N66) -> 7.74 | I66: =IF(OR(L66=0,M66=0,N66=0),"SEM VALOR","COM VALOR") -> COM VALOR | L66: 7.74 | M66: 7.74 | N66: 7.74
A67: MATERIAL | B67: 34 | C67: ACO CA-50, 10,0 MM, VERGALHAO | D67: KG | E67: CR | F67: =IF(L67=0,"VERIFICAR",L67) -> 7.78 | G67: =IF(M67=0,"VERIFICAR",M67) -> 7.78 | H67: =IF(N67=0,"VERIFICAR",N67) -> 7.78 | I67: =IF(OR(L67=0,M67=0,N67=0),"SEM VALOR","COM VALOR") -> COM VALOR | L67: 7.78 | M67: 7.78 | N67: 7.78
A68: MATERIAL | B68: 43055 | C68: ACO CA-50, 12,5 MM OU 16,0 MM, VERGALHAO | D68: KG | E68: C | F68: =IF(L68=0,"VERIFICAR",L68) -> 6.74 | G68: =IF(M68=0,"VERIFICAR",M68) -> 6.74 | H68: =IF(N68=0,"VERIFICAR",N68) -> 6.74 | I68: =IF(OR(L68=0,M68=0,N68=0),"SEM VALOR","COM VALOR") -> COM VALOR | L68: 6.74 | M68: 6.74 | N68: 6.74
... A77: MATERIAL | B77: 43060 | C77: ACO CA-60, 8,0 MM OU 9,5 MM, VERGALHAO | D77: KG | E77: CR | F77: =IF(L77=0,"VERIFICAR",L77) -> 6.41 | G77: =IF(M77=0,"VERIFICAR",M77) -> 6.41 | H77: =IF(N77=0,"VERIFICAR",N77) -> 6.41 | I77: =IF(OR(L77=0,M77=0,N77=0),"SEM VALOR","COM VALOR") -> COM VALOR | L77: 6.41 | M77: 6.41 | N77: 6.41
A78: MATERIAL | B78: 40410 | C78: ACOPLAMENTO RIGIDO EM FERRO FUNDIDO PARA SISTEMA DE TUBULACAO RANHURADA, DN 50 MM (2") | D78: UN | E78: C | F78: =IF(L78=0,"VERIFICAR",L78) -> VERIFICAR | G78: =IF(M78=0,"VERIFICAR",M78) -> VERIFICAR | H78: =IF(N78=0,"VERIFICAR",N78) -> VERIFICAR | I78: =IF(OR(L78=0,M78=0,N78=0),"SEM VALOR","COM VALOR") -> SEM VALOR
A79: MATERIAL | B79: 40411 | C79: ACOPLAMENTO RIGIDO EM FERRO FUNDIDO PARA SISTEMA DE TUBULACAO RANHURADA, DN 65 MM (2 1/2") | D79: UN | E79: CR | F79: =IF(L79=0,"VERIFICAR",L79) -> VERIFICAR | G79: =IF(M79=0,"VERIFICAR",M79) -> VERIFICAR | H79: =IF(N79=0,"VERIFICAR",N79) -> VERIFICAR | I79: =IF(OR(L79=0,M79=0,N79=0),"SEM VALOR","COM VALOR") -> SEM VALOR
A80: MATERIAL | B80: 40412 | C80: ACOPLAMENTO RIGIDO EM FERRO FUNDIDO PARA SISTEMA DE TUBULACAO RANHURADA, DN 80 MM (3") | D80: UN | E80: CR | F80: =IF(L80=0,"VERIFICAR",L80) -> VERIFICAR | G80: =IF(M80=0,"VERIFICAR",M80) -> VERIFICAR | H80: =IF(N80=0,"VERIFICAR",N80) -> VERIFICAR | I80: =IF(OR(L80=0,M80=0,N80=0),"SEM VALOR","COM VALOR") -> SEM VALOR
A81: MATERIAL | B81: 44254 | C81: ADAPTADOR CPVC, ROSCAVEL, COM FLANGES E ANEL DE VEDACAO, 15 MM, CAIXA D'AGUA PARA AGUA QUENTE | D81: UN | E81: CR | F81: =IF(L81=0,"VERIFICAR",L81) -> 32.53 | G81: =IF(M81=0,"VERIFICAR",M81) -> 32.53 | H81: =IF(N81=0,"VERIFICAR",N81) -> 32.53 | I81: =IF(OR(L81=0,M81=0,N81=0),"SEM VALOR","COM VALOR") -> COM VALOR | L81: 32.53 | M81: 32.53 | N81: 32.53
A82: MATERIAL | B82: 44255 | C82: ADAPTADOR CPVC, ROSCAVEL, COM FLANGES E ANEL DE VEDACAO, 22 MM, CAIXA D'AGUA PARA AGUA QUENTE | D82: UN | E82: CR | F82: =IF(L82=0,"VERIFICAR",L82) -> 36.05 | G82: =IF(M82=0,"VERIFICAR",M82) -> 36.05 | H82: =IF(N82=0,"VERIFICAR",N82) -> 36.05 | I82: =IF(OR(L82=0,M82=0,N82=0),"SEM VALOR","COM VALOR") -> COM VALOR | L82: 36.05 | M82: 36.05 | N82: 36.05
A83: MATERIAL | B83: 44256 | C83: ADAPTADOR CPVC, ROSCAVEL, COM FLANGES E ANEL DE VEDACAO, 28 MM, CAIXA D'AGUA PARA AGUA QUENTE | D83: UN | E83: CR | F83: =IF(L83=0,"VERIFICAR",L83) -> 40.72 | G83: =IF(M83=0,"VERIFICAR",M83) -> 40.72 | H83: =IF(N83=0,"VERIFICAR",N83) -> 40.72 | I83: =IF(OR(L83=0,M83=0,N83=0),"SEM VALOR","COM VALOR") -> COM VALOR | L83: 40.72 | M83: 40.72 | N83: 40.72
A84: MATERIAL | B84: 44257 | C84: ADAPTADOR CPVC, ROSCAVEL, COM FLANGES E ANEL DE VEDACAO, 35 MM, CAIXA D'AGUA PARA AGUA QUENTE | D84: UN | E84: CR | F84: =IF(L84=0,"VERIFICAR",L84) -> 64.42 | G84: =IF(M84=0,"VERIFICAR",M84) -> 64.42 | H84: =IF(N84=0,"VERIFICAR",N84) -> 64.42 | I84: =IF(OR(L84=0,M84=0,N84=0),"SEM VALOR","COM VALOR") -> COM VALOR | L84: 64.42 | M84: 64.42 | N84: 64.42
A85: MATERIAL | B85: 44258 | C85: ADAPTADOR CPVC, ROSCAVEL, COM FLANGES E ANEL DE VEDACAO, 42 MM, CAIXA D'AGUA PARA AGUA QUENTE | D85: UN | E85: CR | F85: =IF(L85=0,"VERIFICAR",L85) -> 73.63 | G85: =IF(M85=0,"VERIFICAR",M85) -> 73.63 | H85: =IF(N85=0,"VERIFICAR",N85) -> 73.63 | I85: =IF(OR(L85=0,M85=0,N85=0),"SEM VALOR","COM VALOR") -> COM VALOR | L85: 73.63 | M85: 73.63 | N85: 73.63
A86: MATERIAL | B86: 44259 | C86: ADAPTADOR CPVC, ROSCAVEL, COM FLANGES E ANEL DE VEDACAO, 54 MM, CAIXA D'AGUA PARA AGUA QUENTE | D86: UN | E86: CR | F86: =IF(L86=0,"VERIFICAR",L86) -> 101.06 | G86: =IF(M86=0,"VERIFICAR",M86) -> 101.06 | H86: =IF(N86=0,"VERIFICAR",N86) -> 101.06 | I86: =IF(OR(L86=0,M86=0,N86=0),"SEM VALOR","COM VALOR") -> COM VALOR | L86: 101.06 | M86: 101.06 | N86: 101.06
A87: MATERIAL | B87: 37997 | C87: ADAPTADOR CPVC, SOLDAVEL, 15 MM, PARA AGUA QUENTE | D87: UN | E87: CR | F87: =IF(L87=0,"VERIFICAR",L87) -> 19.38 | G87: =IF(M87=0,"VERIFICAR",M87) -> 19.38 | H87: =IF(N87=0,"VERIFICAR",N87) -> 19.38 | I87: =IF(OR(L87=0,M87=0,N87=0),"SEM VALOR","COM VALOR") -> COM VALOR | L87: 19.38 | M87: 19.38 | N87: 19.38
A88: MATERIAL | B88: 37998 | C88: ADAPTADOR CPVC, SOLDAVEL, 22 MM, PARA AGUA QUENTE | D88: UN | E88: CR | F88: =IF(L88=0,"VERIFICAR",L88) -> 25.94 | G88: =IF(M88=0,"VERIFICAR",M88) -> 25.94 | H88: =IF(N88=0,"VERIFICAR",N88) -> 25.94 | I88: =IF(OR(L88=0,M88=0,N88=0),"SEM VALOR","COM VALOR") -> COM VALOR | L88: 25.94 | M88: 25.94 | N88: 25.94
A89: MATERIAL | B89: 55 | C89: ADAPTADOR DE COMPRESSAO EM POLIPROPILENO (PP), PARA TUBO EM PEAD, 20 MM X 1/2", PARA LIGACAO PREDIAL DE AGUA (NTS 179) | D89: UN | E89: C | F89: =IF(L89=0,"VERIFICAR",L89) -> VERIFICAR | G89: =IF(M89=0,"VERIFICAR",M89) -> VERIFICAR | H89: =IF(N89=0,"VERIFICAR",N89) -> VERIFICAR | I89: =IF(OR(L89=0,M89=0,N89=0),"SEM VALOR","COM VALOR") -> SEM VALOR
A90: MATERIAL | B90: 61 | C90: ADAPTADOR DE COMPRESSAO EM POLIPROPILENO (PP), PARA TUBO EM PEAD, 20 MM X 3/4", PARA LIGACAO PREDIAL DE AGUA (NTS 179) | D90: UN | E90: CR | F90: =IF(L90=0,"VERIFICAR",L90) -> VERIFICAR | G90: =IF(M90=0,"VERIFICAR",M90) -> VERIFICAR | H90: =IF(N90=0,"VERIFICAR",N90) -> VERIFICAR | I90: =IF(OR(L90=0,M90=0,N90=0),"SEM VALOR","COM VALOR") -> SEM VALOR
A91: MATERIAL | B91: 62 | C91: ADAPTADOR DE COMPRESSAO EM POLIPROPILENO (PP), PARA TUBO EM PEAD, 32 MM X 1", PARA LIGACAO PREDIAL DE AGUA (NTS 179) | D91: UN | E91: CR | F91: =IF(L91=0,"VERIFICAR",L91) -> VERIFICAR | G91: =IF(M91=0,"VERIFICAR",M91) -> VERIFICAR | H91: =IF(N91=0,"VERIFICAR",N91) -> VERIFICAR | I91: =IF(OR(L91=0,M91=0,N91=0),"SEM VALOR","COM VALOR") -> SEM VALOR
A92: MATERIAL | B92: 10899 | C92: ADAPTADOR EM LATAO, ENGATE RAPIDO 2 1/2" X ROSCA INTERNA 5 FIOS 2 1/2", PARA INSTALACAO PREDIAL DE COMBATE A INCENDIO | D92: UN | E92: CR | F92: =IF(L92=0,"VERIFICAR",L92) -> 78.85 | G92: =IF(M92=0,"VERIFICAR",M92) -> 78.85 | H92: =IF(N92=0,"VERIFICAR",N92) -> 78.85 | I92: =IF(OR(L92=0,M92=0,N92=0),"SEM VALOR","COM VALOR") -> COM VALOR | L92: 78.85 | M92: 78.85 | N92: 78.85
A93: MATERIAL | B93: 10900 | C93: ADAPTADOR EM LATAO, ENGATE RAPIDO1 1/2" X ROSCA INTERNA 5 FIOS 2 1/2", PARA INSTALACAO PREDIAL DE COMBATE A INCENDIO | D93: UN | E93: CR | F93: =IF(L93=0,"VERIFICAR",L93) -> 61.71 | G93: =IF(M93=0,"VERIFICAR",M93) -> 61.71 | H93: =IF(N93=0,"VERIFICAR",N93) -> 61.71 | I93: =IF(OR(L93=0,M93=0,N93=0),"SEM VALOR","COM VALOR") -> COM VALOR | L93: 61.71 | M93: 61.71 | N93: 61.71
A94: MATERIAL | B94: 47 | C94: ADAPTADOR PVC PBA, BOLSA/ROSCA, JE, DN 100 / DE 110 MM | D94: UN | E94: CR | F94: =IF(L94=0,"VERIFICAR",L94) -> 65.55 | G94: =IF(M94=0,"VERIFICAR",M94) -> 65.55 | H94: =IF(N94=0,"VERIFICAR",N94) -> 65.55 | I94: =IF(OR(L94=0,M94=0,N94=0),"SEM VALOR","COM VALOR") -> COM VALOR | L94: 65.55 | M94: 65.55 | N94: 65.55
A95: MATERIAL | B95: 48 | C95: ADAPTADOR PVC PBA, BOLSA/ROSCA, JE, DN 50 / DE 60 MM | D95: UN | E95: CR | F95: =IF(L95=0,"VERIFICAR",L95) -> 17.1 | G95: =IF(M95=0,"VERIFICAR",M95) -> 17.1 | H95: =IF(N95=0,"VERIFICAR",N95) -> 17.1 | I95: =IF(OR(L95=0,M95=0,N95=0),"SEM VALOR","COM VALOR") -> COM VALOR | L95: 17.1 | M95: 17.1 | N95: 17.1
A96: MATERIAL | B96: 46 | C96: ADAPTADOR PVC PBA, BOLSA/ROSCA, JE, DN 75 / DE 85 MM | D96: UN | E96: CR | F96: =IF(L96=0,"VERIFICAR",L96) -> 38.34 | G96: =IF(M96=0,"VERIFICAR",M96) -> 38.34 | H96: =IF(N96=0,"VERIFICAR",N96) -> 38.34 | I96: =IF(OR(L96=0,M96=0,N96=0),"SEM VALOR","COM VALOR") -> COM VALOR | L96: 38.34 | M96: 38.34 | N96: 38.34
A97: MATERIAL | B97: 52 | C97: ADAPTADOR PVC PBA, PONTA/ROSCA, JE, DN 50 / DE 60 MM | D97: UN | E97: CR | F97: =IF(L97=0,"VERIFICAR",L97) -> 12.99 | G97: =IF(M97=0,"VERIFICAR",M97) -> 12.99 | H97: =IF(N97=0,"VERIFICAR",N97) -> 12.99 | I97: =IF(OR(L97=0,M97=0,N97=0),"SEM VALOR","COM VALOR") -> COM VALOR | L97: 12.99 | M97: 12.99 | N97: 12.99
A98: MATERIAL | B98: 43 | C98: ADAPTADOR PVC PBA, PONTA/ROSCA, JE, DN 75 / DE 85 MM | D98: UN | E98: CR | F98: =IF(L98=0,"VERIFICAR",L98) -> 43.84 | G98: =IF(M98=0,"VERIFICAR",M98) -> 43.84 | H98: =IF(N98=0,"VERIFICAR",N98) -> 43.84 | I98: =IF(OR(L98=0,M98=0,N98=0),"SEM VALOR","COM VALOR") -> COM VALOR | L98: 43.84 | M98: 43.84 | N98: 43.84
A99: MATERIAL | B99: 103 | C99: ADAPTADOR PVC SOLDAVEL CURTO COM BOLSA E ROSCA, 110 MM X 4", PARA AGUA FRIA | D99: UN | E99: CR | F99: =IF(L99=0,"VERIFICAR",L99) -> 45.1 | G99: =IF(M99=0,"VERIFICAR",M99) -> 45.1 | H99: =IF(N99=0,"VERIFICAR",N99) -> 45.1 | I99: =IF(OR(L99=0,M99=0,N99=0),"SEM VALOR","COM VALOR") -> COM VALOR | L99: 45.1 | M99: 45.1 | N99: 45.1
A100: MATERIAL | B100: 107 | C100: ADAPTADOR PVC SOLDAVEL CURTO COM BOLSA E ROSCA, 20 MM X 1/2", PARA AGUA FRIA | D100: UN | E100: CR | F100: =IF(L100=0,"VERIFICAR",L100) -> 0.85 | G100: =IF(M100=0,"VERIFICAR",M100) -> 0.85 | H100: =IF(N100=0,"VERIFICAR",N100) -> 0.85 | I100: =IF(OR(L100=0,M100=0,N100=0),"SEM VALOR","COM VALOR") -> COM VALOR | L100: 0.85 | M100: 0.85 | N100: 0.85
A101: MATERIAL | B101: 65 | C101: ADAPTADOR PVC SOLDAVEL CURTO COM BOLSA E ROSCA, 25 MM X 3/4", PARA AGUA FRIA | D101: UN | E101: CR | F101: =IF(L101=0,"VERIFICAR",L101) -> 0.93 | G101: =IF(M101=0,"VERIFICAR",M101) -> 0.93 | H101: =IF(N101=0,"VERIFICAR",N101) -> 0.93 | I101: =IF(OR(L101=0,M101=0,N101=0),"SEM VALOR","COM VALOR") -> COM VALOR | L101: 0.93 | M101: 0.93 | N101: 0.93
A102: MATERIAL | B102: 108 | C102: ADAPTADOR PVC SOLDAVEL CURTO COM BOLSA E ROSCA, 32 MM X 1", PARA AGUA FRIA | D102: UN | E102: CR | F102: =IF(L102=0,"VERIFICAR",L102) -> 1.87 | G102: =IF(M102=0,"VERIFICAR",M102) -> 1.87 | H102: =IF(N102=0,"VERIFICAR",N102) -> 1.87 | I102: =IF(OR(L102=0,M102=0,N102=0),"SEM VALOR","COM VALOR") -> COM VALOR | L102: 1.87 | M102: 1.87 | N102: 1.87
A103: MATERIAL | B103: 110 | C103: ADAPTADOR PVC SOLDAVEL CURTO COM BOLSA E ROSCA, 40 MM X 1 1/2", PARA AGUA FRIA | D103: UN | E103: CR | F103: =IF(L103=0,"VERIFICAR",L103) -> 6.49 | G103: =IF(M103=0,"VERIFICAR",M103) -> 6.49 | H103: =IF(N103=0,"VERIFICAR",N103) -> 6.49 | I103: =IF(OR(L103=0,M103=0,N103=0),"SEM VALOR","COM VALOR") -> COM VALOR | L103: 6.49 | M103: 6.49 | N103: 6.49
... A114: MATERIAL | B114: 99 | C114: ADAPTADOR PVC SOLDAVEL, COM FLANGE E ANEL DE VEDACAO, 50 MM X 1 1/2", PARA CAIXA D'AGUA | D114: UN | E114: CR | F114: =IF(L114=0,"VERIFICAR",L114) -> 27.34 | G114: =IF(M114=0,"VERIFICAR",M114) -> 27.34 | H114: =IF(N114=0,"VERIFICAR",N114) -> 27.34 | I114: =IF(OR(L114=0,M114=0,N114=0),"SEM VALOR","COM VALOR") -> COM VALOR | L114: 27.34 | M114: 27.34 | N114: 27.34
A115: MATERIAL | B115: 60 | C115: ADAPTADOR PVC, COM REGISTRO, PARA PEAD, 20 MM X 3/4", PARA LIGACAO PREDIAL DE AGUA | D115: UN | E115: CR | F115: =IF(L115=0,"VERIFICAR",L115) -> VERIFICAR | G115: =IF(M115=0,"VERIFICAR",M115) -> VERIFICAR | H115: =IF(N115=0,"VERIFICAR",N115) -> VERIFICAR | I115: =IF(OR(L115=0,M115=0,N115=0),"SEM VALOR","COM VALOR") -> SEM VALOR
A116: MATERIAL | B116: 72 | C116: ADAPTADOR PVC, ROSCAVEL, COM FLANGES E ANEL DE VEDACAO, 1 1/2", PARA CAIXA D'AGUA | D116: UN | E116: CR | F116: =IF(L116=0,"VERIFICAR",L116) -> 52.44 | G116: =IF(M116=0,"VERIFICAR",M116) -> 52.44 | H116: =IF(N116=0,"VERIFICAR",N116) -> 52.44 | I116: =IF(OR(L116=0,M116=0,N116=0),"SEM VALOR","COM VALOR") -> COM VALOR | L116: 52.44 | M116: 52.44 | N116: 52.44
A117: MATERIAL | B117: 71 | C117: ADAPTADOR PVC, ROSCAVEL, COM FLANGES E ANEL DE VEDACAO, 1", PARA CAIXA D'AGUA | D117: UN | E117: CR | F117: =IF(L117=0,"VERIFICAR",L117) -> 32.38 | G117: =IF(M117=0,"VERIFICAR",M117) -> 32.38 | H117: =IF(N117=0,"VERIFICAR",N117) -> 32.38 | I117: =IF(OR(L117=0,M117=0,N117=0),"SEM VALOR","COM VALOR") -> COM VALOR | L117: 32.38 | M117: 32.38 | N117: 32.38
A118: MATERIAL | B118: 67 | C118: ADAPTADOR PVC, ROSCAVEL, COM FLANGES E ANEL DE VEDACAO, 1/2", PARA CAIXA D'AGUA | D118: UN | E118: CR | F118: =IF(L118=0,"VERIFICAR",L118) -> 16.95 | G118: =IF(M118=0,"VERIFICAR",M118) -> 16.95 | H118: =IF(N118=0,"VERIFICAR",N118) -> 16.95 | I118: =IF(OR(L118=0,M118=0,N118=0),"SEM VALOR","COM VALOR") -> COM VALOR | L118: 16.95 | M118: 16.95 | N118: 16.95
A119: MATERIAL | B119: 73 | C119: ADAPTADOR PVC, ROSCAVEL, COM FLANGES E ANEL DE VEDACAO, 3/4", PARA CAIXA D'AGUA | D119: UN | E119: CR | F119: =IF(L119=0,"VERIFICAR",L119) -> 16.22 | G119: =IF(M119=0,"VERIFICAR",M119) -> 16.22 | H119: =IF(N119=0,"VERIFICAR",N119) -> 16.22 | I119: =IF(OR(L119=0,M119=0,N119=0),"SEM VALOR","COM VALOR") -> COM VALOR | L119: 16.22 | M119: 16.22 | N119: 16.22
A120: MATERIAL | B120: 100 | C120: ADAPTADOR PVC, SOLDAVEL, COM FLANGES E ANEL DE VEDACAO, 60 MM X 2", PARA CAIXA D'AGUA | D120: UN | E120: CR | F120: =IF(L120=0,"VERIFICAR",L120) -> 47.77 | G120: =IF(M120=0,"VERIFICAR",M120) -> 47.77 | H120: =IF(N120=0,"VERIFICAR",N120) -> 47.77 | I120: =IF(OR(L120=0,M120=0,N120=0),"SEM VALOR","COM VALOR") -> COM VALOR | L120: 47.77 | M120: 47.77 | N120: 47.77
A121: MATERIAL | B121: 75 | C121: ADAPTADOR PVC, SOLDAVEL, COM FLANGES LIVRES, 110 MM X 4", PARA CAIXA D'AGUA | D121: UN | E121: CR | F121: =IF(L121=0,"VERIFICAR",L121) -> 278.51 | G121: =IF(M121=0,"VERIFICAR",M121) -> 278.51 | H121: =IF(N121=0,"VERIFICAR",N121) -> 278.51 | I121: =IF(OR(L121=0,M121=0,N121=0),"SEM VALOR","COM VALOR") -> COM VALOR | L121: 278.51 | M121: 278.51 | N121: 278.51
A122: MATERIAL | B122: 83 | C122: ADAPTADOR PVC, SOLDAVEL, COM FLANGES LIVRES, 75 MM X 2 1/2", PARA CAIXA D'AGUA | D122: UN | E122: CR | F122: =IF(L122=0,"VERIFICAR",L122) -> 222.66 | G122: =IF(M122=0,"VERIFICAR",M122) -> 222.66 | H122: =IF(N122=0,"VERIFICAR",N122) -> 222.66 | I122: =IF(OR(L122=0,M122=0,N122=0),"SEM VALOR","COM VALOR") -> COM VALOR | L122: 222.66 | M122: 222.66 | N122: 222.66
A123: MATERIAL | B123: 74 | C123: ADAPTADOR PVC, SOLDAVEL, COM FLANGES LIVRES, 85 MM X 3", PARA CAIXA D'AGUA | D123: UN | E123: CR | F123: =IF(L123=0,"VERIFICAR",L123) -> 318.34 | G123: =IF(M123=0,"VERIFICAR",M123) -> 318.34 | H123: =IF(N123=0,"VERIFICAR",N123) -> 318.34 | I123: =IF(OR(L123=0,M123=0,N123=0),"SEM VALOR","COM VALOR") -> COM VALOR | L123: 318.34 | M123: 318.34 | N123: 318.34
A124: MATERIAL | B124: 106 | C124: ADAPTADOR PVC, SOLDAVEL, LONGO, COM FLANGE LIVRE, 110 MM X 4", PARA CAIXA D'AGUA | D124: UN | E124: CR | F124: =IF(L124=0,"VERIFICAR",L124) -> 402.55 | G124: =IF(M124=0,"VERIFICAR",M124) -> 402.55 | H124: =IF(N124=0,"VERIFICAR",N124) -> 402.55 | I124: =IF(OR(L124=0,M124=0,N124=0),"SEM VALOR","COM VALOR") -> COM VALOR | L124: 402.55 | M124: 402.55 | N124: 402.55
A125: MATERIAL | B125: 88 | C125: ADAPTADOR PVC, SOLDAVEL, LONGO, COM FLANGE LIVRE, 32 MM X 1", PARA CAIXA D'AGUA | D125: UN | E125: CR | F125: =IF(L125=0,"VERIFICAR",L125) -> 11.31 | G125: =IF(M125=0,"VERIFICAR",M125) -> 11.31 | H125: =IF(N125=0,"VERIFICAR",N125) -> 11.31 | I125: =IF(OR(L125=0,M125=0,N125=0),"SEM VALOR","COM VALOR") -> COM VALOR | L125: 11.31 | M125: 11.31 | N125: 11.31
A126: MATERIAL | B126: 82 | C126: ADAPTADOR PVC, SOLDAVEL, LONGO, COM FLANGE LIVRE, 75 MM X 2 1/2", PARA CAIXA D'AGUA | D126: UN | E126: CR | F126: =IF(L126=0,"VERIFICAR",L126) -> 211.84 | G126: =IF(M126=0,"VERIFICAR",M126) -> 211.84 | H126: =IF(N126=0,"VERIFICAR",N126) -> 211.84 | I126: =IF(OR(L126=0,M126=0,N126=0),"SEM VALOR","COM VALOR") -> COM VALOR | L126: 211.84 | M126: 211.84 | N126: 211.84
A127: MATERIAL | B127: 105 | C127: ADAPTADOR PVC, SOLDAVEL, LONGO, COM FLANGE LIVRE, 85 MM X 3", PARA CAIXA D'AGUA | D127: UN | E127: CR | F127: =IF(L127=0,"VERIFICAR",L127) -> 300.18 | G127: =IF(M127=0,"VERIFICAR",M127) -> 300.18 | H127: =IF(N127=0,"VERIFICAR",N127) -> 300.18 | I127: =IF(OR(L127=0,M127=0,N127=0),"SEM VALOR","COM VALOR") -> COM VALOR | L127: 300.18 | M127: 300.18 | N127: 300.18
... A138: MATERIAL | B138: 124 | C138: ADITIVO ACELERADOR DE PEGA E ENDURECIMENTO PARA ARGAMASSAS E CONCRETOS, LIQUIDO E ISENTO DE CLORETOS | D138: L | E138: CR | F138: =IF(L138=0,"VERIFICAR",L138) -> 16.81 | G138: =IF(M138=0,"VERIFICAR",M138) -> 16.81 | H138: =IF(N138=0,"VERIFICAR",N138) -> 16.81 | I138: =IF(OR(L138=0,M138=0,N138=0),"SEM VALOR","COM VALOR") -> COM VALOR | L138: 16.81 | M138: 16.81 | N138: 16.81
A139: MATERIAL | B139: 7334 | C139: ADITIVO ADESIVO LIQUIDO PARA ARGAMASSAS DE REVESTIMENTOS CIMENTICIOS | D139: L | E139: CR | F139: =IF(L139=0,"VERIFICAR",L139) -> VERIFICAR | G139: =IF(M139=0,"VERIFICAR",M139) -> VERIFICAR | H139: =IF(N139=0,"VERIFICAR",N139) -> VERIFICAR | I139: =IF(OR(L139=0,M139=0,N139=0),"SEM VALOR","COM VALOR") -> SEM VALOR
A140: MATERIAL | B140: 45146 | C140: ADITIVO IMPERMEABILIZANTE CRISTALIZANTE PARA CONCRETO | D140: KG | E140: CR | F140: =IF(L140=0,"VERIFICAR",L140) -> 32.24 | G140: =IF(M140=0,"VERIFICAR",M140) -> 32.24 | H140: =IF(N140=0,"VERIFICAR",N140) -> 32.24 | I140: =IF(OR(L140=0,M140=0,N140=0),"SEM VALOR","COM VALOR") -> COM VALOR | L140: 32.24 | M140: 32.24 | N140: 32.24
A141: MATERIAL | B141: 123 | C141: ADITIVO IMPERMEABILIZANTE DE PEGA NORMAL PARA ARGAMASSAS E CONCRETOS SEM ARMACAO, LIQUIDO E ISENTO DE CLORETOS | D141: L | E141: C | F141: =IF(L141=0,"VERIFICAR",L141) -> 6.88 | G141: =IF(M141=0,"VERIFICAR",M141) -> 6.88 | H141: =IF(N141=0,"VERIFICAR",N141) -> 6.88 | I141: =IF(OR(L141=0,M141=0,N141=0),"SEM VALOR","COM VALOR") -> COM VALOR | L141: 6.88 | M141: 6.88 | N141: 6.88
A142: MATERIAL | B142: 127 | C142: ADITIVO IMPERMEABILIZANTE DE PEGA ULTRARRAPIDA, LIQUIDO E ISENTO DE CLORETOS | D142: L | E142: CR | F142: =IF(L142=0,"VERIFICAR",L142) -> 16.42 | G142: =IF(M142=0,"VERIFICAR",M142) -> 16.42 | H142: =IF(N142=0,"VERIFICAR",N142) -> 16.42 | I142: =IF(OR(L142=0,M142=0,N142=0),"SEM VALOR","COM VALOR") -> COM VALOR | L142: 16.42 | M142: 16.42 | N142: 16.42
A143: MATERIAL | B143: 133 | C143: ADITIVO LIQUIDO INCORPORADOR DE AR PARA CONCRETO E ARGAMASSA, LIQUIDO E ISENTO DE CLORETOS | D143: L | E143: CR | F143: =IF(L143=0,"VERIFICAR",L143) -> 6.82 | G143: =IF(M143=0,"VERIFICAR",M143) -> 6.82 | H143: =IF(N143=0,"VERIFICAR",N143) -> 6.82 | I143: =IF(OR(L143=0,M143=0,N143=0),"SEM VALOR","COM VALOR") -> COM VALOR | L143: 6.82 | M143: 6.82 | N143: 6.82
A144: MATERIAL | B144: 43617 | C144: ADITIVO PLASTIFICANTE E ESTABILIZADOR PARA ARGAMASSAS DE ASSENTAMENTO E REBOCO, LIQUIDO E ISENTO DE CLORETOS | D144: L | E144: CR | F144: =IF(L144=0,"VERIFICAR",L144) -> 7.62 | G144: =IF(M144=0,"VERIFICAR",M144) -> 7.62 | H144: =IF(N144=0,"VERIFICAR",N144) -> 7.62 | I144: =IF(OR(L144=0,M144=0,N144=0),"SEM VALOR","COM VALOR") -> COM VALOR | L144: 7.62 | M144: 7.62 | N144: 7.62
A145: MATERIAL | B145: 132 | C145: ADITIVO PLASTIFICANTE RETARDADOR DE PEGA E REDUTOR DE AGUA PARA CONCRETO, LIQUIDO E ISENTO DE CLORETOS | D145: L | E145: CR | F145: =IF(L145=0,"VERIFICAR",L145) -> 7.07 | G145: =IF(M145=0,"VERIFICAR",M145) -> 7.07 | H145: =IF(N145=0,"VERIFICAR",N145) -> 7.07 | I145: =IF(OR(L145=0,M145=0,N145=0),"SEM VALOR","COM VALOR") -> COM VALOR | L145: 7.07 | M145: 7.07 | N145: 7.07
A146: MATERIAL | B146: 43618 | C146: ADITIVO SUPERPLASTIFICANTE DE PEGA NORMAL PARA CONCRETO, LIQUIDO E ISENTO DE CLORETOS | D146: KG | E146: CR | F146: =IF(L146=0,"VERIFICAR",L146) -> 17.8 | G146: =IF(M146=0,"VERIFICAR",M146) -> 17.8 | H146: =IF(N146=0,"VERIFICAR",N146) -> 17.8 | I146: =IF(OR(L146=0,M146=0,N146=0),"SEM VALOR","COM VALOR") -> COM VALOR | L146: 17.8 | M146: 17.8 | N146: 17.8
A147: MATERIAL | B147: 37476 | C147: ADUELA/ GALERIA PRE-MOLDADA DE CONCRETO ARMADO, SECAO QUADRADA INTERNA DE 1,50 X 1,50 M (L X A), MISULA DE 20 X 20 CM, C = 1,00 M, ESPESSURA MIN = 15 CM, TB-45 E FCK DO CONCRETO = 30 MPA | D147: UN | E147: CR | F147: =IF(L147=0,"VERIFICAR",L147) -> 4143.02 | G147: =IF(M147=0,"VERIFICAR",M147) -> 4143.02 | H147: =IF(N147=0,"VERIFICAR",N147) -> 4143.02 | I147: =IF(OR(L147=0,M147=0,N147=0),"SEM VALOR","COM VALOR") -> COM VALOR | L147: 4143.02 | M147: 4143.02 | N147: 4143.02
A148: MATERIAL | B148: 37478 | C148: ADUELA/ GALERIA PRE-MOLDADA DE CONCRETO ARMADO, SECAO RETANGULAR INTERNA DE 2,00 X 2,00 M (L X A), MISULA DE 20 X 20 CM, C = 1,00 M, ESPESSURA MIN = 15 CM, TB-45 E FCK DO CONCRETO = 30 MPA | D148: UN | E148: CR | F148: =IF(L148=0,"VERIFICAR",L148) -> 5189.24 | G148: =IF(M148=0,"VERIFICAR",M148) -> 5189.24 | H148: =IF(N148=0,"VERIFICAR",N148) -> 5189.24 | I148: =IF(OR(L148=0,M148=0,N148=0),"SEM VALOR","COM VALOR") -> COM VALOR | L148: 5189.24 | M148: 5189.24 | N148: 5189.24
A149: MATERIAL | B149: 37477 | C149: ADUELA/ GALERIA PRE-MOLDADA DE CONCRETO ARMADO, SECAO RETANGULAR INTERNA DE 2,50 X 2,50 M (L X A), MISULA DE 20 X 20 CM, C = 1,00 M, ESPESSURA MIN = 15 CM, TB-45 E FCK DO CONCRETO = 30 MPA | D149: UN | E149: CR | F149: =IF(L149=0,"VERIFICAR",L149) -> 7030.58 | G149: =IF(M149=0,"VERIFICAR",M149) -> 7030.58 | H149: =IF(N149=0,"VERIFICAR",N149) -> 7030.58 | I149: =IF(OR(L149=0,M149=0,N149=0),"SEM VALOR","COM VALOR") -> COM VALOR | L149: 7030.58 | M149: 7030.58 | N149: 7030.58
A150: MATERIAL | B150: 37479 | C150: ADUELA/ GALERIA PRE-MOLDADA DE CONCRETO ARMADO, SECAO RETANGULAR INTERNA DE 3,00 X 3,00 M (L X A), MISULA DE 20 X 20 CM, C = 1.00 M, ESPESSURA MIN = 20 CM, TB-45 E FCK DO CONCRETO = 30 MPA | D150: UN | E150: CR | F150: =IF(L150=0,"VERIFICAR",L150) -> 8338.36 | G150: =IF(M150=0,"VERIFICAR",M150) -> 8338.36 | H150: =IF(N150=0,"VERIFICAR",N150) -> 8338.36 | I150: =IF(OR(L150=0,M150=0,N150=0),"SEM VALOR","COM VALOR") -> COM VALOR | L150: 8338.36 | M150: 8338.36 | N150: 8338.36
A151: MATERIAL | B151: 4319 | C151: AFASTADOR PARA TELHA DE FIBROCIMENTO CANALETE 90 OU KALHETAO | D151: UN | E151: CR | F151: =IF(L151=0,"VERIFICAR",L151) -> 1.2 | G151: =IF(M151=0,"VERIFICAR",M151) -> 1.2 | H151: =IF(N151=0,"VERIFICAR",N151) -> 1.2 | I151: =IF(OR(L151=0,M151=0,N151=0),"SEM VALOR","COM VALOR") -> COM VALOR | L151: 1.2 | M151: 1.2 | N151: 1.2
A152: MATERIAL | B152: 42409 | C152: AGENTE DE CURA, PROTETOR DA EVAPORACAO DA AGUA DE HIDRATACAO DO CONCRETO | D152: KG | E152: CR | F152: =IF(L152=0,"VERIFICAR",L152) -> 11.21 | G152: =IF(M152=0,"VERIFICAR",M152) -> 11.21 | H152: =IF(N152=0,"VERIFICAR",N152) -> 11.21 | I152: =IF(OR(L152=0,M152=0,N152=0),"SEM VALOR","COM VALOR") -> COM VALOR | L152: 11.21 | M152: 11.21 | N152: 11.21
A153: MATERIAL | B153: 40553 | C153: AGREGADO RECICLADO, TIPO RACHAO RECICLADO CINZA, CLASSE A | D153: M3 | E153: C | F153: =IF(L153=0,"VERIFICAR",L153) -> VERIFICAR | G153: =IF(M153=0,"VERIFICAR",M153) -> VERIFICAR | H153: =IF(N153=0,"VERIFICAR",N153) -> VERIFICAR | I153: =IF(OR(L153=0,M153=0,N153=0),"SEM VALOR","COM VALOR") -> SEM VALOR
A154: MAO DE OBRA | B154: 6114 | C154: AJUDANTE DE ARMADOR (HORISTA) | D154: H | E154: CR | F154: =IF(L154=0,"VERIFICAR",L154) -> 16.5 | G154: =IF(M154=0,"VERIFICAR",M154) -> 16.5 | H154: =IF(N154=0,"VERIFICAR",N154) -> 16.5 | I154: =IF(OR(L154=0,M154=0,N154=0),"SEM VALOR","COM VALOR") -> COM VALOR | L154: 16.5 | M154: 16.5 | N154: 16.5
A155: MAO DE OBRA | B155: 40912 | C155: AJUDANTE DE ARMADOR (MENSALISTA) | D155: MES | E155: CR | F155: =IF(L155=0,"VERIFICAR",L155) -> 2888.92 | G155: =IF(M155=0,"VERIFICAR",M155) -> 2888.92 | H155: =IF(N155=0,"VERIFICAR",N155) -> 2888.92 | I155: =IF(OR(L155=0,M155=0,N155=0),"SEM VALOR","COM VALOR") -> COM VALOR | L155: 2888.92 | M155: 2888.92 | N155: 2888.92
A156: MAO DE OBRA | B156: 247 | C156: AJUDANTE DE ELETRICISTA (HORISTA) | D156: H | E156: CR | F156: =IF(L156=0,"VERIFICAR",L156) -> 16.5 | G156: =IF(M156=0,"VERIFICAR",M156) -> 16.5 | H156: =IF(N156=0,"VERIFICAR",N156) -> 16.5 | I156: =IF(OR(L156=0,M156=0,N156=0),"SEM VALOR","COM VALOR") -> COM VALOR | L156: 16.5 | M156: 16.5 | N156: 16.5
A157: MAO DE OBRA | B157: 40919 | C157: AJUDANTE DE ELETRICISTA (MENSALISTA) | D157: MES | E157: CR | F157: =IF(L157=0,"VERIFICAR",L157) -> 2888.92 | G157: =IF(M157=0,"VERIFICAR",M157) -> 2888.92 | H157: =IF(N157=0,"VERIFICAR",N157) -> 2888.92 | I157: =IF(OR(L157=0,M157=0,N157=0),"SEM VALOR","COM VALOR") -> COM VALOR | L157: 2888.92 | M157: 2888.92 | N157: 2888.92
A158: MAO DE OBRA | B158: 44499 | C158: AJUDANTE DE ESTRUTURAS METALICAS (HORISTA) | D158: H | E158: CR | F158: =IF(L158=0,"VERIFICAR",L158) -> 16.5 | G158: =IF(M158=0,"VERIFICAR",M158) -> 16.5 | H158: =IF(N158=0,"VERIFICAR",N158) -> 16.5 | I158: =IF(OR(L158=0,M158=0,N158=0),"SEM VALOR","COM VALOR") -> COM VALOR | L158: 16.5 | M158: 16.5 | N158: 16.5
A159: MAO DE OBRA | B159: 40984 | C159: AJUDANTE DE ESTRUTURAS METALICAS (MENSALISTA) | D159: MES | E159: CR | F159: =IF(L159=0,"VERIFICAR",L159) -> 2888.92 | G159: =IF(M159=0,"VERIFICAR",M159) -> 2888.92 | H159: =IF(N159=0,"VERIFICAR",N159) -> 2888.92 | I159: =IF(OR(L159=0,M159=0,N159=0),"SEM VALOR","COM VALOR") -> COM VALOR | L159: 2888.92 | M159: 2888.92 | N159: 2888.92
A160: MAO DE OBRA | B160: 248 | C160: AJUDANTE DE OPERACAO EM GERAL (HORISTA) | D160: H | E160: CR | F160: =IF(L160=0,"VERIFICAR",L160) -> 17.01 | G160: =IF(M160=0,"VERIFICAR",M160) -> 17.01 | H160: =IF(N160=0,"VERIFICAR",N160) -> 17.01 | I160: =IF(OR(L160=0,M160=0,N160=0),"SEM VALOR","COM VALOR") -> COM VALOR | L160: 17.01 | M160: 17.01 | N160: 17.01
...

Sheet SICRO
A1: GRUPO | B1: CÓDIGO | C1: DISCRIMINAÇÃO | D1: UNID | F1: PUNIT | G1: PUNIT | H1: REAJUSTE | I1: SICRO JANEIRO/26
A2: Drenagem | B2: M0131 | C2: Tubo PEAD corrugado com paredes estruturadas para drenagem - D = 400 mm | D2: m | E2: 209.0407 | F2: =E2*H2 -> 210.61 | H2: =IF(A2="Sem Reajuste",$R$6,IF(A2="Terraplenagem",$R$7,IF(A2="Obras Arte Especiais",$R$8,IF(A2="Pavimentação",$R$9,IF(A2="Drenagem",$R$10,IF(A2="Sinalização Vertical",$R$11,IF(A2="Administração Local",$R$12,IF(A2="Obras Compl e Meio Ambiente",$R$13,IF(A2="Sinalização Horizontal",$R$14,0))))))))) -> 1.0075121
A3: Drenagem | B3: M0132 | C3: Tubo PEAD corrugado com paredes estruturadas para drenagem - D = 450 mm | D3: m | E3: 278.9925 | F3: =E3*H3 -> 281.09 | H3: =IF(A3="Sem Reajuste",$R$6,IF(A3="Terraplenagem",$R$7,IF(A3="Obras Arte Especiais",$R$8,IF(A3="Pavimentação",$R$9,IF(A3="Drenagem",$R$10,IF(A3="Sinalização Vertical",$R$11,IF(A3="Administração Local",$R$12,IF(A3="Obras Compl e Meio Ambiente",$R$13,IF(A3="Sinalização Horizontal",$R$14,0))))))))) -> 1.0075121
A4: Drenagem | B4: M0133 | C4: Tubo PEAD corrugado com paredes estruturadas para drenagem - D = 500 mm | D4: m | E4: 371.9877 | F4: =E4*H4 -> 374.78 | H4: =IF(A4="Sem Reajuste",$R$6,IF(A4="Terraplenagem",$R$7,IF(A4="Obras Arte Especiais",$R$8,IF(A4="Pavimentação",$R$9,IF(A4="Drenagem",$R$10,IF(A4="Sinalização Vertical",$R$11,IF(A4="Administração Local",$R$12,IF(A4="Obras Compl e Meio Ambiente",$R$13,IF(A4="Sinalização Horizontal",$R$14,0))))))))) -> 1.0075121 | O4: ÍNDICE REAJUSTAMENTO SICRO - Ver Instrução Normativa 59/2021 do DNIT
A5: Drenagem | B5: M0134 | C5: Tubo PEAD corrugado com paredes estruturadas para drenagem - D = 600 mm | D5: m | E5: 515.5156 | F5: =E5*H5 -> 519.39 | H5: =IF(A5="Sem Reajuste",$R$6,IF(A5="Terraplenagem",$R$7,IF(A5="Obras Arte Especiais",$R$8,IF(A5="Pavimentação",$R$9,IF(A5="Drenagem",$R$10,IF(A5="Sinalização Vertical",$R$11,IF(A5="Administração Local",$R$12,IF(A5="Obras Compl e Meio Ambiente",$R$13,IF(A5="Sinalização Horizontal",$R$14,0))))))))) -> 1.0075121 | O5: DESCRIÇÃO | P5: 46023 | Q5: 46082 | R5: REAJUSTE
A6: Drenagem | B6: M0135 | C6: Tubo PEAD corrugado com paredes estruturadas para drenagem - D = 750 mm | D6: m | E6: 760.421 | F6: =E6*H6 -> 766.13 | H6: =IF(A6="Sem Reajuste",$R$6,IF(A6="Terraplenagem",$R$7,IF(A6="Obras Arte Especiais",$R$8,IF(A6="Pavimentação",$R$9,IF(A6="Drenagem",$R$10,IF(A6="Sinalização Vertical",$R$11,IF(A6="Administração Local",$R$12,IF(A6="Obras Compl e Meio Ambiente",$R$13,IF(A6="Sinalização Horizontal",$R$14,0))))))))) -> 1.0075121 | O6: Sem Reajuste | R6: 1
A7: Drenagem | B7: M0136 | C7: Tubo PEAD corrugado com paredes estruturadas para drenagem - D = 800 mm | D7: m | E7: 802.2734 | F7: =E7*H7 -> 808.3 | H7: =IF(A7="Sem Reajuste",$R$6,IF(A7="Terraplenagem",$R$7,IF(A7="Obras Arte Especiais",$R$8,IF(A7="Pavimentação",$R$9,IF(A7="Drenagem",$R$10,IF(A7="Sinalização Vertical",$R$11,IF(A7="Administração Local",$R$12,IF(A7="Obras Compl e Meio Ambiente",$R$13,IF(A7="Sinalização Horizontal",$R$14,0))))))))) -> 1.0075121 | O7: Terraplenagem | P7: 505.533 | Q7: 518.129 | R7: =Q7/P7 -> 1.0249163
A8: Drenagem | B8: M0137 | C8: Tubo PEAD corrugado com paredes estruturadas para drenagem - D = 900 mm | D8: m | E8: 1365.9837 | F8: =E8*H8 -> 1376.25 | H8: =IF(A8="Sem Reajuste",$R$6,IF(A8="Terraplenagem",$R$7,IF(A8="Obras Arte Especiais",$R$8,IF(A8="Pavimentação",$R$9,IF(A8="Drenagem",$R$10,IF(A8="Sinalização Vertical",$R$11,IF(A8="Administração Local",$R$12,IF(A8="Obras Compl e Meio Ambiente",$R$13,IF(A8="Sinalização Horizontal",$R$14,0))))))))) -> 1.0075121 | O8: Obras Arte Especiais | P8: 503.558 | Q8: 508.061 | R8: =Q8/P8 -> 1.0089424
A9: Drenagem | B9: M0138 | C9: Ancoragem ativa para 19 cordoalhas - D = 15,2 mm | D9: un | E9: 2080.6339 | F9: 2158.96 | H9: =IF(A9="Sem Reajuste",$R$6,IF(A9="Terraplenagem",$R$7,IF(A9="Obras Arte Especiais",$R$8,IF(A9="Pavimentação",$R$9,IF(A9="Drenagem",$R$10,IF(A9="Sinalização Vertical",$R$11,IF(A9="Administração Local",$R$12,IF(A9="Obras Compl e Meio Ambiente",$R$13,IF(A9="Sinalização Horizontal",$R$14,0))))))))) -> 1.0075121 | O9: Pavimentação | P9: 593.167 | Q9: 599.279 | R9: =Q9/P9 -> 1.010304
A10: Drenagem | B10: M0139 | C10: Tubo PEAD corrugado com paredes estruturadas para drenagem - D = 1.000 mm | D10: m | E10: 1418.1352 | F10: =E10*H10 -> 1428.79 | H10: =IF(A10="Sem Reajuste",$R$6,IF(A10="Terraplenagem",$R$7,IF(A10="Obras Arte Especiais",$R$8,IF(A10="Pavimentação",$R$9,IF(A10="Drenagem",$R$10,IF(A10="Sinalização Vertical",$R$11,IF(A10="Administração Local",$R$12,IF(A10="Obras Compl e Meio Ambiente",$R$13,IF(A10="Sinalização Horizontal",$R$14,0))))))))) -> 1.0075121 | O10: Drenagem | P10: 495.866 | Q10: 499.591 | R10: =Q10/P10 -> 1.0075121
A11: Drenagem | B11: M0140 | C11: Bentonita | D11: kg | E11: 3.5002 | F11: =E11*H11 -> 3.53 | H11: =IF(A11="Sem Reajuste",$R$6,IF(A11="Terraplenagem",$R$7,IF(A11="Obras Arte Especiais",$R$8,IF(A11="Pavimentação",$R$9,IF(A11="Drenagem",$R$10,IF(A11="Sinalização Vertical",$R$11,IF(A11="Administração Local",$R$12,IF(A11="Obras Compl e Meio Ambiente",$R$13,IF(A11="Sinalização Horizontal",$R$14,0))))))))) -> 1.0075121 | O11: Sinalização Vertical | P11: 274.023 | Q11: 276.907 | R11: =Q11/P11 -> 1.0105247
A12: Drenagem | B12: M0141 | C12: Tubo PEAD corrugado com paredes estruturadas para drenagem - D = 1.050 mm | D12: m | E12: 1458.5081 | F12: =E12*H12 -> 1469.46 | H12: =IF(A12="Sem Reajuste",$R$6,IF(A12="Terraplenagem",$R$7,IF(A12="Obras Arte Especiais",$R$8,IF(A12="Pavimentação",$R$9,IF(A12="Drenagem",$R$10,IF(A12="Sinalização Vertical",$R$11,IF(A12="Administração Local",$R$12,IF(A12="Obras Compl e Meio Ambiente",$R$13,IF(A12="Sinalização Horizontal",$R$14,0))))))))) -> 1.0075121 | O12: Administração Local | P12: 161.42 | Q12: 162.845 | R12: =Q12/P12 -> 1.0088279
A13: Drenagem | B13: M0142 | C13: Tubo PEAD corrugado com paredes estruturadas para drenagem - D = 1.200 mm | D13: m | E13: 1933.3742 | F13: =E13*H13 -> 1947.9 | H13: =IF(A13="Sem Reajuste",$R$6,IF(A13="Terraplenagem",$R$7,IF(A13="Obras Arte Especiais",$R$8,IF(A13="Pavimentação",$R$9,IF(A13="Drenagem",$R$10,IF(A13="Sinalização Vertical",$R$11,IF(A13="Administração Local",$R$12,IF(A13="Obras Compl e Meio Ambiente",$R$13,IF(A13="Sinalização Horizontal",$R$14,0))))))))) -> 1.0075121 | O13: Obras Compl e Meio Ambiente | P13: 168.947 | Q13: 172.197 | R13: =Q13/P13 -> 1.0192368
A14: Drenagem | B14: M0143 | C14: Tubo PEAD corrugado com paredes estruturadas para drenagem - D = 1.500 mm | D14: m | E14: 3511.3647 | F14: =E14*H14 -> 3537.74 | H14: =IF(A14="Sem Reajuste",$R$6,IF(A14="Terraplenagem",$R$7,IF(A14="Obras Arte Especiais",$R$8,IF(A14="Pavimentação",$R$9,IF(A14="Drenagem",$R$10,IF(A14="Sinalização Vertical",$R$11,IF(A14="Administração Local",$R$12,IF(A14="Obras Compl e Meio Ambiente",$R$13,IF(A14="Sinalização Horizontal",$R$14,0))))))))) -> 1.0075121 | O14: Sinalização Horizontal | P14: 469.732 | Q14: 473.213 | R14: =Q14/P14 -> 1.0074106
A15: Drenagem | B15: M0107 | C15: Geocomposto para drenagem | D15: m² | E15: 46.3992 | F15: =E15*H15 -> 46.75 | H15: =IF(A15="Sem Reajuste",$R$6,IF(A15="Terraplenagem",$R$7,IF(A15="Obras Arte Especiais",$R$8,IF(A15="Pavimentação",$R$9,IF(A15="Drenagem",$R$10,IF(A15="Sinalização Vertical",$R$11,IF(A15="Administração Local",$R$12,IF(A15="Obras Compl e Meio Ambiente",$R$13,IF(A15="Sinalização Horizontal",$R$14,0))))))))) -> 1.0075121
A16: Terraplenagem | B16: M1446 | C16: Geogrelha bidirecional em polipropileno extrudado - resistência à tração de 30 kN/m, deformação inferior a 5% e malha de 36 x 34 mm | D16: m² | E16: 41.7827 | F16: =E16*H16 -> 42.82 | H16: =IF(A16="Sem Reajuste",$R$6,IF(A16="Terraplenagem",$R$7,IF(A16="Obras Arte Especiais",$R$8,IF(A16="Pavimentação",$R$9,IF(A16="Drenagem",$R$10,IF(A16="Sinalização Vertical",$R$11,IF(A16="Administração Local",$R$12,IF(A16="Obras Compl e Meio Ambiente",$R$13,IF(A16="Sinalização Horizontal",$R$14,0))))))))) -> 1.0249163
A17: Terraplenagem | B17: M1447 | C17: Geogrelha unidirecional em poliéster - resistência à tração longitudinal de 50 kN/m | D17: m² | E17: 21.723 | F17: =E17*H17 -> 22.26 | H17: =IF(A17="Sem Reajuste",$R$6,IF(A17="Terraplenagem",$R$7,IF(A17="Obras Arte Especiais",$R$8,IF(A17="Pavimentação",$R$9,IF(A17="Drenagem",$R$10,IF(A17="Sinalização Vertical",$R$11,IF(A17="Administração Local",$R$12,IF(A17="Obras Compl e Meio Ambiente",$R$13,IF(A17="Sinalização Horizontal",$R$14,0))))))))) -> 1.0249163
A18: Terraplenagem | B18: M1448 | C18: Geogrelha unidirecional em poliéster - resistência à tração longitudinal de 90 kN/m | D18: m² | E18: 28.0972 | F18: =E18*H18 -> 28.8 | H18: =IF(A18="Sem Reajuste",$R$6,IF(A18="Terraplenagem",$R$7,IF(A18="Obras Arte Especiais",$R$8,IF(A18="Pavimentação",$R$9,IF(A18="Drenagem",$R$10,IF(A18="Sinalização Vertical",$R$11,IF(A18="Administração Local",$R$12,IF(A18="Obras Compl e Meio Ambiente",$R$13,IF(A18="Sinalização Horizontal",$R$14,0))))))))) -> 1.0249163
A19: Terraplenagem | B19: M1449 | C19: Geogrelha unidirecional em poliéster - resistência à tração longitudinal de 100 kN/m | D19: m² | E19: 29.0993 | F19: =E19*H19 -> 29.82 | H19: =IF(A19="Sem Reajuste",$R$6,IF(A19="Terraplenagem",$R$7,IF(A19="Obras Arte Especiais",$R$8,IF(A19="Pavimentação",$R$9,IF(A19="Drenagem",$R$10,IF(A19="Sinalização Vertical",$R$11,IF(A19="Administração Local",$R$12,IF(A19="Obras Compl e Meio Ambiente",$R$13,IF(A19="Sinalização Horizontal",$R$14,0))))))))) -> 1.0249163
A20: Terraplenagem | B20: M1450 | C20: Geogrelha unidirecional em poliéster - resistência à tração longitudinal de 150 kN/m | D20: m² | E20: 31.2171 | F20: =E20*H20 -> 31.99 | H20: =IF(A20="Sem Reajuste",$R$6,IF(A20="Terraplenagem",$R$7,IF(A20="Obras Arte Especiais",$R$8,IF(A20="Pavimentação",$R$9,IF(A20="Drenagem",$R$10,IF(A20="Sinalização Vertical",$R$11,IF(A20="Administração Local",$R$12,IF(A20="Obras Compl e Meio Ambiente",$R$13,IF(A20="Sinalização Horizontal",$R$14,0))))))))) -> 1.0249163
A21: Terraplenagem | B21: M1451 | C21: Geogrelha unidirecional em poliéster - resistência à tração longitudinal de 200 kN/m | D21: m² | E21: 41.3001 | F21: =E21*H21 -> 42.33 | H21: =IF(A21="Sem Reajuste",$R$6,IF(A21="Terraplenagem",$R$7,IF(A21="Obras Arte Especiais",$R$8,IF(A21="Pavimentação",$R$9,IF(A21="Drenagem",$R$10,IF(A21="Sinalização Vertical",$R$11,IF(A21="Administração Local",$R$12,IF(A21="Obras Compl e Meio Ambiente",$R$13,IF(A21="Sinalização Horizontal",$R$14,0))))))))) -> 1.0249163
A22: Terraplenagem | B22: M1452 | C22: Geogrelha unidirecional em poliéster - resistência à tração longitudinal de 300 kN/m | D22: m² | E22: 61.4454 | F22: =E22*H22 -> 62.98 | H22: =IF(A22="Sem Reajuste",$R$6,IF(A22="Terraplenagem",$R$7,IF(A22="Obras Arte Especiais",$R$8,IF(A22="Pavimentação",$R$9,IF(A22="Drenagem",$R$10,IF(A22="Sinalização Vertical",$R$11,IF(A22="Administração Local",$R$12,IF(A22="Obras Compl e Meio Ambiente",$R$13,IF(A22="Sinalização Horizontal",$R$14,0))))))))) -> 1.0249163
A23: Terraplenagem | B23: M1453 | C23: Geogrelha unidirecional em poliéster - resistência à tração longitudinal de 400 kN/m | D23: m² | E23: 81.5699 | F23: =E23*H23 -> 83.6 | H23: =IF(A23="Sem Reajuste",$R$6,IF(A23="Terraplenagem",$R$7,IF(A23="Obras Arte Especiais",$R$8,IF(A23="Pavimentação",$R$9,IF(A23="Drenagem",$R$10,IF(A23="Sinalização Vertical",$R$11,IF(A23="Administração Local",$R$12,IF(A23="Obras Compl e Meio Ambiente",$R$13,IF(A23="Sinalização Horizontal",$R$14,0))))))))) -> 1.0249163
A24: Pavimentação | B24: M2147 | C24: Dente de corte para recicladora | D24: un | E24: 54.0139 | F24: =E24*H24 -> 54.57 | H24: =IF(A24="Sem Reajuste",$R$6,IF(A24="Terraplenagem",$R$7,IF(A24="Obras Arte Especiais",$R$8,IF(A24="Pavimentação",$R$9,IF(A24="Drenagem",$R$10,IF(A24="Sinalização Vertical",$R$11,IF(A24="Administração Local",$R$12,IF(A24="Obras Compl e Meio Ambiente",$R$13,IF(A24="Sinalização Horizontal",$R$14,0))))))))) -> 1.010304
A25: Pavimentação | B25: M2148 | C25: Porta dente de corte para fresadora e recicladora a frio | D25: un | E25: 535.5913 | F25: =E25*H25 -> 541.11 | H25: =IF(A25="Sem Reajuste",$R$6,IF(A25="Terraplenagem",$R$7,IF(A25="Obras Arte Especiais",$R$8,IF(A25="Pavimentação",$R$9,IF(A25="Drenagem",$R$10,IF(A25="Sinalização Vertical",$R$11,IF(A25="Administração Local",$R$12,IF(A25="Obras Compl e Meio Ambiente",$R$13,IF(A25="Sinalização Horizontal",$R$14,0))))))))) -> 1.010304
A26: Pavimentação | B26: M2153 | C26: Coroa de diamante linha HWG | D26: un | E26: 1939.2894 | F26: =E26*H26 -> 1959.27 | H26: =IF(A26="Sem Reajuste",$R$6,IF(A26="Terraplenagem",$R$7,IF(A26="Obras Arte Especiais",$R$8,IF(A26="Pavimentação",$R$9,IF(A26="Drenagem",$R$10,IF(A26="Sinalização Vertical",$R$11,IF(A26="Administração Local",$R$12,IF(A26="Obras Compl e Meio Ambiente",$R$13,IF(A26="Sinalização Horizontal",$R$14,0))))))))) -> 1.010304
... A30: Sinalização Vertical | B30: E9687 I | C30: Caminhão carroceria com capacidade de 5 t - 115 kW | D30: chi | E30: 68.9883 | F30: =E30*H30 -> 69.71 | H30: =IF(A30="Sem Reajuste",$R$6,IF(A30="Terraplenagem",$R$7,IF(A30="Obras Arte Especiais",$R$8,IF(A30="Pavimentação",$R$9,IF(A30="Drenagem",$R$10,IF(A30="Sinalização Vertical",$R$11,IF(A30="Administração Local",$R$12,IF(A30="Obras Compl e Meio Ambiente",$R$13,IF(A30="Sinalização Horizontal",$R$14,0))))))))) -> 1.0105247
A31: Terraplenagem | B31: 5501700 | C31: Desmatamento, destocamento, limpeza de área e estocagem do material de limpeza com árvores de diâmetro até 0,15 m | D31: m² | E31: 0.76 | F31: =E31*H31 -> 0.78 | H31: =IF(A31="Sem Reajuste",$R$6,IF(A31="Terraplenagem",$R$7,IF(A31="Obras Arte Especiais",$R$8,IF(A31="Pavimentação",$R$9,IF(A31="Drenagem",$R$10,IF(A31="Sinalização Vertical",$R$11,IF(A31="Administração Local",$R$12,IF(A31="Obras Compl e Meio Ambiente",$R$13,IF(A31="Sinalização Horizontal",$R$14,0))))))))) -> 1.0249163
A32: Terraplenagem | B32: 5501701 | C32: Destocamento de árvores com diâmetro de 0,15 a 0,30 m | D32: un | E32: 55.91 | F32: =E32*H32 -> 57.3 | H32: =IF(A32="Sem Reajuste",$R$6,IF(A32="Terraplenagem",$R$7,IF(A32="Obras Arte Especiais",$R$8,IF(A32="Pavimentação",$R$9,IF(A32="Drenagem",$R$10,IF(A32="Sinalização Vertical",$R$11,IF(A32="Administração Local",$R$12,IF(A32="Obras Compl e Meio Ambiente",$R$13,IF(A32="Sinalização Horizontal",$R$14,0))))))))) -> 1.0249163
A33: Terraplenagem | B33: 4915768 | C33: Corte e remoção de árvores | D33: m³ | E33: 16.41 | F33: =E33*H33 -> 16.82 | H33: =IF(A33="Sem Reajuste",$R$6,IF(A33="Terraplenagem",$R$7,IF(A33="Obras Arte Especiais",$R$8,IF(A33="Pavimentação",$R$9,IF(A33="Drenagem",$R$10,IF(A33="Sinalização Vertical",$R$11,IF(A33="Administração Local",$R$12,IF(A33="Obras Compl e Meio Ambiente",$R$13,IF(A33="Sinalização Horizontal",$R$14,0))))))))) -> 1.0249163
A34: Terraplenagem | B34: 5502985 | C34: Limpeza mecanizada da camada vegetal | D34: m² | E34: 0.82 | F34: =E34*H34 -> 0.84 | H34: =IF(A34="Sem Reajuste",$R$6,IF(A34="Terraplenagem",$R$7,IF(A34="Obras Arte Especiais",$R$8,IF(A34="Pavimentação",$R$9,IF(A34="Drenagem",$R$10,IF(A34="Sinalização Vertical",$R$11,IF(A34="Administração Local",$R$12,IF(A34="Obras Compl e Meio Ambiente",$R$13,IF(A34="Sinalização Horizontal",$R$14,0))))))))) -> 1.0249163
A35: Terraplenagem | B35: 2003866 | C35: Aplicação de geotêxtil não-tecido agulhado com resistência à tração longitudinal de 14 kN/m | D35: m² | E35: 7.67 | F35: =E35*H35 -> 7.86 | H35: =IF(A35="Sem Reajuste",$R$6,IF(A35="Terraplenagem",$R$7,IF(A35="Obras Arte Especiais",$R$8,IF(A35="Pavimentação",$R$9,IF(A35="Drenagem",$R$10,IF(A35="Sinalização Vertical",$R$11,IF(A35="Administração Local",$R$12,IF(A35="Obras Compl e Meio Ambiente",$R$13,IF(A35="Sinalização Horizontal",$R$14,0))))))))) -> 1.0249163
A36: Terraplenagem | B36: 2003867 | C36: Aplicação de geotêxtil não-tecido agulhado com resistência à tração longitudinal de 31 kN/m | D36: m² | E36: 17.01 | F36: =E36*H36 -> 17.43 | H36: =IF(A36="Sem Reajuste",$R$6,IF(A36="Terraplenagem",$R$7,IF(A36="Obras Arte Especiais",$R$8,IF(A36="Pavimentação",$R$9,IF(A36="Drenagem",$R$10,IF(A36="Sinalização Vertical",$R$11,IF(A36="Administração Local",$R$12,IF(A36="Obras Compl e Meio Ambiente",$R$13,IF(A36="Sinalização Horizontal",$R$14,0))))))))) -> 1.0249163
A37: Terraplenagem | B37: 1516298 | C37: Geogrelha unidirecional com resistência à tração de 100 kN/m - fornecimento e instalação | D37: m² | E37: 30.89 | F37: =E37*H37 -> 31.66 | H37: =IF(A37="Sem Reajuste",$R$6,IF(A37="Terraplenagem",$R$7,IF(A37="Obras Arte Especiais",$R$8,IF(A37="Pavimentação",$R$9,IF(A37="Drenagem",$R$10,IF(A37="Sinalização Vertical",$R$11,IF(A37="Administração Local",$R$12,IF(A37="Obras Compl e Meio Ambiente",$R$13,IF(A37="Sinalização Horizontal",$R$14,0))))))))) -> 1.0249163
A38: Terraplenagem | B38: 1516299 | C38: Geogrelha unidirecional com resistência à tração de 150 kN/m - fornecimento e instalação | D38: m² | E38: 33.12 | F38: =E38*H38 -> 33.95 | H38: =IF(A38="Sem Reajuste",$R$6,IF(A38="Terraplenagem",$R$7,IF(A38="Obras Arte Especiais",$R$8,IF(A38="Pavimentação",$R$9,IF(A38="Drenagem",$R$10,IF(A38="Sinalização Vertical",$R$11,IF(A38="Administração Local",$R$12,IF(A38="Obras Compl e Meio Ambiente",$R$13,IF(A38="Sinalização Horizontal",$R$14,0))))))))) -> 1.0249163
A39: Terraplenagem | B39: 1516300 | C39: Geogrelha unidirecional com resistência à tração de 200 kN/m - fornecimento e instalação | D39: m² | E39: 43.7 | F39: =E39*H39 -> 44.79 | H39: =IF(A39="Sem Reajuste",$R$6,IF(A39="Terraplenagem",$R$7,IF(A39="Obras Arte Especiais",$R$8,IF(A39="Pavimentação",$R$9,IF(A39="Drenagem",$R$10,IF(A39="Sinalização Vertical",$R$11,IF(A39="Administração Local",$R$12,IF(A39="Obras Compl e Meio Ambiente",$R$13,IF(A39="Sinalização Horizontal",$R$14,0))))))))) -> 1.0249163
A40: Terraplenagem | B40: 1516301 | C40: Geogrelha unidirecional com resistência à tração de 300 kN/m - fornecimento e instalação | D40: m² | E40: 64.98 | F40: =E40*H40 -> 66.6 | H40: =IF(A40="Sem Reajuste",$R$6,IF(A40="Terraplenagem",$R$7,IF(A40="Obras Arte Especiais",$R$8,IF(A40="Pavimentação",$R$9,IF(A40="Drenagem",$R$10,IF(A40="Sinalização Vertical",$R$11,IF(A40="Administração Local",$R$12,IF(A40="Obras Compl e Meio Ambiente",$R$13,IF(A40="Sinalização Horizontal",$R$14,0))))))))) -> 1.0249163
A41: Terraplenagem | B41: 1516302 | C41: Geogrelha unidirecional com resistência à tração de 400 kN/m - fornecimento e instalação | D41: m² | E41: 86.11 | F41: =E41*H41 -> 88.26 | H41: =IF(A41="Sem Reajuste",$R$6,IF(A41="Terraplenagem",$R$7,IF(A41="Obras Arte Especiais",$R$8,IF(A41="Pavimentação",$R$9,IF(A41="Drenagem",$R$10,IF(A41="Sinalização Vertical",$R$11,IF(A41="Administração Local",$R$12,IF(A41="Obras Compl e Meio Ambiente",$R$13,IF(A41="Sinalização Horizontal",$R$14,0))))))))) -> 1.0249163
A42: Terraplenagem | B42: 1516296 | C42: Geogrelha unidirecional com resistência à tração de 50 kN/m - fornecimento e instalação | D42: m² | E42: 23.02 | F42: =E42*H42 -> 23.59 | H42: =IF(A42="Sem Reajuste",$R$6,IF(A42="Terraplenagem",$R$7,IF(A42="Obras Arte Especiais",$R$8,IF(A42="Pavimentação",$R$9,IF(A42="Drenagem",$R$10,IF(A42="Sinalização Vertical",$R$11,IF(A42="Administração Local",$R$12,IF(A42="Obras Compl e Meio Ambiente",$R$13,IF(A42="Sinalização Horizontal",$R$14,0))))))))) -> 1.0249163
A43: Terraplenagem | B43: 1516297 | C43: Geogrelha unidirecional com resistência à tração de 90 kN/m - fornecimento e instalação | D43: m² | E43: 29.84 | F43: =E43*H43 -> 30.58 | H43: =IF(A43="Sem Reajuste",$R$6,IF(A43="Terraplenagem",$R$7,IF(A43="Obras Arte Especiais",$R$8,IF(A43="Pavimentação",$R$9,IF(A43="Drenagem",$R$10,IF(A43="Sinalização Vertical",$R$11,IF(A43="Administração Local",$R$12,IF(A43="Obras Compl e Meio Ambiente",$R$13,IF(A43="Sinalização Horizontal",$R$14,0))))))))) -> 1.0249163
A44: Drenagem | B44: 2003310 | C44: Valeta de proteção de aterros com revestimento vegetal - VPA 01 | D44: m | E44: 57.63 | F44: =E44*H44 -> 58.06 | H44: =IF(A44="Sem Reajuste",$R$6,IF(A44="Terraplenagem",$R$7,IF(A44="Obras Arte Especiais",$R$8,IF(A44="Pavimentação",$R$9,IF(A44="Drenagem",$R$10,IF(A44="Sinalização Vertical",$R$11,IF(A44="Administração Local",$R$12,IF(A44="Obras Compl e Meio Ambiente",$R$13,IF(A44="Sinalização Horizontal",$R$14,0))))))))) -> 1.0075121
A45: Drenagem | B45: 2003311 | C45: Valeta de proteção de aterros com revestimento vegetal - VPA 02 | D45: m | E45: 45.6 | F45: =E45*H45 -> 45.94 | H45: =IF(A45="Sem Reajuste",$R$6,IF(A45="Terraplenagem",$R$7,IF(A45="Obras Arte Especiais",$R$8,IF(A45="Pavimentação",$R$9,IF(A45="Drenagem",$R$10,IF(A45="Sinalização Vertical",$R$11,IF(A45="Administração Local",$R$12,IF(A45="Obras Compl e Meio Ambiente",$R$13,IF(A45="Sinalização Horizontal",$R$14,0))))))))) -> 1.0075121
A46: Drenagem | B46: 2003313 | C46: Valeta de proteção de aterros com revestimento de concreto - VPA 03 - areia e brita comerciais | D46: m | E46: 125.4 | F46: =E46*H46 -> 126.34 | H46: =IF(A46="Sem Reajuste",$R$6,IF(A46="Terraplenagem",$R$7,IF(A46="Obras Arte Especiais",$R$8,IF(A46="Pavimentação",$R$9,IF(A46="Drenagem",$R$10,IF(A46="Sinalização Vertical",$R$11,IF(A46="Administração Local",$R$12,IF(A46="Obras Compl e Meio Ambiente",$R$13,IF(A46="Sinalização Horizontal",$R$14,0))))))))) -> 1.0075121
A47: Drenagem | B47: 2003315 | C47: Valeta de proteção de aterros com revestimento de concreto - VPA 04 - areia e brita comerciais | D47: m | E47: 99.98 | F47: =E47*H47 -> 100.73 | H47: =IF(A47="Sem Reajuste",$R$6,IF(A47="Terraplenagem",$R$7,IF(A47="Obras Arte Especiais",$R$8,IF(A47="Pavimentação",$R$9,IF(A47="Drenagem",$R$10,IF(A47="Sinalização Vertical",$R$11,IF(A47="Administração Local",$R$12,IF(A47="Obras Compl e Meio Ambiente",$R$13,IF(A47="Sinalização Horizontal",$R$14,0))))))))) -> 1.0075121
A48: Drenagem | B48: 2003842 | C48: Enchimento de junta de concreto com argamassa asfáltica de densidade 1.700 kg/m³ - espessura de 1 cm | D48: kg | E48: 76.71 | F48: =E48*H48 -> 77.29 | H48: =IF(A48="Sem Reajuste",$R$6,IF(A48="Terraplenagem",$R$7,IF(A48="Obras Arte Especiais",$R$8,IF(A48="Pavimentação",$R$9,IF(A48="Drenagem",$R$10,IF(A48="Sinalização Vertical",$R$11,IF(A48="Administração Local",$R$12,IF(A48="Obras Compl e Meio Ambiente",$R$13,IF(A48="Sinalização Horizontal",$R$14,0))))))))) -> 1.0075121
A49: Drenagem | B49: 4413996 | C49: Enleivamento | D49: m² | E49: 10.76 | F49: =E49*H49 -> 10.84 | H49: =IF(A49="Sem Reajuste",$R$6,IF(A49="Terraplenagem",$R$7,IF(A49="Obras Arte Especiais",$R$8,IF(A49="Pavimentação",$R$9,IF(A49="Drenagem",$R$10,IF(A49="Sinalização Vertical",$R$11,IF(A49="Administração Local",$R$12,IF(A49="Obras Compl e Meio Ambiente",$R$13,IF(A49="Sinalização Horizontal",$R$14,0))))))))) -> 1.0075121
A50: Drenagem | B50: 3108022 | C50: Guia de madeira de 2,5 x 8,0 cm - confeccção e instalação | D50: m | E50: 3.64 | F50: =E50*H50 -> 3.67 | H50: =IF(A50="Sem Reajuste",$R$6,IF(A50="Terraplenagem",$R$7,IF(A50="Obras Arte Especiais",$R$8,IF(A50="Pavimentação",$R$9,IF(A50="Drenagem",$R$10,IF(A50="Sinalização Vertical",$R$11,IF(A50="Administração Local",$R$12,IF(A50="Obras Compl e Meio Ambiente",$R$13,IF(A50="Sinalização Horizontal",$R$14,0))))))))) -> 1.0075121
A51: Drenagem | B51: E9071 | C51: Transportador manual carrinho de mão com capacidade de 80 l - chp | D51: h | E51: 0.7083 | F51: =E51*H51 -> 0.71 | H51: =IF(A51="Sem Reajuste",$R$6,IF(A51="Terraplenagem",$R$7,IF(A51="Obras Arte Especiais",$R$8,IF(A51="Pavimentação",$R$9,IF(A51="Drenagem",$R$10,IF(A51="Sinalização Vertical",$R$11,IF(A51="Administração Local",$R$12,IF(A51="Obras Compl e Meio Ambiente",$R$13,IF(A51="Sinalização Horizontal",$R$14,0))))))))) -> 1.0075121
A52: Drenagem | B52: M1391 | C52: Ponteiro para martelete - D = 22 mm e C = 1,00 m | D52: un | E52: 491.5904 | F52: =E52*H52 -> 495.28 | H52: =IF(A52="Sem Reajuste",$R$6,IF(A52="Terraplenagem",$R$7,IF(A52="Obras Arte Especiais",$R$8,IF(A52="Pavimentação",$R$9,IF(A52="Drenagem",$R$10,IF(A52="Sinalização Vertical",$R$11,IF(A52="Administração Local",$R$12,IF(A52="Obras Compl e Meio Ambiente",$R$13,IF(A52="Sinalização Horizontal",$R$14,0))))))))) -> 1.0075121
A53: Drenagem | B53: E9127 | C53: Escavadeira hidráulica com martelo hidráulico de 520 kg - 75 Kw - chp | D53: chp | E53: 319.1815 | F53: =E53*H53 -> 321.58 | H53: =IF(A53="Sem Reajuste",$R$6,IF(A53="Terraplenagem",$R$7,IF(A53="Obras Arte Especiais",$R$8,IF(A53="Pavimentação",$R$9,IF(A53="Drenagem",$R$10,IF(A53="Sinalização Vertical",$R$11,IF(A53="Administração Local",$R$12,IF(A53="Obras Compl e Meio Ambiente",$R$13,IF(A53="Sinalização Horizontal",$R$14,0))))))))) -> 1.0075121
A54: Drenagem | B54: M0603 | C54: Ponteiro para rompedor hidráulico de 520 kg | D54: un | E54: 6328.0987 | F54: =E54*H54 -> 6375.64 | H54: =IF(A54="Sem Reajuste",$R$6,IF(A54="Terraplenagem",$R$7,IF(A54="Obras Arte Especiais",$R$8,IF(A54="Pavimentação",$R$9,IF(A54="Drenagem",$R$10,IF(A54="Sinalização Vertical",$R$11,IF(A54="Administração Local",$R$12,IF(A54="Obras Compl e Meio Ambiente",$R$13,IF(A54="Sinalização Horizontal",$R$14,0))))))))) -> 1.0075121
A55: Administração Local | B55: E9512 CHP | C55: Veículo leve - 53 kW | D55: chp | E55: 69.3408 | F55: =E55*H55 -> 69.95 | H55: =IF(A55="Sem Reajuste",$R$6,IF(A55="Terraplenagem",$R$7,IF(A55="Obras Arte Especiais",$R$8,IF(A55="Pavimentação",$R$9,IF(A55="Drenagem",$R$10,IF(A55="Sinalização Vertical",$R$11,IF(A55="Administração Local",$R$12,IF(A55="Obras Compl e Meio Ambiente",$R$13,IF(A55="Sinalização Horizontal",$R$14,0))))))))) -> 1.0088279
A56: Administração Local | B56: E9512 CHI | C56: Veículo leve - 53 kW | D56: chi | E56: 39.3296 | F56: =E56*H56 -> 39.68 | H56: =IF(A56="Sem Reajuste",$R$6,IF(A56="Terraplenagem",$R$7,IF(A56="Obras Arte Especiais",$R$8,IF(A56="Pavimentação",$R$9,IF(A56="Drenagem",$R$10,IF(A56="Sinalização Vertical",$R$11,IF(A56="Administração Local",$R$12,IF(A56="Obras Compl e Meio Ambiente",$R$13,IF(A56="Sinalização Horizontal",$R$14,0))))))))) -> 1.0088279
A57: Administração Local | B57: E9512 MDO | C57: Veículo leve - 53 kW | D57: mdo | E57: 32.3437 | F57: =E57*H57 -> 32.63 | H57: =IF(A57="Sem Reajuste",$R$6,IF(A57="Terraplenagem",$R$7,IF(A57="Obras Arte Especiais",$R$8,IF(A57="Pavimentação",$R$9,IF(A57="Drenagem",$R$10,IF(A57="Sinalização Vertical",$R$11,IF(A57="Administração Local",$R$12,IF(A57="Obras Compl e Meio Ambiente",$R$13,IF(A57="Sinalização Horizontal",$R$14,0))))))))) -> 1.0088279
A58: Administração Local | B58: E9125 CHP | C58: Van furgão - 93 kW | D58: chp | E58: 93.7824 | F58: =E58*H58 -> 94.61 | H58: =IF(A58="Sem Reajuste",$R$6,IF(A58="Terraplenagem",$R$7,IF(A58="Obras Arte Especiais",$R$8,IF(A58="Pavimentação",$R$9,IF(A58="Drenagem",$R$10,IF(A58="Sinalização Vertical",$R$11,IF(A58="Administração Local",$R$12,IF(A58="Obras Compl e Meio Ambiente",$R$13,IF(A58="Sinalização Horizontal",$R$14,0))))))))) -> 1.0088279
A59: Administração Local | B59: E9125 CHI | C59: Van furgão - 93 kW | D59: chi | E59: 52.6179 | F59: =E59*H59 -> 53.08 | H59: =IF(A59="Sem Reajuste",$R$6,IF(A59="Terraplenagem",$R$7,IF(A59="Obras Arte Especiais",$R$8,IF(A59="Pavimentação",$R$9,IF(A59="Drenagem",$R$10,IF(A59="Sinalização Vertical",$R$11,IF(A59="Administração Local",$R$12,IF(A59="Obras Compl e Meio Ambiente",$R$13,IF(A59="Sinalização Horizontal",$R$14,0))))))))) -> 1.0088279
A60: Obras Compl e Meio Ambiente | B60: E9082 | C60: Bate-estaca hidráulico para defensas montado em caminhão guindauto com capacidade de 20 t.m e carroceria de 4 t - 136 kW | D60: chp | E60: 400.5844 | F60: =E60*H60 -> 408.29 | H60: =IF(A60="Sem Reajuste",$R$6,IF(A60="Terraplenagem",$R$7,IF(A60="Obras Arte Especiais",$R$8,IF(A60="Pavimentação",$R$9,IF(A60="Drenagem",$R$10,IF(A60="Sinalização Vertical",$R$11,IF(A60="Administração Local",$R$12,IF(A60="Obras Compl e Meio Ambiente",$R$13,IF(A60="Sinalização Horizontal",$R$14,0))))))))) -> 1.0192368
A61: Obras Compl e Meio Ambiente | B61: M1968 | C61: Defensa metálica semimaleável simples | D61: un | E61: 1267.9151 | F61: =E61*H61 -> 1292.31 | H61: =IF(A61="Sem Reajuste",$R$6,IF(A61="Terraplenagem",$R$7,IF(A61="Obras Arte Especiais",$R$8,IF(A61="Pavimentação",$R$9,IF(A61="Drenagem",$R$10,IF(A61="Sinalização Vertical",$R$11,IF(A61="Administração Local",$R$12,IF(A61="Obras Compl e Meio Ambiente",$R$13,IF(A61="Sinalização Horizontal",$R$14,0))))))))) -> 1.0192368
A62: Drenagem | B62: E9775 | C62: Escavadeira hidráulica com martelo hidráulico de 1.700 kg - 130 Kw - chp | D62: h | E62: 641.5064 | F62: =E62*H62 -> 646.33 | H62: =IF(A62="Sem Reajuste",$R$6,IF(A62="Terraplenagem",$R$7,IF(A62="Obras Arte Especiais",$R$8,IF(A62="Pavimentação",$R$9,IF(A62="Drenagem",$R$10,IF(A62="Sinalização Vertical",$R$11,IF(A62="Administração Local",$R$12,IF(A62="Obras Compl e Meio Ambiente",$R$13,IF(A62="Sinalização Horizontal",$R$14,0))))))))) -> 1.0075121
... A73: Sinalização Horizontal | B73: M3829 | C73: Tacha refletiva em plástico injetado monodirecional com um pino - tipo I | D73: un | E73: 18.5751 | F73: =E73*H73 -> 18.71 | H73: =IF(A73="Sem Reajuste",$R$6,IF(A73="Terraplenagem",$R$7,IF(A73="Obras Arte Especiais",$R$8,IF(A73="Pavimentação",$R$9,IF(A73="Drenagem",$R$10,IF(A73="Sinalização Vertical",$R$11,IF(A73="Administração Local",$R$12,IF(A73="Obras Compl e Meio Ambiente",$R$13,IF(A73="Sinalização Horizontal",$R$14,0))))))))) -> 1.0074106
A74: Drenagem | B74: 3108018 | C74: Guia de madeira de 2,5 x 7,0 cm - confeccção e instalação | D74: m | E74: 3.25 | F74: =E74*H74 -> 3.27 | H74: =IF(A74="Sem Reajuste",$R$6,IF(A74="Terraplenagem",$R$7,IF(A74="Obras Arte Especiais",$R$8,IF(A74="Pavimentação",$R$9,IF(A74="Drenagem",$R$10,IF(A74="Sinalização Vertical",$R$11,IF(A74="Administração Local",$R$12,IF(A74="Obras Compl e Meio Ambiente",$R$13,IF(A74="Sinalização Horizontal",$R$14,0))))))))) -> 1.0075121
A75: Pavimentação | B75: E9579 | C75: Caminhão basculante com capacidade de 10 m³ - 188 kW | D75: chp | E75: 313.6417 | F75: =E75*H75 -> 316.87 | H75: =IF(A75="Sem Reajuste",$R$6,IF(A75="Terraplenagem",$R$7,IF(A75="Obras Arte Especiais",$R$8,IF(A75="Pavimentação",$R$9,IF(A75="Drenagem",$R$10,IF(A75="Sinalização Vertical",$R$11,IF(A75="Administração Local",$R$12,IF(A75="Obras Compl e Meio Ambiente",$R$13,IF(A75="Sinalização Horizontal",$R$14,0))))))))) -> 1.010304
A76: Pavimentação | B76: E9520 | C76: Caminhão com caçamba térmica com capacidade de 6 m³ - 188 kw | D76: chp | E76: 203.5862 | F76: =E76*H76 -> 205.68 | H76: =IF(A76="Sem Reajuste",$R$6,IF(A76="Terraplenagem",$R$7,IF(A76="Obras Arte Especiais",$R$8,IF(A76="Pavimentação",$R$9,IF(A76="Drenagem",$R$10,IF(A76="Sinalização Vertical",$R$11,IF(A76="Administração Local",$R$12,IF(A76="Obras Compl e Meio Ambiente",$R$13,IF(A76="Sinalização Horizontal",$R$14,0))))))))) -> 1.010304
A77: Obras Compl e Meio Ambiente | B77: 1400975 - SICRO | C77: Corte de chapa de aço com guilhotina hidráulica | D77: m | E77: 4.31 | F77: =E77*H77 -> 4.39 | H77: =IF(A77="Sem Reajuste",$R$6,IF(A77="Terraplenagem",$R$7,IF(A77="Obras Arte Especiais",$R$8,IF(A77="Pavimentação",$R$9,IF(A77="Drenagem",$R$10,IF(A77="Sinalização Vertical",$R$11,IF(A77="Administração Local",$R$12,IF(A77="Obras Compl e Meio Ambiente",$R$13,IF(A77="Sinalização Horizontal",$R$14,0))))))))) -> 1.0192368
A78: Obras Compl e Meio Ambiente | B78: 1400977 - SICRO | C78: Dobramento de chapas metálicas com espessuras de 6,3 a 10 mm | D78: m | E78: 3.73 | F78: =E78*H78 -> 3.8 | H78: =IF(A78="Sem Reajuste",$R$6,IF(A78="Terraplenagem",$R$7,IF(A78="Obras Arte Especiais",$R$8,IF(A78="Pavimentação",$R$9,IF(A78="Drenagem",$R$10,IF(A78="Sinalização Vertical",$R$11,IF(A78="Administração Local",$R$12,IF(A78="Obras Compl e Meio Ambiente",$R$13,IF(A78="Sinalização Horizontal",$R$14,0))))))))) -> 1.0192368
A79: Administração Local | B79: P9883 | C79: Chefe do setor administrativo | D79: mês | E79: 8475.4766 | F79: =E79*H79 -> 8550.3 | H79: =IF(A79="Sem Reajuste",$R$6,IF(A79="Terraplenagem",$R$7,IF(A79="Obras Arte Especiais",$R$8,IF(A79="Pavimentação",$R$9,IF(A79="Drenagem",$R$10,IF(A79="Sinalização Vertical",$R$11,IF(A79="Administração Local",$R$12,IF(A79="Obras Compl e Meio Ambiente",$R$13,IF(A79="Sinalização Horizontal",$R$14,0))))))))) -> 1.0088279
A80: Administração Local | B80: P9806 | C80: Auxiliar Administrativo | D80: mês | E80: 5166.5025 | F80: =E80*H80 -> 5212.11 | H80: =IF(A80="Sem Reajuste",$R$6,IF(A80="Terraplenagem",$R$7,IF(A80="Obras Arte Especiais",$R$8,IF(A80="Pavimentação",$R$9,IF(A80="Drenagem",$R$10,IF(A80="Sinalização Vertical",$R$11,IF(A80="Administração Local",$R$12,IF(A80="Obras Compl e Meio Ambiente",$R$13,IF(A80="Sinalização Horizontal",$R$14,0))))))))) -> 1.0088279
A81: Administração Local | B81: P9842 | C81: Faxineiro | D81: mês | E81: 4316.6725 | F81: =E81*H81 -> 4354.78 | H81: =IF(A81="Sem Reajuste",$R$6,IF(A81="Terraplenagem",$R$7,IF(A81="Obras Arte Especiais",$R$8,IF(A81="Pavimentação",$R$9,IF(A81="Drenagem",$R$10,IF(A81="Sinalização Vertical",$R$11,IF(A81="Administração Local",$R$12,IF(A81="Obras Compl e Meio Ambiente",$R$13,IF(A81="Sinalização Horizontal",$R$14,0))))))))) -> 1.0088279
A82: Pavimentação | B82: E9156 | C82: Soprador de ar costal - 2,6 kw | D82: chp | E82: 5.5891 | F82: =E82*H82 -> 5.65 | H82: =IF(A82="Sem Reajuste",$R$6,IF(A82="Terraplenagem",$R$7,IF(A82="Obras Arte Especiais",$R$8,IF(A82="Pavimentação",$R$9,IF(A82="Drenagem",$R$10,IF(A82="Sinalização Vertical",$R$11,IF(A82="Administração Local",$R$12,IF(A82="Obras Compl e Meio Ambiente",$R$13,IF(A82="Sinalização Horizontal",$R$14,0))))))))) -> 1.010304
A83: Sinalização Vertical | B83: M1367 | C83: Chapa fina em aço galvanizado | D83: kg | E83: 9.8967 | F83: =E83*H83 -> 10 | H83: =IF(A83="Sem Reajuste",$R$6,IF(A83="Terraplenagem",$R$7,IF(A83="Obras Arte Especiais",$R$8,IF(A83="Pavimentação",$R$9,IF(A83="Drenagem",$R$10,IF(A83="Sinalização Vertical",$R$11,IF(A83="Administração Local",$R$12,IF(A83="Obras Compl e Meio Ambiente",$R$13,IF(A83="Sinalização Horizontal",$R$14,0))))))))) -> 1.0105247
A84: Sinalização Vertical | B84: M3229 | C84: Película retrorrefletiva tipo I + SI (sinal impresso com película de sobreposição tipo V) | D84: m² | E84: 431.2091 | F84: =E84*H84 -> 435.75 | H84: =IF(A84="Sem Reajuste",$R$6,IF(A84="Terraplenagem",$R$7,IF(A84="Obras Arte Especiais",$R$8,IF(A84="Pavimentação",$R$9,IF(A84="Drenagem",$R$10,IF(A84="Sinalização Vertical",$R$11,IF(A84="Administração Local",$R$12,IF(A84="Obras Compl e Meio Ambiente",$R$13,IF(A84="Sinalização Horizontal",$R$14,0))))))))) -> 1.0105247
A85: Sinalização Vertical | B85: 5212552 | C85: Pintura eletrostática a pó com tinta poliéster em chapa de aço | D85: m² | E85: 16.71 | F85: =E85*H85 -> 16.89 | H85: =IF(A85="Sem Reajuste",$R$6,IF(A85="Terraplenagem",$R$7,IF(A85="Obras Arte Especiais",$R$8,IF(A85="Pavimentação",$R$9,IF(A85="Drenagem",$R$10,IF(A85="Sinalização Vertical",$R$11,IF(A85="Administração Local",$R$12,IF(A85="Obras Compl e Meio Ambiente",$R$13,IF(A85="Sinalização Horizontal",$R$14,0))))))))) -> 1.0105247
A86: Drenagem | B86: M0602 | C86: Ponteiro para rompedor hidráulico de 1.700 kg | D86: un | E86: 7753.2022 | F86: =E86*H86 -> 7811.45 | H86: =IF(A86="Sem Reajuste",$R$6,IF(A86="Terraplenagem",$R$7,IF(A86="Obras Arte Especiais",$R$8,IF(A86="Pavimentação",$R$9,IF(A86="Drenagem",$R$10,IF(A86="Sinalização Vertical",$R$11,IF(A86="Administração Local",$R$12,IF(A86="Obras Compl e Meio Ambiente",$R$13,IF(A86="Sinalização Horizontal",$R$14,0))))))))) -> 1.0075121
A87: Drenagem | B87: M1658 | C87: Tubo PEAD corrugado perfurado para drenagem - D = 230 mm | D87: m | E87: 45.1507 | F87: =E87*H87 -> 45.49 | H87: =IF(A87="Sem Reajuste",$R$6,IF(A87="Terraplenagem",$R$7,IF(A87="Obras Arte Especiais",$R$8,IF(A87="Pavimentação",$R$9,IF(A87="Drenagem",$R$10,IF(A87="Sinalização Vertical",$R$11,IF(A87="Administração Local",$R$12,IF(A87="Obras Compl e Meio Ambiente",$R$13,IF(A87="Sinalização Horizontal",$R$14,0))))))))) -> 1.0075121
A88: Sinalização Vertical | B88: M3237 | C88: PELÍCULA RETRORREFLETIVA TIPO III | D88: M² | E88: 222.5407 | F88: =E88*H88 -> 224.88 | H88: =IF(A88="Sem Reajuste",$R$6,IF(A88="Terraplenagem",$R$7,IF(A88="Obras Arte Especiais",$R$8,IF(A88="Pavimentação",$R$9,IF(A88="Drenagem",$R$10,IF(A88="Sinalização Vertical",$R$11,IF(A88="Administração Local",$R$12,IF(A88="Obras Compl e Meio Ambiente",$R$13,IF(A88="Sinalização Horizontal",$R$14,0))))))))) -> 1.0105247
A89: Sinalização Vertical | B89: E9568 | C89: FURADEIRA DE IMPACTO DE 12,5 MM - 0,80 KW | D89: CHP | E89: 3683 | F89: =E89*H89 -> 3721.76 | H89: =IF(A89="Sem Reajuste",$R$6,IF(A89="Terraplenagem",$R$7,IF(A89="Obras Arte Especiais",$R$8,IF(A89="Pavimentação",$R$9,IF(A89="Drenagem",$R$10,IF(A89="Sinalização Vertical",$R$11,IF(A89="Administração Local",$R$12,IF(A89="Obras Compl e Meio Ambiente",$R$13,IF(A89="Sinalização Horizontal",$R$14,0))))))))) -> 1.0105247
A90: Sinalização Vertical | B90: E9753 | C90: GRUPO GERADOR - 23 KVA | D90: CHP | E90: 31.1465 | F90: =E90*H90 -> 31.47 | H90: =IF(A90="Sem Reajuste",$R$6,IF(A90="Terraplenagem",$R$7,IF(A90="Obras Arte Especiais",$R$8,IF(A90="Pavimentação",$R$9,IF(A90="Drenagem",$R$10,IF(A90="Sinalização Vertical",$R$11,IF(A90="Administração Local",$R$12,IF(A90="Obras Compl e Meio Ambiente",$R$13,IF(A90="Sinalização Horizontal",$R$14,0))))))))) -> 1.0105247
A91: Sinalização Vertical | B91: E9623 | C91: MÁQUINA DE BANCADA GUILHOTINA - 4,00 KW | D91: CHP | E91: 14.8139 | F91: =E91*H91 -> 14.97 | H91: =IF(A91="Sem Reajuste",$R$6,IF(A91="Terraplenagem",$R$7,IF(A91="Obras Arte Especiais",$R$8,IF(A91="Pavimentação",$R$9,IF(A91="Drenagem",$R$10,IF(A91="Sinalização Vertical",$R$11,IF(A91="Administração Local",$R$12,IF(A91="Obras Compl e Meio Ambiente",$R$13,IF(A91="Sinalização Horizontal",$R$14,0))))))))) -> 1.0105247
A92: Sinalização Vertical | B92: E9622 | C92: MÁQUINA DE BANCADA UNIVERSAL PARA CORTE DE CHAPA 1,50 KW | D92: CHP | E92: 11.2987 | F92: =E92*H92 -> 11.42 | H92: =IF(A92="Sem Reajuste",$R$6,IF(A92="Terraplenagem",$R$7,IF(A92="Obras Arte Especiais",$R$8,IF(A92="Pavimentação",$R$9,IF(A92="Drenagem",$R$10,IF(A92="Sinalização Vertical",$R$11,IF(A92="Administração Local",$R$12,IF(A92="Obras Compl e Meio Ambiente",$R$13,IF(A92="Sinalização Horizontal",$R$14,0))))))))) -> 1.0105247
A93: Sinalização Vertical | B93: E9507 | C93: PLOTADORA DE RECORTE COM COMPUTADOR E PROGRAMA COMPUTACIONAL | D93: CHP | E93: 25.8164 | F93: =E93*H93 -> 26.09 | H93: =IF(A93="Sem Reajuste",$R$6,IF(A93="Terraplenagem",$R$7,IF(A93="Obras Arte Especiais",$R$8,IF(A93="Pavimentação",$R$9,IF(A93="Drenagem",$R$10,IF(A93="Sinalização Vertical",$R$11,IF(A93="Administração Local",$R$12,IF(A93="Obras Compl e Meio Ambiente",$R$13,IF(A93="Sinalização Horizontal",$R$14,0))))))))) -> 1.0105247
A94: Sinalização Vertical | B94: 2408058 | C94: SOLDA ELETRICA DE PERFIS METÁLICOS E CHAPAS DE AÇO COM ELETRODO E70XX | D94: KG | E94: 68.57 | F94: =E94*H94 -> 69.29 | H94: =IF(A94="Sem Reajuste",$R$6,IF(A94="Terraplenagem",$R$7,IF(A94="Obras Arte Especiais",$R$8,IF(A94="Pavimentação",$R$9,IF(A94="Drenagem",$R$10,IF(A94="Sinalização Vertical",$R$11,IF(A94="Administração Local",$R$12,IF(A94="Obras Compl e Meio Ambiente",$R$13,IF(A94="Sinalização Horizontal",$R$14,0))))))))) -> 1.0105247
A95: Drenagem | B95: 2004504 | C95: ESCAVAÇÃO MECÂNICA DE VALA PARA DRENAGEM COM VALETADEIRA EM MATERIAL DE 1ª CATEGORIA | D95: M³ | E95: 20.65 | F95: =E95*H95 -> 20.81 | H95: =IF(A95="Sem Reajuste",$R$6,IF(A95="Terraplenagem",$R$7,IF(A95="Obras Arte Especiais",$R$8,IF(A95="Pavimentação",$R$9,IF(A95="Drenagem",$R$10,IF(A95="Sinalização Vertical",$R$11,IF(A95="Administração Local",$R$12,IF(A95="Obras Compl e Meio Ambiente",$R$13,IF(A95="Sinalização Horizontal",$R$14,0))))))))) -> 1.0075121
A96: Drenagem | B96: 1416201 | C96: CORTE DE BARRAS E FIOS DE AÇO COM MAÇARICO OXIACETILENO | D96: CM² | E96: 0.27 | F96: =E96*H96 -> 0.27 | H96: =IF(A96="Sem Reajuste",$R$6,IF(A96="Terraplenagem",$R$7,IF(A96="Obras Arte Especiais",$R$8,IF(A96="Pavimentação",$R$9,IF(A96="Drenagem",$R$10,IF(A96="Sinalização Vertical",$R$11,IF(A96="Administração Local",$R$12,IF(A96="Obras Compl e Meio Ambiente",$R$13,IF(A96="Sinalização Horizontal",$R$14,0))))))))) -> 1.0075121
A107: Sem Reajuste | B107: M2086 | C107: Tachão refletivo bidirecional | D107: un | E107: 28.75 | F107: =E107*H107 -> 28.75 | H107: =IF(A107="Sem Reajuste",$R$6,IF(A107="Terraplenagem",$R$7,IF(A107="Obras Arte Especiais",$R$8,IF(A107="Pavimentação",$R$9,IF(A107="Drenagem",$R$10,IF(A107="Sinalização Vertical",$R$11,IF(A107="Administração Local",$R$12,IF(A107="Obras Compl e Meio Ambiente",$R$13,IF(A107="Sinalização Horizontal",$R$14,0))))))))) -> 1 | O107: SICRO 10/2019
A108: Sem Reajuste | B108: M2085 | C108: TACHÃO REFLETIVO MONODIRECIONAL | D108: un | E108: 27.74 | F108: =E108*H108 -> 27.74 | H108: =IF(A108="Sem Reajuste",$R$6,IF(A108="Terraplenagem",$R$7,IF(A108="Obras Arte Especiais",$R$8,IF(A108="Pavimentação",$R$9,IF(A108="Drenagem",$R$10,IF(A108="Sinalização Vertical",$R$11,IF(A108="Administração Local",$R$12,IF(A108="Obras Compl e Meio Ambiente",$R$13,IF(A108="Sinalização Horizontal",$R$14,0))))))))) -> 1 | O108: SICRO 04/2020
A109: Sem Reajuste | B109: M2084 | C109: TACHA REFLETIVA BIDIRECIONAL | D109: un | E109: 11.7 | F109: =E109*H109 -> 11.7 | H109: =IF(A109="Sem Reajuste",$R$6,IF(A109="Terraplenagem",$R$7,IF(A109="Obras Arte Especiais",$R$8,IF(A109="Pavimentação",$R$9,IF(A109="Drenagem",$R$10,IF(A109="Sinalização Vertical",$R$11,IF(A109="Administração Local",$R$12,IF(A109="Obras Compl e Meio Ambiente",$R$13,IF(A109="Sinalização Horizontal",$R$14,0))))))))) -> 1 | O109: SICRO 04/2020
A110: Sem Reajuste | B110: M2083 | C110: TACHA REFLETIVA MONODIRECIONAL | D110: un | E110: 10.59 | F110: =E110*H110 -> 10.59 | H110: =IF(A110="Sem Reajuste",$R$6,IF(A110="Terraplenagem",$R$7,IF(A110="Obras Arte Especiais",$R$8,IF(A110="Pavimentação",$R$9,IF(A110="Drenagem",$R$10,IF(A110="Sinalização Vertical",$R$11,IF(A110="Administração Local",$R$12,IF(A110="Obras Compl e Meio Ambiente",$R$13,IF(A110="Sinalização Horizontal",$R$14,0))))))))) -> 1 | O110: SICRO 04/2020

Sheet AGESUL ONER DESON
A1: AGENCIA ESTADUAL DE GESTAO DE EMPREENDIMENTOS - AGESUL | K1: AGENCIA ESTADUAL DE GESTAO DE EMPREENDIMENTOS - AGESUL
D2: BOLETIM DE PRECOS SEM BDI (SINAPI/AGESUL) - JANEIRO/2025 (LEIS SOCIAIS - 107,52%) - MOEDA: REAL | K2: BOLETIM DE PRECOS SEM BDI (SINAPI/AGESUL) - JANEIRO/2025 (LEIS SOCIAIS - 86,39%) - MOEDA: REAL
F4: onerado
B5: CANTEIRO DE OBRAS | F5: NÃO DESONERADO | K5: DESONERADO
F6: 6 | K6: 11
A7: CODIGO | B7: S E R V I C O S | C7: UNID | D7: MATERIAL | E7: MAO OBRA | F7: TOTAL | H7: UNID | I7: MATERIAL | J7: MAO OBRA | K7: TOTAL
B8: * CANTEIRO DE OBRAS - SERVICOS GERAIS
A9: 101001101 | B9: PLACA DE OBRA EM CHAPA GALVANIZADA N. 22, ADESIVADA | C9: M2 | D9: 441.4 | E9: 66.83 | F9: 508.23 | H9: M2 | I9: 441.34 | J9: 61.89 | K9: 503.23
A10: 101001106 | B10: SINAPI - 98524 - LIMPEZA MANUAL DE VEGETACAO EM TERRENO COM ENXADA. AF_03/2024 | C10: M2 | F10: 4.42 | H10: M2 | K10: 4.1
A11: 101001111 | B11: REGULARIZACAO DO SOLO COM IRREGULARIDADES ATE 0,20 M | C11: M2 | D11: 0 | E11: 8.29 | F11: 8.29 | H11: M2 | I11: 0 | J11: 7.7 | K11: 7.7
A12: 101001116 | B12: SINAPI - 100575 - REGULARIZACAO DE SUPERFICIES COM MOTONIVELADORA. AF_09/2024 | C12: M2 | F12: 1.87 | H12: M2 | K12: 1.81
A13: 101001121 | B13: SINAPI - 98525 - LIMPEZA MECANIZADA DE CAMADA VEGETAL, VEGETACAO E PEQUENAS ARVORES (DIAMETRO DE TRONCO MENOR QUE 0,20 M), COM TRATOR DE ESTEIRAS. AF_03/2024 | C13: M2 | F13: 0.67 | H13: M2 | K13: 0.64
A14: 101001126 | B14: SINAPI - 99059 - LOCACAO CONVENCIONAL DE OBRA, UTILIZANDO GABARITO DE TABUAS CORRIDAS PONTALETADAS A CADA 2,00M - 2 UTILIZACOES. AF_03/2024 | C14: M | F14: 60.12 | H14: M | K14: 57.45
A15: 101001131 | B15: TAPUME COM TELHA TRAPEZOIDAL EM ACO GALVANIZADO, ESP=0,50MM, ESTRUTURA EM MADEIRA NAO APARELHADA (REAPROVEITAMENTO DA TELHA DE 3X), INCLUSO PINTURA LATEX EXTERNAMENTE | C15: M2 | D15: 56.71 | E15: 18.41 | F15: 75.12 | H15: M2 | I15: 56.24 | J15: 16.99 | K15: 73.23
A16: 101001136 | B16: PORTAO PARA TAPUME COM TELHA TRAPEZOIDAL EM ACO GALVANIZADO, ESP=0,5MM, EM ESTRUTURA DE MADEIRA, INCLUSIVE FERRAGENS (REAPROVEITAMENTO DA TELHA DE 3X), INCLUSO PINTURA LATEX EXTERNAMENTE | C16: M2 | D16: 54.99 | E16: 23.2 | F16: 78.19 | H16: M2 | I16: 54.59 | J16: 21.44 | K16: 76.03
A17: 101001141 | B17: EXECUCAO DE ESCRITORIO EM CANTEIRO DE OBRAS, FORA DA PROJECAO DA LAJE, EM CHAPA DE MADEIRA COMPENSADA, NAO INCLUSO MOBILIARIO E EQUIPAMENTOS | C17: M2 | D17: 1035.15 | E17: 0 | F17: 1035.15 | H17: M2 | I17: 1010.57 | J17: 0 | K17: 1010.57
A18: 101001146 | B18: EXECUCAO DE ALMOXARIFADO EM CANTEIRO DE OBRAS, FORA DA PROJECAO DA LAJE, EM CHAPA DE MADEIRA COMPENSADA, NAO INCLUSO MOBILIARIO E EQUIPAMENTOS | C18: M2 | D18: 658.1 | E18: 0 | F18: 658.1 | H18: M2 | I18: 643.1 | J18: 0 | K18: 643.1
A19: 101001151 | B19: EXECUCAO DE REFEITORIO EM CANTEIRO DE OBRAS, FORA DA PROJECAO DA LAJE, EM CHAPA DE MADEIRA COMPENSADA, NAO INCLUSO MOBILIARIO E EQUIPAMENTOS | C19: M2 | D19: 694.56 | E19: 0 | F19: 694.56 | H19: M2 | I19: 678.79 | J19: 0 | K19: 678.79
A20: 101001156 | B20: BEBEDOURO INDUSTRIAL DE COLUNA EM ACO INOX, CAPACIDADE DE 50 LITROS, 2 TORNEIRAS, KIT INSTALACAO E FILTRO BACTERIOLOGICO, REF. KX-05 DA KNOX OU SIMILAR (REAPROVEITAMENTO DE 6X) | C20: UN | D20: 484.59 | E20: 22.86 | F20: 507.45 | H20: UN | I20: 484.59 | J20: 21.09 | K20: 505.68
A21: 101001161 | B21: EXECUCAO DE SANITARIO E VESTIARIO EM CANTEIRO DE OBRAS, FORA DA PROJECAO DA LAJE, EM CHAPA DE MADEIRA COMPENSADA, NAO INCLUSO MOBILIARIO | C21: M2 | D21: 938.82 | E21: 0 | F21: 938.82 | H21: M2 | I21: 916.41 | J21: 0 | K21: 916.41
A22: 101001166 | B22: EXECUCAO DE CENTRAL DE FORMAS, PRODUCAO DE ARGAMASSA OU CONCRETO EM CANTEIRO DE OBRAS, NAO INCLUSO MOBILIARIO E EQUIPAMENTOS | C22: M2 | D22: 733.24 | E22: 0 | F22: 733.24 | H22: M2 | I22: 716.16 | J22: 0 | K22: 716.16
A23: 101001168 | B23: EXECUCAO DE CENTRAL DE ARMADURA EM CANTEIRO DE OBRA, NAO INCLUSO MOBILIARIO E EQUIPAMENTOS | C23: M2 | D23: 239.37 | E23: 0 | F23: 239.37 | H23: M2 | I23: 233.83 | J23: 0 | K23: 233.83
A24: 101001171 | B24: EXECUCAO DE RESERVATORIO ELEVADO DE AGUA (2000 LITROS) EM CANTEIRO DE OBRAS, APOIADO EM ESTRUTURA DE MADEIRA | C24: UN | D24: 12162.51 | E24: 0 | F24: 12162.51 | H24: UN | I24: 11962.21 | J24: 0 | K24: 11962.21
A25: 101001176 | B25: LOCACAO DE BANHEIRO QUIMICO, INCLUSO 4 HIGIENIZACOES, MOBILIZACAO E DESMOBILIZACAO | C25: MES | D25: 1400 | E25: 0 | F25: 1400 | H25: MES | I25: 1400 | J25: 0 | K25: 1400
A26: 101001181 | B26: LOCACAO DE CONTAINER PARA DEPOSITO DE (2,30 X 6,00)M, ALT. 2,50M, SEM DIVISORIAS INTERNAS E SEM SANITARIO, EXC TRANSP/CARGA/DESCARGA | C26: MES | D26: 650.39 | E26: 0 | F26: 650.39 | H26: MES | I26: 650.39 | J26: 0 | K26: 650.39
... A29: 101001196 | B29: MOBILIZACAO E DESMOBILIZACAO DE CONTAINER | C29: UN | D29: 1095.92 | E29: 0 | F29: 1095.92 | H29: UN | I29: 1087.48 | J29: 0 | K29: 1087.48
A30: 101001201 | B30: SINAPI - 101197 - CERCA COM MOUROES DE CONCRETO, SECAO "T" PONTA INCLINADA, 10X10 CM, ESPACAMENTO DE 2,5 M, CRAVADOS 0,5 M, COM 11 FIOS DE ARAME FARPADO Nº 14 - FORNECIMENTO E INSTALACAO. AF_05/2020 | C30: M | F30: 117.64 | H30: M | K30: 114.1
A31: 101001206 | B31: SINAPI - 101190 - CERCA COM MOUROES DE CONCRETO, RETO, H=3,00 M, ESPACAMENTO DE 2,5 M, CRAVADOS 0,5 M, COM 4 FIOS DE ARAME DE ACO OVALADO 15X17 - FORNECIMENTO E INSTALACAO. AF_05/2020 | C31: M | F31: 61.99 | H31: M | K31: 60.09
A32: 101001211 | B32: SINAPI - 101201 - CERCA COM MOUROES DE MADEIRA, 7,5X7,5 CM, ESPACAMENTO DE 2,5 M, ALTURA LIVRE DE 2 M, CRAVADOS 0,5 M, COM 8 FIOS DE ARAME FARPADO Nº 14 CLASSE 250 - FORNECIMENTO E INSTALACAO. AF_05/2020 | C32: M | F32: 66.37 | H32: M | K32: 64.13
A33: 101001216 | B33: SINAPI - 98529 - CORTE RASO E RECORTE DE ARVORE COM DIAMETRO DE TRONCO MAIOR OU IGUAL A 0,20 M E MENOR QUE 0,40 M. AF_03/2024 | C33: UN | F33: 73.33 | H33: UN | K33: 67.96
A34: 101001221 | B34: SINAPI - 98530 - CORTE RASO E RECORTE DE ARVORE COM DIAMETRO DE TRONCO MAIOR OU IGUAL A 0,40 M E MENOR QUE 0,60 M. AF_03/2024 | C34: UN | F34: 143.93 | H34: UN | K34: 133.4
A35: 101001226 | B35: SINAPI - 98531 - CORTE RASO E RECORTE DE ARVORE COM DIAMETRO DE TRONCO MAIOR OU IGUAL A 0,60 M. AF_03/2024 | C35: UN | F35: 383.67 | H35: UN | K35: 364.68
A36: 101001231 | B36: SINAPI - 98526 - REMOCAO DE RAIZES REMANESCENTES DE TRONCO DE ARVORE COM DIAMETRO MAIOR OU IGUAL A 0,20 M E MENOR QUE 0,40 M. AF_03/2024 | C36: UN | F36: 129.22 | H36: UN | K36: 122.77
A37: 101001236 | B37: SINAPI - 98527 - REMOCAO DE RAIZES REMANESCENTES DE TRONCO DE ARVORE COM DIAMETRO MAIOR OU IGUAL A 0,40 M E MENOR QUE 0,60 M. AF_03/2024 | C37: UN | F37: 214.46 | H37: UN | K37: 203.76
A38: 101001241 | B38: SINAPI - 98528 - REMOCAO DE RAIZES REMANESCENTES DE TRONCO DE ARVORE COM DIAMETRO MAIOR OU IGUAL A 0,60 M. AF_03/2024 | C38: UN | F38: 282.65 | H38: UN | K38: 268.55
A39: 101001247 | B39: BAIA DE RESIDUOS P/ ENTULHO C/ 4 COMPARTIMENTOS: CLASSE A E B (RECICLAVEIS), CLASSE C (NAO RECICLAVEIS) E CLASSE D (PERIGOSOS), DESCOBERTA, REVESTIMENTO NO PISO DA BAIA CLASSE D, PAREDES EM TELHA DE ACO ZINCADO ONDULADAS COM H=1,10M, PISO EM TERR | C39: M2 | D39: 370.46 | E39: 15.49 | F39: 385.95 | H39: M2 | I39: 363.09 | J39: 14.32 | K39: 377.41
A40: 101001251 | B40: BAIA DE RESIDUOS P/ COLETA SELETIVA CONST. COBERTA-3 CELULAS - SENDO INTERNAMENTE 1,50X1,50M CADA CELULA -PAREDES EM CH. DE MADEIRA COMPENSADA 12MM H=1,10M, PISO EM TERRENO NATURAL FORTEMENTE APILOADO, PILARETE EM EUCALIPTO TRAT. 15CM, CONF. PROJ | C40: UN | D40: 5041.97 | E40: 740.64 | F40: 5782.61 | H40: UN | I40: 4990.36 | J40: 685.2 | K40: 5675.56
A41: 101001256 | B41: BAIA PARA AGREGADOS DESCOBERTA, MEDINDO (3,0 X 3,0 X 0,9)M, PAREDES EM CHAPA DE COMPENSADO RESINADA 6MM, ESTRUTURADA COM CAIBROS, PISO EM TERRENO NATURAL, REGULARIZADO E COMPACTADO | C41: UN | D41: 612.53 | E41: 46.49 | F41: 659.02 | H41: UN | I41: 592.55 | J41: 43.02 | K41: 635.57
B43: * CANTEIRO DE OBRAS - INSTALACOES HIDRAULICAS
A44: 101002100 | B44: INSTALACAO PROVISORIA DE AGUA E ESGOTO PARA OBRAS DE PORTE PEQUENO | C44: UN | D44: 2085.27 | E44: 315.8 | F44: 2401.07 | H44: UN | I44: 2058 | J44: 291.66 | K44: 2349.66
A45: 101002101 | B45: SINAPI - 95635 - KIT CAVALETE PARA MEDICAO DE AGUA - ENTRADA PRINCIPAL, EM PVC 25 MM (3/4") - FORNECIMENTO E INSTALACAO (EXCLUSIVE HIDROMETRO). AF_03/2024 | C45: UN | F45: 222.82 | H45: UN | K45: 217.55
A46: 101002106 | B46: SINAPI - 95675 - HIDROMETRO DN 3/4", 5,0 M3/H - FORNECIMENTO E INSTALACAO. AF_03/2024 | C46: UN | F46: 147.97 | H46: UN | K46: 146.09
A47: 101002111 | B47: FOSSA SEPTICA CIRCULAR EM CONCRETO PRE-MOLDADO ARMADO, DIAMETRO INTERNO = 1,00M, ALTURA EXTERNA = 2,00M, REJUNTADA COM ARGAMASSA NO TRACO 1:3 (EM VOLUME DE CIMENTO E AREIA UMIDA) COM ADICAO DE IMPERMEABILIZANTE, INCLUSIVE TAMPA PRE-MOLDADA | C47: UN | D47: 1312.96 | E47: 331.84 | F47: 1644.8 | H47: UN | I47: 1310.77 | J47: 308.16 | K47: 1618.93
A48: 101002116 | B48: FOSSA SEPTICA CIRCULAR EM CONCRETO PRE-MOLDADO ARMADO, DIAMETRO INTERNO = 1,00M, ALTURA EXTERNA = 3,00M, REJUNTADA COM ARGAMASSA NO TRACO 1:3 (EM VOLUME DE CIMENTO E AREIA UMIDA) COM ADICAO DE IMPERMEABILIZANTE, INCLUSIVE TAMPA PRE-MOLDADA | C48: UN | D48: 1807.33 | E48: 497.76 | F48: 2305.09 | H48: UN | I48: 1804.95 | J48: 462.24 | K48: 2267.19
A49: 101002121 | B49: SUMIDOURO CIRCULAR EM CONCRETO PRE-MOLDADO ARMADO, DIAMETRO INTERNO = 1,00M, ALTURA EXTERNA = 2,00M, REJUNTADA COM ARGAMASSA NO TRACO 1:3 (EM VOLUME DE CIMENTO E AREIA UMIDA) COM ADICAO DE IMPERMEABILIZANTE, INCLUSIVE TAMPA PRE-MOLDADA | C49: UN | D49: 1285.8 | E49: 331.84 | F49: 1617.64 | H49: UN | I49: 1284.26 | J49: 308.16 | K49: 1592.42
A50: 101002126 | B50: SUMIDOURO CIRCULAR EM CONCRETO PRE-MOLDADO ARMADO, DIAMETRO INTERNO = 1,00M, ALTURA EXTERNA = 3,00M, REJUNTADA COM ARGAMASSA NO TRACO 1:3 (EM VOLUME DE CIMENTO E AREIA UMIDA) COM ADICAO DE IMPERMEABILIZANTE, INCLUSIVE TAMPA PRE-MOLDADA | C50: UN | D50: 1780.16 | E50: 497.76 | F50: 2277.92 | H50: UN | I50: 1778.44 | J50: 462.24 | K50: 2240.68
A51: 101002131 | B51: SINAPI - 98104 - CAIXA DE GORDURA SIMPLES (CAPACIDADE: 36L), RETANGULAR, EM ALVENARIA COM TIJOLOS CERAMICOS MACICOS, DIMENSOES INTERNAS = 0,2X0,4 M, ALTURA INTERNA = 0,8 M. AF_12/2020 | C51: UN | F51: 355.17 | H51: UN | K51: 339.95
A52: 101002136 | B52: SINAPI - 94492 - REGISTRO DE ESFERA, PVC, SOLDAVEL, COM VOLANTE, DN 50 MM - FORNECIMENTO E INSTALACAO. AF_08/2021 | C52: UN | F52: 59.22 | H52: UN | K52: 58.82
A53: 101002141 | B53: TUBO PVC SOLDAVEL AGUA FRIA DN 25MM, INCLUSIVE CONEXOES - FORNECIMENTO E INSTALACAO | C53: M | D53: 5.32 | E53: 17.27 | F53: 22.59 | H53: M | I53: 5.32 | J53: 15.94 | K53: 21.26
A54: 101002146 | B54: TUBO PVC SOLDAVEL AGUA FRIA DN 50MM, INCLUSIVE CONEXOES - FORNECIMENTO E INSTALACAO | C54: M | D54: 19.7 | E54: 27.42 | F54: 47.12 | H54: M | I54: 19.7 | J54: 25.31 | K54: 45.01
A55: 101002151 | B55: TUBO PVC ESGOTO PREDIAL DN 100MM, INCLUSIVE CONEXOES - FORNECIMENTO E INSTALACAO | C55: M | D55: 20.52 | E55: 47.54 | F55: 68.06 | H55: M | I55: 20.52 | J55: 43.87 | K55: 64.39
B57: * CANTEIRO DE OBRAS - INSTALACOES ELETRICAS
A58: 101003100 | B58: INSTALACOES PROVISORIAS DE LUZ E FORCA PARA OBRAS DE PORTE PEQUENO | C58: UN | D58: 2926.75 | E58: 381.92 | F58: 3308.67 | H58: UN | I58: 2926.75 | J58: 353.2 | K58: 3279.95
A59: 101003101 | B59: PADRAO PROVISORIO TRIFASICO ATE 27 KW | C59: UN | D59: 3958.57 | E59: 1432.2 | F59: 5390.77 | H59: UN | I59: 3947.33 | J59: 1324.5 | K59: 5271.83
A60: 101003106 | B60: PADRAO PROVISORIO TRIFASICO ATE 47 KW | C60: UN | D60: 6228.75 | E60: 1432.2 | F60: 7660.95 | H60: UN | I60: 6217.51 | J60: 1324.5 | K60: 7542.01
A61: 101003111 | B61: PADRAO PROVISORIO TRIFASICO ATE 75 KW | C61: UN | D61: 8504.26 | E61: 1432.2 | F61: 9936.46 | H61: UN | I61: 8493.02 | J61: 1324.5 | K61: 9817.52
A62: 101003116 | B62: LUMINARIA DE LED PARA ILUMINACAO PUBLICA DE 51 W ATE 67 W - FORNECIMENTO E INSTALACAO (REAPROVEITAMENTO DE 5X) | C62: UN | D62: 51.89 | E62: 11.36 | F62: 63.25 | H62: UN | I62: 51.89 | J62: 10.51 | K62: 62.4
A63: 101003121 | B63: BRACO PARA LUMINARIA PUBLICA 1 X 1,50M ROMAGNOLE OU EQUIV (REAPROVEITAMENTO DE 5X), FIXADO EM POSTE OU PAREDE - FORNECIMENTO E INSTALACAO | C63: UN | D63: 73.22 | E63: 32.12 | F63: 105.34 | H63: UN | I63: 72.72 | J63: 29.7 | K63: 102.42
A64: 101003126 | B64: CABO PP 4X25MM2 DE 1KV (REAPROVEITAMENTO DE 3X) - FORNECIMENTO E INSTALACAO | C64: M | D64: 52.63 | E64: 13.36 | F64: 65.99 | H64: M | I64: 52.63 | J64: 12.35 | K64: 64.98
A65: 101003131 | B65: CABO MULTIPLEXADO DE ALUMINIO CA/CAL 3X1X25+25MM2 (REAPROVEITAMENTO 3X) - FORNECIMENTO E INSTALACAO | C65: M | D65: 4.93 | E65: 5.72 | F65: 10.65 | H65: M | I65: 4.93 | J65: 5.28 | K65: 10.21
A66: 101003136 | B66: CABO MULTIPLEXADO DE ALUMINIO CA/CAL 3X1X35+35MM2 (REAPROVEITAMENTO DE 3X) | C66: M | D66: 6.86 | E66: 5.72 | F66: 12.58 | H66: M | I66: 6.86 | J66: 5.28 | K66: 12.14
A67: 101003141 | B67: CABO MULTIPLEXADO DE ALUMINIO CA/CAL 3X1X70+70MM2 (REAPROVEITAMENTO DE 3X) | C67: M | D67: 12.42 | E67: 7.63 | F67: 20.05 | H67: M | I67: 12.42 | J67: 7.06 | K67: 19.48
A68: 101003146 | B68: ISOLADOR DE ROLDANA, PARA BAIXA TENSAO (REAPROVEITAMENTO DE 3X) | C68: UN | D68: 1.58 | E68: 4.76 | F68: 6.34 | H68: UN | I68: 1.58 | J68: 4.4 | K68: 5.98
A69: 101003151 | B69: RELE FOTOELETRICO INTERNO E EXTERNO BIVOLT 1000W, DE CONECTOR, COM BASE - FORNECIMENTO E INSTALACAO (REAPROVEITAMENTO DE 3X) | C69: UN | D69: 18.39 | E69: 38.19 | F69: 56.58 | H69: UN | I69: 18.39 | J69: 35.31 | K69: 53.7
... A72: 101003166 | B72: GRAMPO METALICO TIPO OLHAL PARA HASTE DE ATERRAMENTO DE 5/8", CONDUTOR DE *10* A 50 MM2 - FORNECIMENTO E INSTALACAO (SEM REAPROVEITAMENTO) | C72: UN | D72: 5.84 | E72: 19.09 | F72: 24.93 | H72: UN | I72: 5.84 | J72: 17.65 | K72: 23.49
A73: 101003171 | B73: SINAPI - 96985 - HASTE DE ATERRAMENTO, DIAMETRO 5/8", COM 3 METROS - FORNECIMENTO E INSTALACAO. AF_08/2023 | C73: UN | F73: 73.41 | H73: UN | K73: 72.51
A74: 101003176 | B74: QUADRO PARA CANTEIRO DE OBRAS DE 3X40A, STECK OU SIMILAR, CONTENDO: 2 TOMADAS N4049, 3P+T 16A 220/250V, 4 TOMADAS NBR 20A 127V, 1 DISJUNTOR SDD63C40 E PRENSA CABO PG21 (REAPROVEITAMENTO DE 5X) - FORNECIMENTO E INSTALACAO | C74: UN | D74: 97.33 | E74: 47.74 | F74: 145.07 | H74: UN | I74: 97.33 | J74: 44.15 | K74: 141.48
A75: 101003181 | B75: MADEIRA ROLICA, EUCALIPTO OU EQUIVALENTE DA REGIAO, H = 6,00M, D = 16 A 20 CM, ENTERRADO 60CM (REAPROVEITAMENTO DE 5X) - FORNECIMENTO E INSTALACAO | C75: UN | D75: 98.77 | E75: 0 | F75: 98.77 | H75: UN | I75: 98.44 | J75: 0 | K75: 98.44
B77: DEMOLICOES E RETIRADAS
A79: CODIGO | B79: S E R V I C O S | C79: UNID | D79: MATERIAL | E79: MAO OBRA | F79: TOTAL | H79: UNID | I79: MATERIAL | J79: MAO OBRA | K79: TOTAL
B81: * SERVIÇOS DE DEMOLIÇÃO
A82: 201001000 | B82: SINAPI - 97624 - DEMOLICAO DE ALVENARIA DE TIJOLO MACICO, DE FORMA MANUAL, SEM REAPROVEITAMENTO. AF_09/2023 | C82: M3 | F82: 102.75 | H82: M3 | K82: 95.31
A83: 201001004 | B83: SINAPI - 97622 - DEMOLICAO DE ALVENARIA DE BLOCO FURADO, DE FORMA MANUAL, SEM REAPROVEITAMENTO. AF_09/2023 | C83: M3 | F83: 54.64 | H83: M3 | K83: 50.69
A84: 201001008 | B84: DEMOLICAO MANUAL DE ESTRUTURA EM CONCRETO SIMPLES | C84: M3 | D84: 0 | E84: 303.09 | F84: 303.09 | H84: M3 | I84: 0 | J84: 281.26 | K84: 281.26
A85: 201001012 | B85: SINAPI - 97629 - DEMOLICAO DE LAJES, EM CONCRETO ARMADO, DE FORMA MECANIZADA COM MARTELETE, SEM REAPROVEITAMENTO. AF_09/2023 | C85: M3 | F85: 88.85 | H85: M3 | K85: 82.37
A86: 201001016 | B86: SINAPI - 97627 - DEMOLICAO DE PILARES E VIGAS EM CONCRETO ARMADO, DE FORMA MECANIZADA COM MARTELETE, SEM REAPROVEITAMENTO. AF_09/2023 | C86: M3 | F86: 190.8 | H86: M3 | K86: 176.86
A87: 201001020 | B87: DEMOLICAO DE PISO DE GRANILITE, INCLUSIVE LASTRO, DE FORMA MECANIZADA UTILIZANDO MARTELETE | C87: M2 | D87: 3.42 | E87: 8.87 | F87: 12.29 | H87: M2 | I87: 3.17 | J87: 8.22 | K87: 11.39
A88: 201001024 | B88: DEMOLICAO MANUAL DE PISO CIMENTADO, INCLUSIVE LASTRO DE CONCRETO | C88: M2 | D88: 0 | E88: 30.3 | F88: 30.3 | H88: M2 | I88: 0 | J88: 28.11 | K88: 28.11
A89: 201001028 | B89: DEMOLICAO MANUAL DE PISO CIMENTADO, EXCLUSIVE LASTRO DE CONCRETO | C89: M2 | D89: 0 | E89: 14.51 | F89: 14.51 | H89: M2 | I89: 0 | J89: 13.48 | K89: 13.48
A90: 201001032 | B90: SINAPI - 104789 - DEMOLICAO DE PISO DE CONCRETO SIMPLES, DE FORMA MANUAL, SEM REAPROVEITAMENTO. AF_09/2023 | C90: M3 | F90: 192.32 | H90: M3 | K90: 178.41
A91: 201001036 | B91: SINAPI - 104790 - DEMOLICAO DE PISO DE CONCRETO SIMPLES, DE FORMA MECANIZADA COM MARTELETE, SEM REAPROVEITAMENTO. AF_09/2023 | C91: M3 | F91: 114.2 | H91: M3 | K91: 109.33
A92: 201001040 | B92: SINAPI - 97633 - DEMOLICAO DE REVESTIMENTO CERAMICO, DE FORMA MANUAL, SEM REAPROVEITAMENTO. AF_09/2023 | C92: M2 | F92: 21.94 | H92: M2 | K92: 20.34
A93: 201001044 | B93: DEMOLICAO MANUAL DE PISO CERAMICO, SEM REAPROVEITAMENTO | C93: M2 | D93: 0 | E93: 21.49 | F93: 21.49 | H93: M2 | I93: 0 | J93: 19.91 | K93: 19.91
A94: 201001048 | B94: DEMOLICAO DE PISO CERAMICO, DE FORMA MECANIZADA, SEM REAPROVEITAMENRO | C94: M2 | D94: 3.97 | E94: 3.21 | F94: 7.18 | H94: M2 | I94: 3.68 | J94: 2.98 | K94: 6.66
A95: 201001052 | B95: SINAPI - 97632 - DEMOLICAO DE RODAPE CERAMICO, DE FORMA MANUAL, SEM REAPROVEITAMENTO. AF_09/2023 | C95: M | F95: 2.51 | H95: M | K95: 2.33
A96: 201001056 | B96: SINAPI - 97631 - DEMOLICAO DE ARGAMASSAS, DE FORMA MANUAL, SEM REAPROVEITAMENTO. AF_09/2023 | C96: M2 | F96: 10.99 | H96: M2 | K96: 10.18
B98: * SERVIÇOS COMPLEMENTARES
A99: 201002158 | B99: CARGA MANUAL DE ENTULHO EM CAMINHAO BASCULANTE 6 M3 | C99: M3 | D99: 14.86 | E99: 14.51 | F99: 29.37 | H99: M3 | I99: 14.35 | J99: 13.48 | K99: 27.83
A100: 201002160 | B100: CARGA MANUAL DE ENTULHO EM CACAMBA | C100: M3 | D100: 0 | E100: 14.51 | F100: 14.51 | H100: M3 | I100: 0 | J100: 13.48 | K100: 13.48
A101: 201002161 | B101: LOCACAO DE CACAMBA (4M3) (7 DIAS) | C101: UN | D101: 350 | E101: 0 | F101: 350 | H101: UN | I101: 350 | J101: 0 | K101: 350
A102: 201002164 | B102: SINAPI - 100981 - CARGA, MANOBRA E DESCARGA DE ENTULHO EM CAMINHAO BASCULANTE 6 M3 - CARGA COM ESCAVADEIRA HIDRAULICA (CACAMBA DE 0,80 M3 / 111 HP) E DESCARGA LIVRE (UNIDADE: M3). AF_07/2020 | C102: M3 | F102: 9.27 | H102: M3 | K102: 9.12
A103: 201002168 | B103: SINAPI - 97914 - TRANSPORTE COM CAMINHAO BASCULANTE DE 6 M3, EM VIA URBANA PAVIMENTADA, DMT ATE 30 KM (UNIDADE: M3XKM). AF_07/2020 | C103: M3XKM | F103: 2.93 | H103: M3XKM | K103: 2.89
B105: * SERVIÇOS DE REMOÇÃO
A106: 201003000 | B106: SINAPI - 97647 - REMOCAO DE TELHAS DE FIBROCIMENTO METALICA E CERAMICA, DE FORMA MANUAL, SEM REAPROVEITAMENTO. AF_09/2023 | C106: M2 | F106: 3.41 | H106: M2 | K106: 3.16
A107: 201003004 | B107: REMOCAO DE TELHAS DE FIBROCIMENTO, METALICA E CERAMICA DE FORMA MANUAL, COM REAPROVEITAMENTO | C107: M2 | D107: 0.77 | E107: 6.5 | F107: 7.27 | H107: M2 | I107: 0.76 | J107: 6.02 | K107: 6.78
A108: 201003008 | B108: SINAPI - 97655 - REMOCAO DE TRAMA METALICA PARA COBERTURA, DE FORMA MANUAL, SEM REAPROVEITAMENTO. AF_09/2023 | C108: M2 | F108: 36.16 | H108: M2 | K108: 34.94
A109: 201003012 | B109: SINAPI - 97650 - REMOCAO DE TRAMA DE MADEIRA PARA COBERTURA, DE FORMA MANUAL, SEM REAPROVEITAMENTO. AF_09/2023 | C109: M2 | F109: 7.35 | H109: M2 | K109: 6.81
A110: 201003016 | B110: SINAPI - 97642 - REMOCAO DE TRAMA METALICA OU DE MADEIRA PARA FORRO, DE FORMA MANUAL, SEM REAPROVEITAMENTO. AF_09/2023 | C110: M2 | F110: 2.85 | H110: M2 | K110: 2.63
A111: 201003020 | B111: REMOCAO DE CALHAS, RUFOS E CONDUTORES DE AGUAS PLUVIAIS, SEM REAPROVEITAMENTO | C111: M | D111: 0 | E111: 5.18 | F111: 5.18 | H111: M | I111: 0 | J111: 4.81 | K111: 4.81
A112: 201003024 | B112: REMOCAO DE FORRO DE MADEIRA, DE FORMA MANUAL, SEM REAPROVEITAMENTO | C112: M2 | D112: 0 | E112: 4.73 | F112: 4.73 | H112: M2 | I112: 0 | J112: 4.38 | K112: 4.38
...

Sheet AGESUL INS ONER DESON
C1: AGÊNCIA ESTADUAL DE GESTÃO DE EMPREENDIMENTOS - AGESUL | E1: SEM DESONERAÇÃO
A2: JANEIRO/2025 | C2: CADASTRO DE MATERIAL E MÃO DE OBRA - COM DESONERAÇÃO | E2: JANEIRO/2025
G3: ONERADO | H3: DESONERADO
A4: COL 1 | B4: COL 2 | C4: COL 3 | D4: COL 4 | E4: COL 5 | F4: COL 6 | G4: COL 7 | H4: COL 8 | I4: COL 9
A5: CÓDIGO | B5: CLASSE | C5: MATERIAL OU MÃO DE OBRA | D5: UNID | E5: CÓDIGO | F5: UNID | G5: PREÇO UNIT. NÃO DESON. | H5: PREÇO UNIT. DESONERADO | I5: SINAPI
A6: 6590 | B6: 046 | C6: ABRACADEIRA PARA POSTE DE CONCRETO CIRCULAR DIAMENTRO 160MM | D6: UN | E6: 6590 | F6: UN | G6: 47.56 | H6: 47.56 | I6: N
A7: 6591 | B7: 046 | C7: ABRACADEIRA PARA POSTE DE CONCRETO CIRCULAR DIAMENTRO 200MM | D7: UN | E7: 6591 | F7: UN | G7: 39.37 | H7: 39.37 | I7: N
A8: 6593 | B8: 046 | C8: ABRACADEIRA PARA POSTE DE CONCRETO CIRCULAR DIAMENTRO 220MM | D8: UN | E8: 6593 | F8: UN | G8: 53.14 | H8: 53.14 | I8: N
A9: 6594 | B9: 046 | C9: ABRACADEIRA PARA POSTE DE CONCRETO CIRCULAR DIAMENTRO 240MM | D9: UN | E9: 6594 | F9: UN | G9: 57.89 | H9: 57.89 | I9: N
A10: 6595 | B10: 046 | C10: ABRACADEIRA PARA POSTE DE CONCRETO CIRCULAR DIAMENTRO 250MM | D10: UN | E10: 6595 | F10: UN | G10: 46.83 | H10: 46.83 | I10: N
A11: 6596 | B11: 046 | C11: ABRACADEIRA PARA POSTE DE CONCRETO CIRCULAR DIAMENTRO 290MM | D11: UN | E11: 6596 | F11: UN | G11: 52.08 | H11: 52.08 | I11: N
A12: 1024 | B12: 040 | C12: ACABAMENTO ANTIVANDALISMO COD. 01505006, DOCOL OU SIMILAR | D12: UN | E12: 1024 | F12: UN | G12: 303.9 | H12: 303.9 | I12: N
A13: 2593 | B13: 040 | C13: ACABAMENTO PARA VALVULA DE DESCARGA HYDRA ECO CONFORTO CROMADO REF. 4900.C.CONF DA DECA | D13: UN | E13: 2593 | F13: UN | G13: 462.68 | H13: 462.68 | I13: N
A14: 6950 | B14: 027 | C14: ACIDO CLORIDRICO / ACIDO MURIATICO, DILUICAO 10% A 12% PARA USO EM LIMPEZA - SINAPI - 00000003 | D14: L | E14: 6950 | F14: L | G14: 13.36 | H14: 13.36 | I14: S
A15: 6181 | B15: 042 | C15: ACIONADOR MANUAL TIPO QUEBRA VIDRO, COM MARTELO E BOTOEIRA LIGA-DESLIGA, PARA ACIONAMENTO DE BOMBA DE INCENDIO | D15: UN | E15: 6181 | F15: UN | G15: 68.24 | H15: 68.24 | I15: N
A16: 3471 | B16: 044 | C16: ACIONADOR MANUAL TIPO QUEBRA VIDRO, COM MARTELO E BOTOEIRA, PARA ALARME CONVENCIONAL, DA ILUMAC OU SIMILAR | D16: UN | E16: 3471 | F16: UN | G16: 151 | H16: 151 | I16: N
A17: 1897 | B17: 044 | C17: ACIONADOR MANUAL TIPO QUEBRA VIDRO, COM MARTELO E BOTOEIRA, PARA ALARME ENDERECAVEL, DA ILUMAC OU SIMILAR | D17: UN | E17: 1897 | F17: UN | G17: 191 | H17: 191 | I17: N
... A1425: 4050 | B1425: 012 | C1425: VIGIA NOTURNO, HORA EFETIVAMENTE TRABALHADA DE 22H AS 5H (COM ADICIONAL NOTURNO) | D1425: H | E1425: 4050 | F1425: H | G1425: 19.6 | H1425: 17.62 | I1425: N

Sheet COTACAO
A1: GRUPO | C1: Memória de Cálculo: Bits/Blocos/Porta Bits | I1: 45170 | J1: Goldpav
A2: PAV | B2: COTAÇÃO 1 | C2: COTAÇÃO 1 | D2: BITS | E2: un | G2: =E6 -> 66.5
A3: PAV | C3: SUL PEÇAS | D3: Bits para Recicladora | E3: un
A4: PAV | C4: GOLDPAV | D4: Bits para Recicladora | E4: un | G4: 82.5
A5: PAV | C5: REALPAV | D5: Bits para Recicladora | E5: un | G5: 50.5
A6: PAV | D6: Média do Preço = | E6: =MEDIAN(G4:G5) -> 66.5 | F6: =MEDIAN(D3:D4) -> #NUM! | G6: =MEDIAN(E3:E4) -> #NUM!
A7: PAV | B7: COTAÇÃO 2 | C7: COTAÇÃO 2 | D7: BLOCOS | E7: un | G7: =E11 -> 600
A8: PAV | C8: SUL PEÇAS | D8: Blocos para Recicladora | E8: un
A9: PAV | C9: GOLDPAV | D9: Blocos para Recicladora | E9: un | G9: 730
A10: PAV | C10: REALPAV | D10: Blocos para Recicladora | E10: un | G10: 470
A11: PAV | D11: Média do Preço = | E11: =MEDIAN(G9:G10) -> 600 | F11: =MEDIAN(D8:D9) -> #NUM! | G11: =MEDIAN(E8:E9) -> #NUM!
A12: PAV | B12: COTAÇÃO 3 | C12: COTAÇÃO 3 | D12: PORTA BITS | E12: un | G12: =E16 -> 257.5
A13: PAV | C13: SUL PEÇAS | D13: Porta Bits para Recicladora | E13: un
A14: PAV | C14: GOLDPAV | D14: Porta Bits para Recicladora | E14: un | G14: 235
A15: PAV | C15: REALPAV | D15: Porta Bits para Recicladora | E15: un | G15: 280
A16: PAV | D16: Média do Preço = | E16: =MEDIAN(G14:G15) -> 257.5 | F16: =MEDIAN(D13:D14) -> #NUM! | G16: =MEDIAN(E13:E14) -> #NUM!
A17: PAV | C17: Memória de Cálculo: RC 1C - Micro | I17: 46023
A18: PAV | B18: COTAÇÃO 4 | C18: COTAÇÃO 4 | D18: RC 1C | E18: T | G18: =E22 -> 5287
A19: PAV | C19: GRECA - PREÇO CIF DDS | D19: RC 1C - MICRO | E19: t | G19: 5290
A20: PAV | C20: BETUNEL - PREÇO CIF DDS | D20: RC 1C FLEX 55 | E20: t | G20: 4900
A21: PAV | C21: CASA DO ASFALTO - PREÇO CIF DDS | D21: RC 1C E | E21: t | G21: 5287
A22: PAV | C22: Mediana = | D22: Para encontrar o valor da mediana é necessário colocar os valores em ordem crescente ou decrescente. Quando o número elementos de um conjunto é par, a mediana é encontrada pela média dos dois valores centrais. Assim, esses valores são somados e divididos por dois | E22: =MEDIAN(G19:G21) -> 5287
A23: PAV | C23: Memória de Cálculo: Cotação TARUGO Poliestireno | I23: 44774
A24: PAV | B24: COTAÇÃO 5 | C24: COTAÇÃO 5 | D24: Tarugo Poliestireno, E = 30 mm | E24: m | G24: =MEDIAN(C29:C30) -> 3.55 | H24: =MEDIAN(F23:F23) -> #NUM!
A25: PAV | C25: COTAÇÃO 44513287 2,53 | D25: LEOLUD VENDEDOR SILVIA 23/08/2022 - INCLUSO DIFERENCIAL ICMS
A26: PAV | C26: COTAÇÃO 33173 1,71 | D26: PROESPUMA VENDEDOR LUCAS 16/02/2022 (R$273,90 /160 M) | K26: =273.9/160 -> 1.71
A27: PAV | C27: =688/480 -> 1.43 | D27: FRETE TRANSPORTADORA NACIONAL (R$ 459,66 / 480 M)
A28: PAV | C28: Incluindo R$ 1,43 de frete em cada preço, fica:
A29: PAV | C29: =2.53+1.43 -> 3.96 | D29: LEOLUD (INCLUSO FRETE)
A30: PAV | C30: =1.71+1.43 -> 3.14 | D30: PROESPUMA (INCLUSO FRETE)
A31: PAV | C31: Média do Preço Tarugo = | D31: (3,96 + 3,14) / 2 | E31: =G24 -> 3.55
A32: PAV | C32: Memória de Cálculo: Selante de Silicone
A33: PAV | B33: COTAÇÃO 6 | C33: COTAÇÃO 6 | D33: Silicone selante | E33: un | G33: =E36 -> 162.39
A34: PAV | C34: COTAÇÃO DAYBRASIL | D34: Selante de silicone para juntas de pavimento concreto/asfalto - Cartucho 875 ml | E34: un | G34: 117.49 | I34: Cotação nº AAADOB - 23/08/2022 | L34: Day Brasil - vendedor Alan Camargo - alan.camargo@daybrasil.com.br | S34: 1 balde 22,2Kg R$ 2.980,90 - 1 balde 1,00 Kg R$ 134,27 - Cartucho 875ml R$ 117,49
A35: PAV | C35: COTAÇÃO ALUSUL | D35: Selante de silicone para juntas de pavimento concreto/asfalto - Cartucho 875 ml | E35: un | G35: 207.28 | I35: Cotação 23/08/2022 | L35: Alusul - Vendedora Andrea - andrea@alusul.com.br | S35: 1 Sache 591 ml R$ 140,00 - 1 Sache 875ml R$ 207,28
A36: PAV | C36: Média do Preço Silicone = | D36: (117,49 + 207,28) / 2 | E36: =MEDIAN(G34:G35) -> 162.39
A37: DREN | C37: Memória de Cálculo: TUBO PEAD 200 MM
A38: DREN | B38: COTAÇÃO 7 | C38: COTAÇÃO 7 | D38: TUBOS PEAD COM PAREDES ESTRUTURADAS PARA DRENAGEM - D=200 MM | E38: m | G38: =485.78/6 -> 80.96 | I38: Cotação Tigre - Recebido 13/06/2025 | L38: (Preço do Produto do PEAD / 6m) (Para o Preço ser em Metro)
A39: CALC SINAL | C39: Memória de Cálculo: PISO TÁTIL - 25X25 | I39: 46113
A40: CALC SINAL | B40: COTAÇÃO 8 | C40: COTAÇÃO 8 | D40: Piso tátil Direcional/Alerta | E40: un | G40: =E45 -> 4.2
A41: CALC SINAL | C41: MS ARTEFATOS | D41: Piso tátil Direcional/Alerta 25x25 cm | E41: un | G41: 4
A42: CALC SINAL | C42: LA-J LUCAS | D42: Piso tátil Direcional/Alerta 25x25 cm | E42: un | G42: 6
A43: CALC SINAL | C43: CONCRETÁTIL | D43: Piso tátil Direcional/Alerta 25x25 cm | E43: un | G43: 4.2
A44: CALC SINAL
A45: CALC SINAL | C45: Mediana = | D45: Para encontrar o valor da mediana é necessário colocar os valores em ordem crescente ou decrescente. Quando o número elementos de um conjunto é par, a mediana é encontrada pela média dos dois valores centrais. Assim, esses valores são somados e divididos por dois | E45: =MEDIAN(G41:G43) -> 4.2
A46: PAV | C46: Memória de Cálculo: CM - IMPRIMA | I46: 46113
A47: PAV | B47: COTAÇÃO 9 | C47: COTAÇÃO 9 | D47: IMPRIMA | E47: kg | G47: =E52 -> 4.24
A48: PAV | C48: GRECA - PREÇO CIF DDS | D48: CM - IMPR - EAI | E48: kg | G48: =4070/1000 -> 4.07
A49: PAV | C49: BETUNEL - PREÇO CIF DDS | D49: Emulpen EAI | E49: kg | G49: =4240/1000 -> 4.24
A50: PAV | C50: CASA DO ASFALTO - PREÇO CIF DDS | D50: PRIME - EAI | E50: kg | G50: =4838/1000 -> 4.84
A51: PAV
A52: PAV | C52: Mediana = | D52: Para encontrar o valor da mediana é necessário colocar os valores em ordem crescente ou decrescente. Quando o número elementos de um conjunto é par, a mediana é encontrada pela média dos dois valores centrais. Assim, esses valores são somados e divididos por dois | E52: =MEDIAN(G48:G50) -> 4.24
A53: PAV | C53: Memória de Cálculo: RR - 1C | I53: 46113
A54: PAV | B54: COTAÇÃO 10 | C54: COTAÇÃO 10 | D54: RR - 1C | E54: kg | G54: =E59 -> 4.29
A55: PAV | C55: GRECA - PREÇO CIF DDS | D55: RR - 1C | E55: kg | G55: =4690/1000 -> 4.69
A56: PAV | C56: BETUNEL - PREÇO CIF DDS | D56: RR - 1C | E56: kg | G56: =4160/1000 -> 4.16
A57: PAV | C57: CASA DO ASFALTO - PREÇO CIF DDS | D57: RR - 1C | E57: kg | G57: =4292/1000 -> 4.29
A58: PAV
A59: PAV | C59: Mediana = | D59: Para encontrar o valor da mediana é necessário colocar os valores em ordem crescente ou decrescente. Quando o número elementos de um conjunto é par, a mediana é encontrada pela média dos dois valores centrais. Assim, esses valores são somados e divididos por dois | E59: =MEDIAN(G55:G57) -> 4.29
A60: DREN | C60: Memória de Cálculo:TUBO PEAD 450 MM
A61: DREN | B61: COTAÇÃO 11 | C61: COTAÇÃO 11 | D61: TUBOS PEAD COM PAREDES ESTRUTURADAS PARA DRENAGEM - D=450 MM | E61: m | G61: =1639.52/6 -> 273.25 | I61: Cotação Tigre - Recebido 13/06/2025 | L61: (Preçodo Produto do PEAD / 6m) (Para o Preço ser em Metro)
A62: DREN | C62: Memória de Cálculo:TUBO FOFO
A63: DREN | B63: COTAÇÃO 12 | C63: COTAÇÃO 12 | D63: Tubo FoFo TCL 250 mm | E63: m | G63: =G64 -> 971.62 | I63: 44958
A64: DREN | C64: JV TUBOS - PREÇO CIF DDS | D64: Tubo FoFo TCL 250 mm | E64: m | G64: =2234.72/2.3 -> 971.62 | I64: Cotação JV Tubos e Acabamentos - Recebido 08/02/2023 (Preço Tubo/ 2,30 m)
A65: DREN | B65: COTAÇÃO 13 | C65: COTAÇÃO 13 | D65: Tubo FoFo TCL 150 mm | E65: m | G65: =G66 -> 618.4
A66: DREN | C66: JV TUBOS - PREÇO CIF DDS | D66: Tubo FoFo TCL 150 mm | E66: m | G66: =1422.32/2.3 -> 618.4
A67: PAV | B67: COTAÇÃO 14 | C67: Memória de Cálculo: TUBO DE AÇO INDUSTRIAL - E 2 1/2" - #18 | I67: 45870
A68: PAV | B68: COTAÇÃO 14 | C68: COTAÇÃO 14 | D68: TUBO DE AÇO INDUSTRIAL - E 2 1/2" - #18 - 1,2 mm | E68: M | G68: =E72 -> 16.17
A69: PAV | B69: COTAÇÃO 14 | C69: AÇOFORT Tony Veiga 67 3424 0909 | D69: TUBO IND. 2 1/2" x 1,20 mm - m | E69: M | G69: =106/6 -> 17.67
A70: PAV | B70: COTAÇÃO 14 | C70: ARCELORMITTAL tiago.costa@amdistribuicao.com.br 67 99658-8303 67 3424-8181 | D70: TUBO IND. 2 1/2" x 1,20 mm - m | E70: M | G70: =87.31/6 -> 14.55 | I70: DIVIDIR O VALOR DO TUBO PELO COMPRIMENTO TOTAL DO MESMO
A71: PAV | B71: COTAÇÃO 14 | C71: IMESUL Antônio Carlos 67 3427-5700 67 99972-1351 | D71: TUBO IND. 2 1/2" x 1,20 mm - m | E71: M | G71: =97/6 -> 16.17
A72: PAV | B72: COTAÇÃO 14 | C72: Mediana = | D72: Para encontrar o valor da mediana é necessário colocar os valores em ordem crescente ou decrescente. Quando o número elementos de um conjunto é par, a mediana é encontrada pela média dos dois valores centrais. Assim, esses valores são somados e divididos por dois | E72: =MEDIAN(G69:G71) -> 16.17
A73: SINAL | C73: Memória de Cálculo: SUPORTE PLACA DE SINALIZAÇÃO
A74: SINAL | B74: COTAÇÃO 15 | C74: COTAÇÃO 15 | D74: SUPORTE DE PLACA DE SINALIZAÇÃO: | E74: un | G74: =MEDIAN(G75:G76) -> 60.94
A75: SINAL | C75: ECO BRASIL MADEIRA PLÁSTICA | D75: Tamanho 90x90mm com 3.0m com tratamento UV material reciclado revestido com polipropileno e polietileno na cor branca com tampa protendido com 4 fios de arame de aço carbono de acordo com a norma NBR 5589/82, com espessura mínima de 1,5mm. | E75: un | G75: =195/3.2 -> 60.94 | I75: 44866 | J75: (Preço do suporte / 3,2m)
A76: SINAL | C76: ECOPEX MATERIAIS ECOLÓGICOS | D76: Suporte de placa 90x90mm até 4.0m - com arame recozido de 2,1mm coextrusado nas 4 paredes; cor branca; peso 3,9 kg por metro linear. | E76: un | I76: março/2022 - felipe@ecopex.com.br | K76: Preço por metro linear
A77: SINAL | C77: Mediana = | D77: Para encontrar o valor da mediana é necessário colocar os valores em ordem crescente ou decrescente. Quando o número elementos de um conjunto é par, a mediana é encontrada pela média dos dois valores centrais. Assim, esses valores são somados e divididos por dois | E77: =MEDIAN(G75:G76) -> 60.94
C78: Memória de Cálculo: BANHEIRO QUÍMICO
B79: COTAÇÃO 16 | C79: COTAÇÃO 16 | D79: BANHEIRO QUÍMICO | E79: un/mês | G79: =E82 -> 3300 | I79: 45108
C80: INDUSTEC HIGIENIZAÇÃO | D80: Aluguel de banheiro químico, manutenção e higienização 3 vezes por semana. | E80: un/mês | G80: 1400 | I80: Marcos Antônio - atendimento@industec.org
C81: W SOM | D81: Aluguel de banheiro químico, manutenção e higienização 3 vezes por semana. | E81: un/mês | G81: 5200 | I81: Wilson Diniz - wsomeventos@hotmail.com
C82: Mediana = | D82: Para encontrar o valor da mediana é necessário colocar os valores em ordem crescente ou decrescente. Quando o número elementos de um conjunto é par, a mediana é encontrada pela média dos dois valores centrais. Assim, esses valores são somados e divididos por dois | E82: =MEDIAN(G80:G81) -> 3300
A83: DREN | C83: Memória de Cálculo: TAMPA 470X700 MM
A84: DREN | B84: COTAÇÃO 17 | C84: COTAÇÃO 17 | D84: TAMPA COM BASE FOFO SIMPLES 470 X 700 MM, CLASSE B125, CARGA MÁXIMA 12,5 T, COM SUPORTE EM FERRO FUNDIDO, NBR 10160 E NBR 6916 / FE 42012 | E84: UN | G84: =E88 -> 473.5 | I84: 45047
A85: DREN | C85: EDYP FUNDAÇÃO | D85: Tampa 47x70 cm com suporte | E85: un | G85: 473.5
A86: DREN | C86: FUNDIÇÃO IRMÃOS OLIVETTI | D86: Tampa em ferro fundido 470 x 700 mm com requadro cantoneiro de aço | E86: un | G86: 450
A87: DREN | C87: METALÚRGICA VOIGT | D87: Tampa 460x700mm com aro CL B 125, CL D 400 | E87: un | G87: 559
A88: DREN | C88: Mediana = | D88: Para encontrar o valor da mediana é necessário colocar os valores em ordem crescente ou decrescente. Quando o número elementos de um conjunto é par, a mediana é encontrada pela média dos dois valores centrais. Assim, esses valores são somados e divididos por dois | E88: =MEDIAN(G85:G87) -> 473.5
C89: Memória de Cálculo: SUPERESTRUTURA - PONTE HAYEL
B90: COTAÇÃO 18 | C90: COTAÇÃO 18 | D90: SUPERESTRUTURA (CONCRETO ARMADO PRÉ-MOLDADO - LAJE DE APROXIMAÇÃO VIGAMENTO E LAJE, JUNTAS DE ARTICULAÇÃO E INTERLIGAÇÕES, GUARD RAIL (NEW JERSEY)., GUARDA CORPO E CALÇAMENTO) | E90: UN | G90: =E94 -> 862450 | I90: 44713
C91: MATPAR | D91: SUPERESTRUTURA - PONTE | E91: un | G91: 888720
C92: CONCRELAJE | D92: SUPERESTRUTURA - PONTE | E92: un | G92: 862450
C93: SOTEF | D93: SUPERESTRUTURA - PONTE | E93: un | G93: 826350
C94: Mediana = | D94: Para encontrar o valor da mediana é necessário colocar os valores em ordem crescente ou decrescente. Quando o número elementos de um conjunto é par, a mediana é encontrada pela média dos dois valores centrais. Assim, esses valores são somados e divididos por dois | E94: =MEDIAN(G91:G93) -> 862450
C95: Memória de Cálculo: LAJE PROTENDIDA | I95: 44805
B96: COTAÇÃO 19 | C96: COTAÇÃO 19 | D96: LAJE PROTENDIDA | E96: UN | G96: =E100 -> 135.09
C97: SOLAR ENGENHARIA | D97: LAJE PROTENDIDA | E97: m² | G97: 127.17 | I97: 45108 | J97: 261,53 m² x R$ 127,17
C98: LAJES TAMOYO | D98: LAJE PROTENDIDA | E98: m² | G98: 143
J99: 262,30 m² x R$ 143,00
C100: Mediana = | D100: Para encontrar o valor da mediana é necessário colocar os valores em ordem crescente ou decrescente. Quando o número elementos de um conjunto é par, a mediana é encontrada pela média dos dois valores centrais. Assim, esses valores são somados e divididos por dois | E100: =MEDIAN(G97:G98) -> 135.09
...

Sheet BOLET DIV
B2: AGESUL - CIVIL
A3: CÓDIGO | B3: DISCRIMINAÇÃO | C3: UNID | E3: PUNIT
A4: AG -2001003015 | B4: CERCA DE FECHAMENTO COM TELA E MURETA, INCLUSO CAIACAO - ANEXO A-121 | C4: UN | E4: #REF!
B6: SCO-RIO
A7: CÓDIGO | B7: DISCRIMINAÇÃO | C7: UNID | E7: PUNIT | G7: 45992
A8: MAT109250 | B8: POSTE DE ACO GALVANIZADO POR IMERSAO A QUENTE (NBR6323), PINTADO COM ESMALTE SINTETICO, NA COR VERDE, COLUNA COM DIAMETRO EXTERNO DE 50,8MM (2"), ESPESSURA DE 2,75MM, COMPRIMENTO DE: 3500MM | C8: UN | E8: 365.56
A9: MAT099600 | B9: PLACA DE SINALIZACAO DE ALUMINIO, ESPESSURA 1,5MM, COM FUNDO, SIMBOLOS E TARJAS EM PELICULA REFLETIVA COM ESFERAS INCLUSAS TIPO I-A DA NBR 14644, INCLUSIVE ELEMENTOS DE FIXACAO, CONFORME ESPECIFICACAO DA CET-RIO | C9: M² | E9: 1130
B11: TCPO - 15ª EDIÇÃO
A12: CÓDIGO | B12: DISCRIMINAÇÃO | C12: UNID | D12: 45474 | E12: PUNIT
A13: 2N 36 16 25 12 04 | B13: Operador de terraplenagem | C13: H | D13: 8.7 | E13: 8.7
A14: 2C 07 14 06 32 05 | B14: Óleo diesel | C14: L | D14: 5.96 | E14: 5.9
A15: 2C 07 14 06 32 10 | B15: Graxa | C15: KG | D15: 40.16 | E15: 39.39
A16: 2C 07 14 06 34 15 | B16: Pneu 6x16x8 com câmara | C16: UN | D16: 598.28 | E16: 598.28
A17: 3R 50 50 44 20 00 00 10 05 | B17: Taxa de manutenção do equipamento: Carregadeira sobre pneus, dumper, 13 hp - 9,6 kW, capacidade 0,85 m³ | C17: EQM | D17: 107606.17 | E17: 107606.17
A18: 3R 50 50 44 20 00 00 10 10 | B18: Taxa de depreciação do equipamento: Carregadeira sobre pneus, dumper, 13 hp - 9,6 kW, capacidade 0,85 m³ | C18: EQD | D18: 107606.17 | E18: 107606.17
A19: 3R 50 50 44 20 00 00 10 15 | B19: Taxa de juros sobre capital do equipamento: Carregadeira sobre pneus, dumper, 13 hp - 9,6 kW, capacidade 0,85 m³ | C19: EQJ | D19: 107606.17 | E19: 107606.17
A20: 3R 50 50 44 20 00 00 10 20 | B20: Taxa de seguro patrimonial do equipamento: Carregadeira sobre pneus, dumper, 13 hp - 9,6 kW, capacidade 0,85 m³ | C20: EQS | D20: 107606.17 | E20: 107606.17

Sheet RESUMO
A1: =ORÇAMENTO!A1 -> OBJETO: RESTAURAÇÃO FUNCIONAL DO PAVIMENTO E SINALIZAÇÃO VIÁRIA
A2: =ORÇAMENTO!A2 -> LOCAL: QUADRILÁTERO ENTRE AS RUAS JOSUÉ GARCIA PIRES, MANOEL RASSELEN, CAFELÂNDIA E AV. HAYEL BON FAKER / RUA ERNESTO M. DE CARVALHO E ADJACÊNCIAS
A3: =ORÇAMENTO!A3 -> MUNICÍPIO: DOURADOS/MS
A4: =ORÇAMENTO!A4 -> DATA/BASE: SINAPI (S) = MARÇO/2026 ONERADO
B6: RESUMO
A8: ITEM | B8: DESCRIÇÃO | C8: % | D8: P. TOTAL
A9: =ORÇAMENTO!B10 -> 1.0 | B9: =ORÇAMENTO!D10 -> SERVIÇOS PRELIMINARES | C9: =D9/$D$17 -> #VALUE! | D9: =ORÇAMENTO!J15 -> 17039.44
A10: =ORÇAMENTO!B16 -> 2.0 | B10: =ORÇAMENTO!D16 -> ADMINISTRAÇÃO DA OBRA | C10: =D10/$D$17 -> #VALUE! | D10: =ORÇAMENTO!J24 -> 208431.36
A11: =ORÇAMENTO!B25 -> 3.0 | B11: =ORÇAMENTO!D25 -> RECUPERAÇÃO DOS DEFEITOS DO PAVIMENTO | C11: =D11/$D$17 -> #VALUE! | D11: =ORÇAMENTO!J77 -> 835410.28
A12: =ORÇAMENTO!B78 -> 4.0 | B12: =ORÇAMENTO!D78 -> RECAPEAMENTO ASFÁLTICO | C12: =D12/$D$17 -> #VALUE! | D12: =ORÇAMENTO!J86 -> 231906.56
A13: =ORÇAMENTO!B87 -> 5.0 | B13: =ORÇAMENTO!D87 -> RECONSTRUÇÃO PAVIMENTAÇÃO ASFÁLTICA | C13: =D13/$D$17 -> #VALUE! | D13: =ORÇAMENTO!J117 -> #VALUE!
A14: =ORÇAMENTO!B118 -> 6.0 | B14: =ORÇAMENTO!D118 -> RECICLAGEM DO PAVIMENTO | C14: =D14/$D$17 -> #VALUE! | D14: =ORÇAMENTO!J134 -> #VALUE!
A15: =ORÇAMENTO!B135 -> 7.0 | B15: =ORÇAMENTO!D135 -> SINALIZAÇÃO VIÁRIA | C15: =D15/$D$17 -> #VALUE! | D15: =ORÇAMENTO!J139 -> 72171.72
A16: =ORÇAMENTO!B140 -> 8.0 | B16: =ORÇAMENTO!D140 -> SERVIÇOS COMPLEMENTARES | C16: =D16/$D$17 -> #VALUE! | D16: =ORÇAMENTO!J153 -> 165473.68
B17: TOTAL GERAL | C17: =SUM(C9:C16) -> #VALUE! | D17: =SUM(D9:D16) -> #VALUE!
C22: MARISTELA ISHIBASHI TOKO DE BARROS
C23: Engª Civil - CREA/MS nº 2258-D

Sheet ORÇAMENTO
A1: OBJETO: RESTAURAÇÃO FUNCIONAL DO PAVIMENTO E SINALIZAÇÃO VIÁRIA
A2: LOCAL: QUADRILÁTERO ENTRE AS RUAS JOSUÉ GARCIA PIRES, MANOEL RASSELEN, CAFELÂNDIA E AV. HAYEL BON FAKER / RUA ERNESTO M. DE CARVALHO E ADJACÊNCIAS
A3: MUNICÍPIO: DOURADOS/MS
A4: DATA/BASE: SINAPI (S) = MARÇO/2026 ONERADO | M4: BDI ONERADO | Q4: BDI DESONERADO
A5: BDI SERVIÇO = 23,73 % | M5: 1.2373 | Q5: 1.3
A6: PLANILHA DE ORÇAMENTO
B8: ITEM | C8: CÓDIGO | D8: DISCRIMINAÇÃO | E8: DMT | F8: UN. | G8: QUANT. | H8: CUSTO UNIT | I8: CUSTO UNIT | J8: CUSTO TOTAL
C9: SINAPI | E9: Km | H9: S/ BDI | I9: C/ BDI | K9: CUSTO UNIT | L9: CUSTO TOTAL
B10: 1.0 | D10: SERVIÇOS PRELIMINARES | P10: ONERADO | Q10: DESONERADO | R10: DISCRIMINAÇÃO | S10: UND
A11: PRÓPRIO | B11: 1.1 | C11: PAE 1201 | D11: Placa de identificação de obra pública, inclusive pintura e adesivos, estrutura e suporte de madeira. incluso fornecimento de material e instalação. (REF SINAPI, CÓD 74209/1). | F11: m² | G11: =2*4*1 -> 8 | H11: =P11 -> 546.83 | I11: =ROUND(P11*$M$5,2) -> 676.59 | J11: =ROUND(G11*I11,2) -> 5412.72 | K11: =Q11*$Q$5 -> 705.57396 | L11: =ROUND(K11*G11,2) -> 5644.59 | P11: =IFERROR(IF(A11="SINAPI",VLOOKUP(C11,SINCOMOD,4,FALSE),IF(A11="INSINAPI",VLOOKUP(C11,INSINOD,5,FALSE),IF(A11="SICRO",VLOOKUP(C11,SICRO,5,FALSE),IF(A11="COTACAO",VLOOKUP(C11,COTACAO,6,FALSE),IF(A11="PRÓPRIO",VLOOKUP(C11,COMPOD1,6,FALSE),IF(A11="AGESUL",VLOOKUP(C11,AGESULOD,6,FALSE),IF(A11="INSAGESUL",VLOOKUP(C11,INSAGESUL,7,FALSE),"SEM VALOR"))))))),"SEM VALOR") -> 546.83 | Q11: =IFERROR(IF(A11="SINAPI",VLOOKUP(C11,SINCOMOD,6,FALSE),IF(A11="INSINAPI",VLOOKUP(C11,INSINOD,6,FALSE),IF(A11="SICRO",VLOOKUP(C11,SICRO,5,FALSE),IF(A11="COTACAO",VLOOKUP(C11,COTACAO,6,FALSE),IF(A11="PRÓPRIO",VLOOKUP(C11,COMPOD1,8,FALSE),IF(A11="AGESUL",VLOOKUP(C11,AGESULOD,11,FALSE),IF(A11="INSAGESUL",VLOOKUP(C11,INSAGESUL,8,FALSE),"SEM VALOR"))))))),"SEM VALOR") -> 542.7492 | R11: =IFERROR(IF(A11="SINAPI",VLOOKUP(C11,SINCOMOD,2,FALSE),IF(A11="INSINAPI",VLOOKUP(C11,INSINOD,2,FALSE),IF(A11="SICRO",VLOOKUP(C11,SICRO,2,FALSE),IF(A11="COTACAO",VLOOKUP(C11,COTACAO,3,FALSE),IF(A11="PRÓPRIO",VLOOKUP(C11,COMPOD1,2,FALSE),IF(A11="AGESUL",VLOOKUP(C11,AGESULOD,2,FALSE),IF(A11="INSAGESUL",VLOOKUP(C11,INSAGESUL,3,FALSE),""))))))),"") -> PLACA DE IDENTIFICAÇÃO DE OBRA PÚBLICA, INCLUSIVE PINTURA E ADESIVOS, ESTRUTURA E SUPORTE DE MADEIRA. INCLUSO FORNECIMENTO DE MATERIAL E INSTALAÇÃO. REF SINAPI, CÓD 74209/1) | S11: =IFERROR(IF(A11="SINAPI",VLOOKUP(C11,SINCOMOD,3,FALSE),IF(A11="INSINAPI",VLOOKUP(C11,INSINOD,3,FALSE),IF(A11="SICRO",VLOOKUP(C11,SICRO,3,FALSE),IF(A11="COTACAO",VLOOKUP(C11,COTACAO,4,FALSE),IF(A11="PRÓPRIO",VLOOKUP(C11,COMPOD1,3,FALSE),IF(A11="AGESUL",VLOOKUP(C11,AGESULOD,3,FALSE),IF(A11="INSAGESUL",VLOOKUP(C11,INSAGESUL,4,FALSE),""))))))),"") -> M²
A12: PRÓPRIO | B12: 1.2 | C12: PAE 1253 | D12: Ligação provisória de água (REF AGESUL, CÓD IUD20017). | F12: un | G12: 1 | H12: =P12 -> 1017.39 | I12: =ROUND(P12*$M$5,2) -> 1258.82 | J12: =ROUND(G12*I12,2) -> 1258.82 | K12: =Q12*$Q$5 -> 1287.6534 | L12: =ROUND(K12*G12,2) -> 1287.65 | P12: =IFERROR(IF(A12="SINAPI",VLOOKUP(C12,SINCOMOD,4,FALSE),IF(A12="INSINAPI",VLOOKUP(C12,INSINOD,5,FALSE),IF(A12="SICRO",VLOOKUP(C12,SICRO,5,FALSE),IF(A12="COTACAO",VLOOKUP(C12,COTACAO,6,FALSE),IF(A12="PRÓPRIO",VLOOKUP(C12,COMPOD1,6,FALSE),IF(A12="AGESUL",VLOOKUP(C12,AGESULOD,6,FALSE),IF(A12="INSAGESUL",VLOOKUP(C12,INSAGESUL,7,FALSE),"SEM VALOR"))))))),"SEM VALOR") -> 1017.39 | Q12: =IFERROR(IF(A12="SINAPI",VLOOKUP(C12,SINCOMOD,6,FALSE),IF(A12="INSINAPI",VLOOKUP(C12,INSINOD,6,FALSE),IF(A12="SICRO",VLOOKUP(C12,SICRO,5,FALSE),IF(A12="COTACAO",VLOOKUP(C12,COTACAO,6,FALSE),IF(A12="PRÓPRIO",VLOOKUP(C12,COMPOD1,8,FALSE),IF(A12="AGESUL",VLOOKUP(C12,AGESULOD,11,FALSE),IF(A12="INSAGESUL",VLOOKUP(C12,INSAGESUL,8,FALSE),"SEM VALOR"))))))),"SEM VALOR") -> 990.50265 | R12: =IFERROR(IF(A12="SINAPI",VLOOKUP(C12,SINCOMOD,2,FALSE),IF(A12="INSINAPI",VLOOKUP(C12,INSINOD,2,FALSE),IF(A12="SICRO",VLOOKUP(C12,SICRO,2,FALSE),IF(A12="COTACAO",VLOOKUP(C12,COTACAO,3,FALSE),IF(A12="PRÓPRIO",VLOOKUP(C12,COMPOD1,2,FALSE),IF(A12="AGESUL",VLOOKUP(C12,AGESULOD,2,FALSE),IF(A12="INSAGESUL",VLOOKUP(C12,INSAGESUL,3,FALSE),""))))))),"") -> LIGAÇÃO PROVISÓRIA DE ÁGUA (REF AGESUL, CÓD IUD20017). | S12: =IFERROR(IF(A12="SINAPI",VLOOKUP(C12,SINCOMOD,3,FALSE),IF(A12="INSINAPI",VLOOKUP(C12,INSINOD,3,FALSE),IF(A12="SICRO",VLOOKUP(C12,SICRO,3,FALSE),IF(A12="COTACAO",VLOOKUP(C12,COTACAO,4,FALSE),IF(A12="PRÓPRIO",VLOOKUP(C12,COMPOD1,3,FALSE),IF(A12="AGESUL",VLOOKUP(C12,AGESULOD,3,FALSE),IF(A12="INSAGESUL",VLOOKUP(C12,INSAGESUL,4,FALSE),""))))))),"") -> UN
A13: PRÓPRIO | B13: 1.3 | C13: PAE 1071 | D13: Entrada provisória de energia elétrica aérea trifásica 40a em poste de concreto armado de secao duplo t | F13: un | G13: 1 | H13: =P13 -> 2806.97 | I13: =ROUND(P13*$M$5,2) -> 3473.06 | J13: =ROUND(G13*I13,2) -> 3473.06 | K13: =Q13*$Q$5 -> 3617.5533 | L13: =ROUND(K13*G13,2) -> 3617.55 | P13: =IFERROR(IF(A13="SINAPI",VLOOKUP(C13,SINCOMOD,4,FALSE),IF(A13="INSINAPI",VLOOKUP(C13,INSINOD,5,FALSE),IF(A13="SICRO",VLOOKUP(C13,SICRO,5,FALSE),IF(A13="COTACAO",VLOOKUP(C13,COTACAO,6,FALSE),IF(A13="PRÓPRIO",VLOOKUP(C13,COMPOD1,6,FALSE),IF(A13="AGESUL",VLOOKUP(C13,AGESULOD,6,FALSE),IF(A13="INSAGESUL",VLOOKUP(C13,INSAGESUL,7,FALSE),"SEM VALOR"))))))),"SEM VALOR") -> 2806.97 | Q13: =IFERROR(IF(A13="SINAPI",VLOOKUP(C13,SINCOMOD,6,FALSE),IF(A13="INSINAPI",VLOOKUP(C13,INSINOD,6,FALSE),IF(A13="SICRO",VLOOKUP(C13,SICRO,5,FALSE),IF(A13="COTACAO",VLOOKUP(C13,COTACAO,6,FALSE),IF(A13="PRÓPRIO",VLOOKUP(C13,COMPOD1,8,FALSE),IF(A13="AGESUL",VLOOKUP(C13,AGESULOD,11,FALSE),IF(A13="INSAGESUL",VLOOKUP(C13,INSAGESUL,8,FALSE),"SEM VALOR"))))))),"SEM VALOR") -> 2782.7333 | R13: =IFERROR(IF(A13="SINAPI",VLOOKUP(C13,SINCOMOD,2,FALSE),IF(A13="INSINAPI",VLOOKUP(C13,INSINOD,2,FALSE),IF(A13="SICRO",VLOOKUP(C13,SICRO,2,FALSE),IF(A13="COTACAO",VLOOKUP(C13,COTACAO,3,FALSE),IF(A13="PRÓPRIO",VLOOKUP(C13,COMPOD1,2,FALSE),IF(A13="AGESUL",VLOOKUP(C13,AGESULOD,2,FALSE),IF(A13="INSAGESUL",VLOOKUP(C13,INSAGESUL,3,FALSE),""))))))),"") -> ENTRADA PROVISÓRIA DE ENERGIA ELÉTRICA AÉREA TRIFÁSICA 40A EM POSTE DE CONCRETO ARMADO DE SECAO DUPLO T | S13: =IFERROR(IF(A13="SINAPI",VLOOKUP(C13,SINCOMOD,3,FALSE),IF(A13="INSINAPI",VLOOKUP(C13,INSINOD,3,FALSE),IF(A13="SICRO",VLOOKUP(C13,SICRO,3,FALSE),IF(A13="COTACAO",VLOOKUP(C13,COTACAO,4,FALSE),IF(A13="PRÓPRIO",VLOOKUP(C13,COMPOD1,3,FALSE),IF(A13="AGESUL",VLOOKUP(C13,AGESULOD,3,FALSE),IF(A13="INSAGESUL",VLOOKUP(C13,INSAGESUL,4,FALSE),""))))))),"") -> UN
A14: INSINAPI | B14: 1.4 | C14: 10775 | D14: Locacao de container 2,30 x 6,00 m, alt. 2,50 m, com 1 sanitario | F14: mês | G14: 6 | H14: =P14 -> 928.75 | I14: =ROUND(P14*$M$5,2) -> 1149.14 | J14: =ROUND(G14*I14,2) -> 6894.84 | K14: =Q14*$Q$5 -> 1207.375 | L14: =ROUND(K14*G14,2) -> 7244.25 | P14: =IFERROR(IF(A14="SINAPI",VLOOKUP(C14,SINCOMOD,4,FALSE),IF(A14="INSINAPI",VLOOKUP(C14,INSINOD,5,FALSE),IF(A14="SICRO",VLOOKUP(C14,SICRO,5,FALSE),IF(A14="COTACAO",VLOOKUP(C14,COTACAO,6,FALSE),IF(A14="PRÓPRIO",VLOOKUP(C14,COMPOD1,6,FALSE),IF(A14="AGESUL",VLOOKUP(C14,AGESULOD,6,FALSE),IF(A14="INSAGESUL",VLOOKUP(C14,INSAGESUL,7,FALSE),"SEM VALOR"))))))),"SEM VALOR") -> 928.75 | Q14: =IFERROR(IF(A14="SINAPI",VLOOKUP(C14,SINCOMOD,6,FALSE),IF(A14="INSINAPI",VLOOKUP(C14,INSINOD,6,FALSE),IF(A14="SICRO",VLOOKUP(C14,SICRO,5,FALSE),IF(A14="COTACAO",VLOOKUP(C14,COTACAO,6,FALSE),IF(A14="PRÓPRIO",VLOOKUP(C14,COMPOD1,8,FALSE),IF(A14="AGESUL",VLOOKUP(C14,AGESULOD,11,FALSE),IF(A14="INSAGESUL",VLOOKUP(C14,INSAGESUL,8,FALSE),"SEM VALOR"))))))),"SEM VALOR") -> 928.75 | R14: =IFERROR(IF(A14="SINAPI",VLOOKUP(C14,SINCOMOD,2,FALSE),IF(A14="INSINAPI",VLOOKUP(C14,INSINOD,2,FALSE),IF(A14="SICRO",VLOOKUP(C14,SICRO,2,FALSE),IF(A14="COTACAO",VLOOKUP(C14,COTACAO,3,FALSE),IF(A14="PRÓPRIO",VLOOKUP(C14,COMPOD1,2,FALSE),IF(A14="AGESUL",VLOOKUP(C14,AGESULOD,2,FALSE),IF(A14="INSAGESUL",VLOOKUP(C14,INSAGESUL,3,FALSE),""))))))),"") -> LOCACAO DE CONTAINER 2,30 X 6,00 M, ALT. 2,50 M, COM 1 SANITARIO, PARA ESCRITORIO, COMPLETO, SEM DIVISORIAS INTERNAS (NAO INCLUI MOBILIZACAO/DESMOBILIZACAO) | S14: =IFERROR(IF(A14="SINAPI",VLOOKUP(C14,SINCOMOD,3,FALSE),IF(A14="INSINAPI",VLOOKUP(C14,INSINOD,3,FALSE),IF(A14="SICRO",VLOOKUP(C14,SICRO,3,FALSE),IF(A14="COTACAO",VLOOKUP(C14,COTACAO,4,FALSE),IF(A14="PRÓPRIO",VLOOKUP(C14,COMPOD1,3,FALSE),IF(A14="AGESUL",VLOOKUP(C14,AGESULOD,3,FALSE),IF(A14="INSAGESUL",VLOOKUP(C14,INSAGESUL,4,FALSE),""))))))),"") -> MES
D15: SUBTOTAL ITEM 1.0 | J15: =SUM(J11:J14) -> 17039.44 | L15: =SUM(L11:L14) -> 17794.04 | M15: =J15/$J$154 -> #VALUE! | R15: =IFERROR(IF(A15="SINAPI",VLOOKUP(C15,SINCOMOD,2,FALSE),IF(A15="INSINAPI",VLOOKUP(C15,INSINOD,2,FALSE),IF(A15="SICRO",VLOOKUP(C15,SICRO,2,FALSE),IF(A15="COTACAO",VLOOKUP(C15,COTACAO,3,FALSE),IF(A15="PRÓPRIO",VLOOKUP(C15,COMPOD1,2,FALSE),IF(A15="AGESUL",VLOOKUP(C15,AGESULOD,2,FALSE),IF(A15="INSAGESUL",VLOOKUP(C15,INSAGESUL,3,FALSE),""))))))),"") | S15: =IFERROR(IF(A15="SINAPI",VLOOKUP(C15,SINCOMOD,3,FALSE),IF(A15="INSINAPI",VLOOKUP(C15,INSINOD,3,FALSE),IF(A15="SICRO",VLOOKUP(C15,SICRO,3,FALSE),IF(A15="COTACAO",VLOOKUP(C15,COTACAO,4,FALSE),IF(A15="PRÓPRIO",VLOOKUP(C15,COMPOD1,3,FALSE),IF(A15="AGESUL",VLOOKUP(C15,AGESULOD,3,FALSE),IF(A15="INSAGESUL",VLOOKUP(C15,INSAGESUL,4,FALSE),""))))))),"")
B16: 2.0 | D16: ADMINISTRAÇÃO DA OBRA | R16: =IFERROR(IF(A16="SINAPI",VLOOKUP(C16,SINCOMOD,2,FALSE),IF(A16="INSINAPI",VLOOKUP(C16,INSINOD,2,FALSE),IF(A16="SICRO",VLOOKUP(C16,SICRO,2,FALSE),IF(A16="COTACAO",VLOOKUP(C16,COTACAO,3,FALSE),IF(A16="PRÓPRIO",VLOOKUP(C16,COMPOD1,2,FALSE),IF(A16="AGESUL",VLOOKUP(C16,AGESULOD,2,FALSE),IF(A16="INSAGESUL",VLOOKUP(C16,INSAGESUL,3,FALSE),""))))))),"") | S16: =IFERROR(IF(A16="SINAPI",VLOOKUP(C16,SINCOMOD,3,FALSE),IF(A16="INSINAPI",VLOOKUP(C16,INSINOD,3,FALSE),IF(A16="SICRO",VLOOKUP(C16,SICRO,3,FALSE),IF(A16="COTACAO",VLOOKUP(C16,COTACAO,4,FALSE),IF(A16="PRÓPRIO",VLOOKUP(C16,COMPOD1,3,FALSE),IF(A16="AGESUL",VLOOKUP(C16,AGESULOD,3,FALSE),IF(A16="INSAGESUL",VLOOKUP(C16,INSAGESUL,4,FALSE),""))))))),"")
A17: SINAPI | B17: 2.1 | C17: 90781 | D17: Topógrafo com encargos complementares | F17: h | G17: =90*6 -> 540 | H17: =P17 -> 37.4 | I17: =ROUND(P17*$M$5,2) -> 46.28 | J17: =ROUND(G17*I17,2) -> 24991.2 | K17: =Q17*$Q$5 -> 45.5 | L17: =ROUND(K17*G17,2) -> 24570 | P17: =IFERROR(IF(A17="SINAPI",VLOOKUP(C17,SINCOMOD,4,FALSE),IF(A17="INSINAPI",VLOOKUP(C17,INSINOD,5,FALSE),IF(A17="SICRO",VLOOKUP(C17,SICRO,5,FALSE),IF(A17="COTACAO",VLOOKUP(C17,COTACAO,6,FALSE),IF(A17="PRÓPRIO",VLOOKUP(C17,COMPOD1,6,FALSE),IF(A17="AGESUL",VLOOKUP(C17,AGESULOD,6,FALSE),IF(A17="INSAGESUL",VLOOKUP(C17,INSAGESUL,7,FALSE),"SEM VALOR"))))))),"SEM VALOR") -> 37.4 | Q17: =IFERROR(IF(A17="SINAPI",VLOOKUP(C17,SINCOMOD,6,FALSE),IF(A17="INSINAPI",VLOOKUP(C17,INSINOD,6,FALSE),IF(A17="SICRO",VLOOKUP(C17,SICRO,5,FALSE),IF(A17="COTACAO",VLOOKUP(C17,COTACAO,6,FALSE),IF(A17="PRÓPRIO",VLOOKUP(C17,COMPOD1,8,FALSE),IF(A17="AGESUL",VLOOKUP(C17,AGESULOD,11,FALSE),IF(A17="INSAGESUL",VLOOKUP(C17,INSAGESUL,8,FALSE),"SEM VALOR"))))))),"SEM VALOR") -> 35 | R17: =IFERROR(IF(A17="SINAPI",VLOOKUP(C17,SINCOMOD,2,FALSE),IF(A17="INSINAPI",VLOOKUP(C17,INSINOD,2,FALSE),IF(A17="SICRO",VLOOKUP(C17,SICRO,2,FALSE),IF(A17="COTACAO",VLOOKUP(C17,COTACAO,3,FALSE),IF(A17="PRÓPRIO",VLOOKUP(C17,COMPOD1,2,FALSE),IF(A17="AGESUL",VLOOKUP(C17,AGESULOD,2,FALSE),IF(A17="INSAGESUL",VLOOKUP(C17,INSAGESUL,3,FALSE),""))))))),"") -> TOPOGRAFO COM ENCARGOS COMPLEMENTARES | S17: =IFERROR(IF(A17="SINAPI",VLOOKUP(C17,SINCOMOD,3,FALSE),IF(A17="INSINAPI",VLOOKUP(C17,INSINOD,3,FALSE),IF(A17="SICRO",VLOOKUP(C17,SICRO,3,FALSE),IF(A17="COTACAO",VLOOKUP(C17,COTACAO,4,FALSE),IF(A17="PRÓPRIO",VLOOKUP(C17,COMPOD1,3,FALSE),IF(A17="AGESUL",VLOOKUP(C17,AGESULOD,3,FALSE),IF(A17="INSAGESUL",VLOOKUP(C17,INSAGESUL,4,FALSE),""))))))),"") -> H
A18: SINAPI | B18: 2.2 | C18: 88253 | D18: Auxiliar de topógrafo com encargos complementares | F18: h | G18: =90*6 -> 540 | H18: =P18 -> 19.76 | I18: =ROUND(P18*$M$5,2) -> 24.45 | J18: =ROUND(G18*I18,2) -> 13203 | K18: =Q18*$Q$5 -> 24.284 | L18: =ROUND(K18*G18,2) -> 13113.36 | P18: =IFERROR(IF(A18="SINAPI",VLOOKUP(C18,SINCOMOD,4,FALSE),IF(A18="INSINAPI",VLOOKUP(C18,INSINOD,5,FALSE),IF(A18="SICRO",VLOOKUP(C18,SICRO,5,FALSE),IF(A18="COTACAO",VLOOKUP(C18,COTACAO,6,FALSE),IF(A18="PRÓPRIO",VLOOKUP(C18,COMPOD1,6,FALSE),IF(A18="AGESUL",VLOOKUP(C18,AGESULOD,6,FALSE),IF(A18="INSAGESUL",VLOOKUP(C18,INSAGESUL,7,FALSE),"SEM VALOR"))))))),"SEM VALOR") -> 19.76 | Q18: =IFERROR(IF(A18="SINAPI",VLOOKUP(C18,SINCOMOD,6,FALSE),IF(A18="INSINAPI",VLOOKUP(C18,INSINOD,6,FALSE),IF(A18="SICRO",VLOOKUP(C18,SICRO,5,FALSE),IF(A18="COTACAO",VLOOKUP(C18,COTACAO,6,FALSE),IF(A18="PRÓPRIO",VLOOKUP(C18,COMPOD1,8,FALSE),IF(A18="AGESUL",VLOOKUP(C18,AGESULOD,11,FALSE),IF(A18="INSAGESUL",VLOOKUP(C18,INSAGESUL,8,FALSE),"SEM VALOR"))))))),"SEM VALOR") -> 18.68 | R18: =IFERROR(IF(A18="SINAPI",VLOOKUP(C18,SINCOMOD,2,FALSE),IF(A18="INSINAPI",VLOOKUP(C18,INSINOD,2,FALSE),IF(A18="SICRO",VLOOKUP(C18,SICRO,2,FALSE),IF(A18="COTACAO",VLOOKUP(C18,COTACAO,3,FALSE),IF(A18="PRÓPRIO",VLOOKUP(C18,COMPOD1,2,FALSE),IF(A18="AGESUL",VLOOKUP(C18,AGESULOD,2,FALSE),IF(A18="INSAGESUL",VLOOKUP(C18,INSAGESUL,3,FALSE),""))))))),"") -> AUXILIAR DE TOPÓGRAFO COM ENCARGOS COMPLEMENTARES | S18: =IFERROR(IF(A18="SINAPI",VLOOKUP(C18,SINCOMOD,3,FALSE),IF(A18="INSINAPI",VLOOKUP(C18,INSINOD,3,FALSE),IF(A18="SICRO",VLOOKUP(C18,SICRO,3,FALSE),IF(A18="COTACAO",VLOOKUP(C18,COTACAO,4,FALSE),IF(A18="PRÓPRIO",VLOOKUP(C18,COMPOD1,3,FALSE),IF(A18="AGESUL",VLOOKUP(C18,AGESULOD,3,FALSE),IF(A18="INSAGESUL",VLOOKUP(C18,INSAGESUL,4,FALSE),""))))))),"") -> H
A19: SINAPI | B19: 2.3 | C19: 90777 | D19: Engenheiro civil de obra junior com encargos complementares | F19: h | G19: =60*6 -> 360 | H19: =P19 -> 141.5 | I19: =ROUND(P19*$M$5,2) -> 175.08 | J19: =ROUND(G19*I19,2) -> 63028.8 | K19: =Q19*$Q$5 -> 170.612 | L19: =ROUND(K19*G19,2) -> 61420.32 | P19: =IFERROR(IF(A19="SINAPI",VLOOKUP(C19,SINCOMOD,4,FALSE),IF(A19="INSINAPI",VLOOKUP(C19,INSINOD,5,FALSE),IF(A19="SICRO",VLOOKUP(C19,SICRO,5,FALSE),IF(A19="COTACAO",VLOOKUP(C19,COTACAO,6,FALSE),IF(A19="PRÓPRIO",VLOOKUP(C19,COMPOD1,6,FALSE),IF(A19="AGESUL",VLOOKUP(C19,AGESULOD,6,FALSE),IF(A19="INSAGESUL",VLOOKUP(C19,INSAGESUL,7,FALSE),"SEM VALOR"))))))),"SEM VALOR") -> 141.5 | Q19: =IFERROR(IF(A19="SINAPI",VLOOKUP(C19,SINCOMOD,6,FALSE),IF(A19="INSINAPI",VLOOKUP(C19,INSINOD,6,FALSE),IF(A19="SICRO",VLOOKUP(C19,SICRO,5,FALSE),IF(A19="COTACAO",VLOOKUP(C19,COTACAO,6,FALSE),IF(A19="PRÓPRIO",VLOOKUP(C19,COMPOD1,8,FALSE),IF(A19="AGESUL",VLOOKUP(C19,AGESULOD,11,FALSE),IF(A19="INSAGESUL",VLOOKUP(C19,INSAGESUL,8,FALSE),"SEM VALOR"))))))),"SEM VALOR") -> 131.24 | R19: =IFERROR(IF(A19="SINAPI",VLOOKUP(C19,SINCOMOD,2,FALSE),IF(A19="INSINAPI",VLOOKUP(C19,INSINOD,2,FALSE),IF(A19="SICRO",VLOOKUP(C19,SICRO,2,FALSE),IF(A19="COTACAO",VLOOKUP(C19,COTACAO,3,FALSE),IF(A19="PRÓPRIO",VLOOKUP(C19,COMPOD1,2,FALSE),IF(A19="AGESUL",VLOOKUP(C19,AGESULOD,2,FALSE),IF(A19="INSAGESUL",VLOOKUP(C19,INSAGESUL,3,FALSE),""))))))),"") -> ENGENHEIRO CIVIL DE OBRA JUNIOR COM ENCARGOS COMPLEMENTARES | S19: =IFERROR(IF(A19="SINAPI",VLOOKUP(C19,SINCOMOD,3,FALSE),IF(A19="INSINAPI",VLOOKUP(C19,INSINOD,3,FALSE),IF(A19="SICRO",VLOOKUP(C19,SICRO,3,FALSE),IF(A19="COTACAO",VLOOKUP(C19,COTACAO,4,FALSE),IF(A19="PRÓPRIO",VLOOKUP(C19,COMPOD1,3,FALSE),IF(A19="AGESUL",VLOOKUP(C19,AGESULOD,3,FALSE),IF(A19="INSAGESUL",VLOOKUP(C19,INSAGESUL,4,FALSE),""))))))),"") -> H
A20: SINAPI | B20: 2.4 | C20: 88321 | D20: Técnico de laboratório com encargos complementares | F20: h | G20: =70*6 -> 420 | H20: =P20 -> 42.47 | I20: =ROUND(P20*$M$5,2) -> 52.55 | J20: =ROUND(G20*I20,2) -> 22071 | K20: =Q20*$Q$5 -> 51.597 | L20: =ROUND(K20*G20,2) -> 21670.74 | P20: =IFERROR(IF(A20="SINAPI",VLOOKUP(C20,SINCOMOD,4,FALSE),IF(A20="INSINAPI",VLOOKUP(C20,INSINOD,5,FALSE),IF(A20="SICRO",VLOOKUP(C20,SICRO,5,FALSE),IF(A20="COTACAO",VLOOKUP(C20,COTACAO,6,FALSE),IF(A20="PRÓPRIO",VLOOKUP(C20,COMPOD1,6,FALSE),IF(A20="AGESUL",VLOOKUP(C20,AGESULOD,6,FALSE),IF(A20="INSAGESUL",VLOOKUP(C20,INSAGESUL,7,FALSE),"SEM VALOR"))))))),"SEM VALOR") -> 42.47 | Q20: =IFERROR(IF(A20="SINAPI",VLOOKUP(C20,SINCOMOD,6,FALSE),IF(A20="INSINAPI",VLOOKUP(C20,INSINOD,6,FALSE),IF(A20="SICRO",VLOOKUP(C20,SICRO,5,FALSE),IF(A20="COTACAO",VLOOKUP(C20,COTACAO,6,FALSE),IF(A20="PRÓPRIO",VLOOKUP(C20,COMPOD1,8,FALSE),IF(A20="AGESUL",VLOOKUP(C20,AGESULOD,11,FALSE),IF(A20="INSAGESUL",VLOOKUP(C20,INSAGESUL,8,FALSE),"SEM VALOR"))))))),"SEM VALOR") -> 39.69 | R20: =IFERROR(IF(A20="SINAPI",VLOOKUP(C20,SINCOMOD,2,FALSE),IF(A20="INSINAPI",VLOOKUP(C20,INSINOD,2,FALSE),IF(A20="SICRO",VLOOKUP(C20,SICRO,2,FALSE),IF(A20="COTACAO",VLOOKUP(C20,COTACAO,3,FALSE),IF(A20="PRÓPRIO",VLOOKUP(C20,COMPOD1,2,FALSE),IF(A20="AGESUL",VLOOKUP(C20,AGESULOD,2,FALSE),IF(A20="INSAGESUL",VLOOKUP(C20,INSAGESUL,3,FALSE),""))))))),"") -> TÉCNICO DE LABORATÓRIO COM ENCARGOS COMPLEMENTARES | S20: =IFERROR(IF(A20="SINAPI",VLOOKUP(C20,SINCOMOD,3,FALSE),IF(A20="INSINAPI",VLOOKUP(C20,INSINOD,3,FALSE),IF(A20="SICRO",VLOOKUP(C20,SICRO,3,FALSE),IF(A20="COTACAO",VLOOKUP(C20,COTACAO,4,FALSE),IF(A20="PRÓPRIO",VLOOKUP(C20,COMPOD1,3,FALSE),IF(A20="AGESUL",VLOOKUP(C20,AGESULOD,3,FALSE),IF(A20="INSAGESUL",VLOOKUP(C20,INSAGESUL,4,FALSE),""))))))),"") -> H
A21: SINAPI | B21: 2.5 | C21: 88249 | D21: Auxiliar de laboratório com encargos complementares | F21: h | G21: =70*6 -> 420 | H21: =P21 -> 36.14 | I21: =ROUND(P21*$M$5,2) -> 44.72 | J21: =ROUND(G21*I21,2) -> 18782.4 | K21: =Q21*$Q$5 -> 43.979 | L21: =ROUND(K21*G21,2) -> 18471.18 | P21: =IFERROR(IF(A21="SINAPI",VLOOKUP(C21,SINCOMOD,4,FALSE),IF(A21="INSINAPI",VLOOKUP(C21,INSINOD,5,FALSE),IF(A21="SICRO",VLOOKUP(C21,SICRO,5,FALSE),IF(A21="COTACAO",VLOOKUP(C21,COTACAO,6,FALSE),IF(A21="PRÓPRIO",VLOOKUP(C21,COMPOD1,6,FALSE),IF(A21="AGESUL",VLOOKUP(C21,AGESULOD,6,FALSE),IF(A21="INSAGESUL",VLOOKUP(C21,INSAGESUL,7,FALSE),"SEM VALOR"))))))),"SEM VALOR") -> 36.14 | Q21: =IFERROR(IF(A21="SINAPI",VLOOKUP(C21,SINCOMOD,6,FALSE),IF(A21="INSINAPI",VLOOKUP(C21,INSINOD,6,FALSE),IF(A21="SICRO",VLOOKUP(C21,SICRO,5,FALSE),IF(A21="COTACAO",VLOOKUP(C21,COTACAO,6,FALSE),IF(A21="PRÓPRIO",VLOOKUP(C21,COMPOD1,8,FALSE),IF(A21="AGESUL",VLOOKUP(C21,AGESULOD,11,FALSE),IF(A21="INSAGESUL",VLOOKUP(C21,INSAGESUL,8,FALSE),"SEM VALOR"))))))),"SEM VALOR") -> 33.83 | R21: =IFERROR(IF(A21="SINAPI",VLOOKUP(C21,SINCOMOD,2,FALSE),IF(A21="INSINAPI",VLOOKUP(C21,INSINOD,2,FALSE),IF(A21="SICRO",VLOOKUP(C21,SICRO,2,FALSE),IF(A21="COTACAO",VLOOKUP(C21,COTACAO,3,FALSE),IF(A21="PRÓPRIO",VLOOKUP(C21,COMPOD1,2,FALSE),IF(A21="AGESUL",VLOOKUP(C21,AGESULOD,2,FALSE),IF(A21="INSAGESUL",VLOOKUP(C21,INSAGESUL,3,FALSE),""))))))),"") -> AUXILIAR DE LABORATÓRIO COM ENCARGOS COMPLEMENTARES | S21: =IFERROR(IF(A21="SINAPI",VLOOKUP(C21,SINCOMOD,3,FALSE),IF(A21="INSINAPI",VLOOKUP(C21,INSINOD,3,FALSE),IF(A21="SICRO",VLOOKUP(C21,SICRO,3,FALSE),IF(A21="COTACAO",VLOOKUP(C21,COTACAO,4,FALSE),IF(A21="PRÓPRIO",VLOOKUP(C21,COMPOD1,3,FALSE),IF(A21="AGESUL",VLOOKUP(C21,AGESULOD,3,FALSE),IF(A21="INSAGESUL",VLOOKUP(C21,INSAGESUL,4,FALSE),""))))))),"") -> H
A22: SINAPI | B22: 2.6 | C22: 100309 | D22: Técnico em segurança do trabalho com encargos complementares | F22: h | G22: =70*6 -> 420 | H22: =P22 -> 41.38 | I22: =ROUND(P22*$M$5,2) -> 51.2 | J22: =ROUND(G22*I22,2) -> 21504 | K22: =Q22*$Q$5 -> 50.271 | L22: =ROUND(K22*G22,2) -> 21113.82 | P22: =IFERROR(IF(A22="SINAPI",VLOOKUP(C22,SINCOMOD,4,FALSE),IF(A22="INSINAPI",VLOOKUP(C22,INSINOD,5,FALSE),IF(A22="SICRO",VLOOKUP(C22,SICRO,5,FALSE),IF(A22="COTACAO",VLOOKUP(C22,COTACAO,6,FALSE),IF(A22="PRÓPRIO",VLOOKUP(C22,COMPOD1,6,FALSE),IF(A22="AGESUL",VLOOKUP(C22,AGESULOD,6,FALSE),IF(A22="INSAGESUL",VLOOKUP(C22,INSAGESUL,7,FALSE),"SEM VALOR"))))))),"SEM VALOR") -> 41.38 | Q22: =IFERROR(IF(A22="SINAPI",VLOOKUP(C22,SINCOMOD,6,FALSE),IF(A22="INSINAPI",VLOOKUP(C22,INSINOD,6,FALSE),IF(A22="SICRO",VLOOKUP(C22,SICRO,5,FALSE),IF(A22="COTACAO",VLOOKUP(C22,COTACAO,6,FALSE),IF(A22="PRÓPRIO",VLOOKUP(C22,COMPOD1,8,FALSE),IF(A22="AGESUL",VLOOKUP(C22,AGESULOD,11,FALSE),IF(A22="INSAGESUL",VLOOKUP(C22,INSAGESUL,8,FALSE),"SEM VALOR"))))))),"SEM VALOR") -> 38.67 | R22: =IFERROR(IF(A22="SINAPI",VLOOKUP(C22,SINCOMOD,2,FALSE),IF(A22="INSINAPI",VLOOKUP(C22,INSINOD,2,FALSE),IF(A22="SICRO",VLOOKUP(C22,SICRO,2,FALSE),IF(A22="COTACAO",VLOOKUP(C22,COTACAO,3,FALSE),IF(A22="PRÓPRIO",VLOOKUP(C22,COMPOD1,2,FALSE),IF(A22="AGESUL",VLOOKUP(C22,AGESULOD,2,FALSE),IF(A22="INSAGESUL",VLOOKUP(C22,INSAGESUL,3,FALSE),""))))))),"") -> TÉCNICO EM SEGURANÇA DO TRABALHO COM ENCARGOS COMPLEMENTARES | S22: =IFERROR(IF(A22="SINAPI",VLOOKUP(C22,SINCOMOD,3,FALSE),IF(A22="INSINAPI",VLOOKUP(C22,INSINOD,3,FALSE),IF(A22="SICRO",VLOOKUP(C22,SICRO,3,FALSE),IF(A22="COTACAO",VLOOKUP(C22,COTACAO,4,FALSE),IF(A22="PRÓPRIO",VLOOKUP(C22,COMPOD1,3,FALSE),IF(A22="AGESUL",VLOOKUP(C22,AGESULOD,3,FALSE),IF(A22="INSAGESUL",VLOOKUP(C22,INSAGESUL,4,FALSE),""))))))),"") -> H
A23: SINAPI | B23: 2.7 | C23: 93572 | D23: Encarregado geral de obras com encargos complementares | F23: mês | G23: 6 | H23: =P23 -> 6041.51 | I23: =ROUND(P23*$M$5,2) -> 7475.16 | J23: =ROUND(G23*I23,2) -> 44850.96 | K23: =Q23*$Q$5 -> 7361.523 | L23: =ROUND(K23*G23,2) -> 44169.14 | P23: =IFERROR(IF(A23="SINAPI",VLOOKUP(C23,SINCOMOD,4,FALSE),IF(A23="INSINAPI",VLOOKUP(C23,INSINOD,5,FALSE),IF(A23="SICRO",VLOOKUP(C23,SICRO,5,FALSE),IF(A23="COTACAO",VLOOKUP(C23,COTACAO,6,FALSE),IF(A23="PRÓPRIO",VLOOKUP(C23,COMPOD1,6,FALSE),IF(A23="AGESUL",VLOOKUP(C23,AGESULOD,6,FALSE),IF(A23="INSAGESUL",VLOOKUP(C23,INSAGESUL,7,FALSE),"SEM VALOR"))))))),"SEM VALOR") -> 6041.51 | Q23: =IFERROR(IF(A23="SINAPI",VLOOKUP(C23,SINCOMOD,6,FALSE),IF(A23="INSINAPI",VLOOKUP(C23,INSINOD,6,FALSE),IF(A23="SICRO",VLOOKUP(C23,SICRO,5,FALSE),IF(A23="COTACAO",VLOOKUP(C23,COTACAO,6,FALSE),IF(A23="PRÓPRIO",VLOOKUP(C23,COMPOD1,8,FALSE),IF(A23="AGESUL",VLOOKUP(C23,AGESULOD,11,FALSE),IF(A23="INSAGESUL",VLOOKUP(C23,INSAGESUL,8,FALSE),"SEM VALOR"))))))),"SEM VALOR") -> 5662.71 | R23: =IFERROR(IF(A23="SINAPI",VLOOKUP(C23,SINCOMOD,2,FALSE),IF(A23="INSINAPI",VLOOKUP(C23,INSINOD,2,FALSE),IF(A23="SICRO",VLOOKUP(C23,SICRO,2,FALSE),IF(A23="COTACAO",VLOOKUP(C23,COTACAO,3,FALSE),IF(A23="PRÓPRIO",VLOOKUP(C23,COMPOD1,2,FALSE),IF(A23="AGESUL",VLOOKUP(C23,AGESULOD,2,FALSE),IF(A23="INSAGESUL",VLOOKUP(C23,INSAGESUL,3,FALSE),""))))))),"") -> ENCARREGADO GERAL DE OBRAS COM ENCARGOS COMPLEMENTARES | S23: =IFERROR(IF(A23="SINAPI",VLOOKUP(C23,SINCOMOD,3,FALSE),IF(A23="INSINAPI",VLOOKUP(C23,INSINOD,3,FALSE),IF(A23="SICRO",VLOOKUP(C23,SICRO,3,FALSE),IF(A23="COTACAO",VLOOKUP(C23,COTACAO,4,FALSE),IF(A23="PRÓPRIO",VLOOKUP(C23,COMPOD1,3,FALSE),IF(A23="AGESUL",VLOOKUP(C23,AGESULOD,3,FALSE),IF(A23="INSAGESUL",VLOOKUP(C23,INSAGESUL,4,FALSE),""))))))),"") -> MES
D24: SUBTOTAL ITEM 2.0 | J24: =SUM(J17:J23) -> 208431.36 | L24: =SUM(L17:L23) -> 204528.56 | M24: =J24/$J$154 -> #VALUE! | P24: =IFERROR(IF(A24="SINAPI",VLOOKUP(C24,SINCOMOD,4,FALSE),IF(A24="INSINAPI",VLOOKUP(C24,INSINOD,5,FALSE),IF(A24="SICRO",VLOOKUP(C24,SICRO,5,FALSE),IF(A24="COTACAO",VLOOKUP(C24,COTACAO,6,FALSE),IF(A24="PRÓPRIO",VLOOKUP(C24,COMPOD1,6,FALSE),IF(A24="AGESUL",VLOOKUP(C24,AGESULOD,6,FALSE),IF(A24="INSAGESUL",VLOOKUP(C24,INSAGESUL,7,FALSE),"SEM VALOR"))))))),"SEM VALOR") -> SEM VALOR | Q24: =IFERROR(IF(A24="SINAPI",VLOOKUP(C24,SINCOMOD,6,FALSE),IF(A24="INSINAPI",VLOOKUP(C24,INSINOD,6,FALSE),IF(A24="SICRO",VLOOKUP(C24,SICRO,5,FALSE),IF(A24="COTACAO",VLOOKUP(C24,COTACAO,6,FALSE),IF(A24="PRÓPRIO",VLOOKUP(C24,COMPOD1,8,FALSE),IF(A24="AGESUL",VLOOKUP(C24,AGESULOD,11,FALSE),IF(A24="INSAGESUL",VLOOKUP(C24,INSAGESUL,8,FALSE),"SEM VALOR"))))))),"SEM VALOR") -> SEM VALOR | R24: =IFERROR(IF(A24="SINAPI",VLOOKUP(C24,SINCOMOD,2,FALSE),IF(A24="INSINAPI",VLOOKUP(C24,INSINOD,2,FALSE),IF(A24="SICRO",VLOOKUP(C24,SICRO,2,FALSE),IF(A24="COTACAO",VLOOKUP(C24,COTACAO,3,FALSE),IF(A24="PRÓPRIO",VLOOKUP(C24,COMPOD1,2,FALSE),IF(A24="AGESUL",VLOOKUP(C24,AGESULOD,2,FALSE),IF(A24="INSAGESUL",VLOOKUP(C24,INSAGESUL,3,FALSE),""))))))),"") | S24: =IFERROR(IF(A24="SINAPI",VLOOKUP(C24,SINCOMOD,3,FALSE),IF(A24="INSINAPI",VLOOKUP(C24,INSINOD,3,FALSE),IF(A24="SICRO",VLOOKUP(C24,SICRO,3,FALSE),IF(A24="COTACAO",VLOOKUP(C24,COTACAO,4,FALSE),IF(A24="PRÓPRIO",VLOOKUP(C24,COMPOD1,3,FALSE),IF(A24="AGESUL",VLOOKUP(C24,AGESULOD,3,FALSE),IF(A24="INSAGESUL",VLOOKUP(C24,INSAGESUL,4,FALSE),""))))))),"")
B25: 3.0 | D25: RECUPERAÇÃO DOS DEFEITOS DO PAVIMENTO | P25: =IFERROR(IF(A25="SINAPI",VLOOKUP(C25,SINCOMOD,4,FALSE),IF(A25="INSINAPI",VLOOKUP(C25,INSINOD,5,FALSE),IF(A25="SICRO",VLOOKUP(C25,SICRO,5,FALSE),IF(A25="COTACAO",VLOOKUP(C25,COTACAO,6,FALSE),IF(A25="PRÓPRIO",VLOOKUP(C25,COMPOD1,6,FALSE),IF(A25="AGESUL",VLOOKUP(C25,AGESULOD,6,FALSE),IF(A25="INSAGESUL",VLOOKUP(C25,INSAGESUL,7,FALSE),"SEM VALOR"))))))),"SEM VALOR") -> SEM VALOR | Q25: =IFERROR(IF(A25="SINAPI",VLOOKUP(C25,SINCOMOD,6,FALSE),IF(A25="INSINAPI",VLOOKUP(C25,INSINOD,6,FALSE),IF(A25="SICRO",VLOOKUP(C25,SICRO,5,FALSE),IF(A25="COTACAO",VLOOKUP(C25,COTACAO,6,FALSE),IF(A25="PRÓPRIO",VLOOKUP(C25,COMPOD1,8,FALSE),IF(A25="AGESUL",VLOOKUP(C25,AGESULOD,11,FALSE),IF(A25="INSAGESUL",VLOOKUP(C25,INSAGESUL,8,FALSE),"SEM VALOR"))))))),"SEM VALOR") -> SEM VALOR | R25: =IFERROR(IF(A25="SINAPI",VLOOKUP(C25,SINCOMOD,2,FALSE),IF(A25="INSINAPI",VLOOKUP(C25,INSINOD,2,FALSE),IF(A25="SICRO",VLOOKUP(C25,SICRO,2,FALSE),IF(A25="COTACAO",VLOOKUP(C25,COTACAO,3,FALSE),IF(A25="PRÓPRIO",VLOOKUP(C25,COMPOD1,2,FALSE),IF(A25="AGESUL",VLOOKUP(C25,AGESULOD,2,FALSE),IF(A25="INSAGESUL",VLOOKUP(C25,INSAGESUL,3,FALSE),""))))))),"") | S25: =IFERROR(IF(A25="SINAPI",VLOOKUP(C25,SINCOMOD,3,FALSE),IF(A25="INSINAPI",VLOOKUP(C25,INSINOD,3,FALSE),IF(A25="SICRO",VLOOKUP(C25,SICRO,3,FALSE),IF(A25="COTACAO",VLOOKUP(C25,COTACAO,4,FALSE),IF(A25="PRÓPRIO",VLOOKUP(C25,COMPOD1,3,FALSE),IF(A25="AGESUL",VLOOKUP(C25,AGESULOD,3,FALSE),IF(A25="INSAGESUL",VLOOKUP(C25,INSAGESUL,4,FALSE),""))))))),"")
D26: Fresagem descontínua | P26: =IFERROR(IF(A26="SINAPI",VLOOKUP(C26,SINCOMOD,4,FALSE),IF(A26="INSINAPI",VLOOKUP(C26,INSINOD,5,FALSE),IF(A26="SICRO",VLOOKUP(C26,SICRO,5,FALSE),IF(A26="COTACAO",VLOOKUP(C26,COTACAO,6,FALSE),IF(A26="PRÓPRIO",VLOOKUP(C26,COMPOD1,6,FALSE),IF(A26="AGESUL",VLOOKUP(C26,AGESULOD,6,FALSE),IF(A26="INSAGESUL",VLOOKUP(C26,INSAGESUL,7,FALSE),"SEM VALOR"))))))),"SEM VALOR") -> SEM VALOR | Q26: =IFERROR(IF(A26="SINAPI",VLOOKUP(C26,SINCOMOD,6,FALSE),IF(A26="INSINAPI",VLOOKUP(C26,INSINOD,6,FALSE),IF(A26="SICRO",VLOOKUP(C26,SICRO,5,FALSE),IF(A26="COTACAO",VLOOKUP(C26,COTACAO,6,FALSE),IF(A26="PRÓPRIO",VLOOKUP(C26,COMPOD1,8,FALSE),IF(A26="AGESUL",VLOOKUP(C26,AGESULOD,11,FALSE),IF(A26="INSAGESUL",VLOOKUP(C26,INSAGESUL,8,FALSE),"SEM VALOR"))))))),"SEM VALOR") -> SEM VALOR | R26: =IFERROR(IF(A26="SINAPI",VLOOKUP(C26,SINCOMOD,2,FALSE),IF(A26="INSINAPI",VLOOKUP(C26,INSINOD,2,FALSE),IF(A26="SICRO",VLOOKUP(C26,SICRO,2,FALSE),IF(A26="COTACAO",VLOOKUP(C26,COTACAO,3,FALSE),IF(A26="PRÓPRIO",VLOOKUP(C26,COMPOD1,2,FALSE),IF(A26="AGESUL",VLOOKUP(C26,AGESULOD,2,FALSE),IF(A26="INSAGESUL",VLOOKUP(C26,INSAGESUL,3,FALSE),""))))))),"") | S26: =IFERROR(IF(A26="SINAPI",VLOOKUP(C26,SINCOMOD,3,FALSE),IF(A26="INSINAPI",VLOOKUP(C26,INSINOD,3,FALSE),IF(A26="SICRO",VLOOKUP(C26,SICRO,3,FALSE),IF(A26="COTACAO",VLOOKUP(C26,COTACAO,4,FALSE),IF(A26="PRÓPRIO",VLOOKUP(C26,COMPOD1,3,FALSE),IF(A26="AGESUL",VLOOKUP(C26,AGESULOD,3,FALSE),IF(A26="INSAGESUL",VLOOKUP(C26,INSAGESUL,4,FALSE),""))))))),"")
A27: PRÓPRIO | B27: 3.1 | C27: PAE 1273 | D27: Fresagem descontínua revestimento betuminoso | F27: m³ | G27: 1.6 | H27: =P27 -> 291.63 | I27: =ROUND(P27*$M$5,2) -> 360.83 | J27: =ROUND(G27*I27,2) -> 577.33 | P27: =IFERROR(IF(A27="SINAPI",VLOOKUP(C27,SINCOMOD,4,FALSE),IF(A27="INSINAPI",VLOOKUP(C27,INSINOD,5,FALSE),IF(A27="SICRO",VLOOKUP(C27,SICRO,5,FALSE),IF(A27="COTACAO",VLOOKUP(C27,COTACAO,6,FALSE),IF(A27="PRÓPRIO",VLOOKUP(C27,COMPOD1,6,FALSE),IF(A27="AGESUL",VLOOKUP(C27,AGESULOD,6,FALSE),IF(A27="INSAGESUL",VLOOKUP(C27,INSAGESUL,7,FALSE),"SEM VALOR"))))))),"SEM VALOR") -> 291.63 | Q27: =IFERROR(IF(A27="SINAPI",VLOOKUP(C27,SINCOMOD,6,FALSE),IF(A27="INSINAPI",VLOOKUP(C27,INSINOD,6,FALSE),IF(A27="SICRO",VLOOKUP(C27,SICRO,5,FALSE),IF(A27="COTACAO",VLOOKUP(C27,COTACAO,6,FALSE),IF(A27="PRÓPRIO",VLOOKUP(C27,COMPOD1,8,FALSE),IF(A27="AGESUL",VLOOKUP(C27,AGESULOD,11,FALSE),IF(A27="INSAGESUL",VLOOKUP(C27,INSAGESUL,8,FALSE),"SEM VALOR"))))))),"SEM VALOR") -> 289.90132 | R27: =IFERROR(IF(A27="SINAPI",VLOOKUP(C27,SINCOMOD,2,FALSE),IF(A27="INSINAPI",VLOOKUP(C27,INSINOD,2,FALSE),IF(A27="SICRO",VLOOKUP(C27,SICRO,2,FALSE),IF(A27="COTACAO",VLOOKUP(C27,COTACAO,3,FALSE),IF(A27="PRÓPRIO",VLOOKUP(C27,COMPOD1,2,FALSE),IF(A27="AGESUL",VLOOKUP(C27,AGESULOD,2,FALSE),IF(A27="INSAGESUL",VLOOKUP(C27,INSAGESUL,3,FALSE),""))))))),"") -> FRESAGEM DESCONTÍNUA REVESTIMENTO BETUMINOSO (REF AGESUL, CÓD IUP30027). | S27: =IFERROR(IF(A27="SINAPI",VLOOKUP(C27,SINCOMOD,3,FALSE),IF(A27="INSINAPI",VLOOKUP(C27,INSINOD,3,FALSE),IF(A27="SICRO",VLOOKUP(C27,SICRO,3,FALSE),IF(A27="COTACAO",VLOOKUP(C27,COTACAO,4,FALSE),IF(A27="PRÓPRIO",VLOOKUP(C27,COMPOD1,3,FALSE),IF(A27="AGESUL",VLOOKUP(C27,AGESULOD,3,FALSE),IF(A27="INSAGESUL",VLOOKUP(C27,INSAGESUL,4,FALSE),""))))))),"") -> M³
A28: PRÓPRIO | B28: 3.2 | C28: PAE 1092 | D28: Carga e descarga mecanica de solo utilizando caminhao basculante 6,0 m³/16t e pá carregadeira sobre pneus 128 hp, capacidade da caçamba 1,7 a 2,8 m³, peso operacional 11632 kg (REF SINAPI, CÓD 74010/1). | F28: m³ | G28: =G27*1.05 -> 1.68 | H28: =P28 -> 2.2 | I28: =ROUND(P28*$M$5,2) -> 2.72 | J28: =ROUND(G28*I28,2) -> 4.57 | P28: =IFERROR(IF(A28="SINAPI",VLOOKUP(C28,SINCOMOD,4,FALSE),IF(A28="INSINAPI",VLOOKUP(C28,INSINOD,5,FALSE),IF(A28="SICRO",VLOOKUP(C28,SICRO,5,FALSE),IF(A28="COTACAO",VLOOKUP(C28,COTACAO,6,FALSE),IF(A28="PRÓPRIO",VLOOKUP(C28,COMPOD1,6,FALSE),IF(A28="AGESUL",VLOOKUP(C28,AGESULOD,6,FALSE),IF(A28="INSAGESUL",VLOOKUP(C28,INSAGESUL,7,FALSE),"SEM VALOR"))))))),"SEM VALOR") -> 2.2 | Q28: =IFERROR(IF(A28="SINAPI",VLOOKUP(C28,SINCOMOD,6,FALSE),IF(A28="INSINAPI",VLOOKUP(C28,INSINOD,6,FALSE),IF(A28="SICRO",VLOOKUP(C28,SICRO,5,FALSE),IF(A28="COTACAO",VLOOKUP(C28,COTACAO,6,FALSE),IF(A28="PRÓPRIO",VLOOKUP(C28,COMPOD1,8,FALSE),IF(A28="AGESUL",VLOOKUP(C28,AGESULOD,11,FALSE),IF(A28="INSAGESUL",VLOOKUP(C28,INSAGESUL,8,FALSE),"SEM VALOR"))))))),"SEM VALOR") -> 2.18799 | R28: =IFERROR(IF(A28="SINAPI",VLOOKUP(C28,SINCOMOD,2,FALSE),IF(A28="INSINAPI",VLOOKUP(C28,INSINOD,2,FALSE),IF(A28="SICRO",VLOOKUP(C28,SICRO,2,FALSE),IF(A28="COTACAO",VLOOKUP(C28,COTACAO,3,FALSE),IF(A28="PRÓPRIO",VLOOKUP(C28,COMPOD1,2,FALSE),IF(A28="AGESUL",VLOOKUP(C28,AGESULOD,2,FALSE),IF(A28="INSAGESUL",VLOOKUP(C28,INSAGESUL,3,FALSE),""))))))),"") -> CARGA E DESCARGA MECANICA DE SOLO UTILIZANDO CAMINHAO BASCULANTE 6,0 M³/16T E PÁ CARREGADEIRA SOBRE PNEUS 128 HP, CAPACIDADE DA CAÇAMBA 1,7 A 2,8 M³, PESO OPERACIONAL 11632 KG (REF SINAPI, CÓD 74010/1). | S28: =IFERROR(IF(A28="SINAPI",VLOOKUP(C28,SINCOMOD,3,FALSE),IF(A28="INSINAPI",VLOOKUP(C28,INSINOD,3,FALSE),IF(A28="SICRO",VLOOKUP(C28,SICRO,3,FALSE),IF(A28="COTACAO",VLOOKUP(C28,COTACAO,4,FALSE),IF(A28="PRÓPRIO",VLOOKUP(C28,COMPOD1,3,FALSE),IF(A28="AGESUL",VLOOKUP(C28,AGESULOD,3,FALSE),IF(A28="INSAGESUL",VLOOKUP(C28,INSAGESUL,4,FALSE),""))))))),"") -> M³
A29: SINAPI | B29: 3.3 | C29: 95875 | D29: Transporte com caminhão basculante de 10 m³, em via urbana pavimentada, dmt até 30 km (unidade: m3xkm). af_07/2020 | E29: 2.3 | F29: m³xkm | G29: =G28*E29 -> 3.86 | H29: =P29 -> 2.76 | I29: =ROUND(P29*$M$5,2) -> 3.41 | J29: =ROUND(G29*I29,2) -> 13.16 | P29: =IFERROR(IF(A29="SINAPI",VLOOKUP(C29,SINCOMOD,4,FALSE),IF(A29="INSINAPI",VLOOKUP(C29,INSINOD,5,FALSE),IF(A29="SICRO",VLOOKUP(C29,SICRO,5,FALSE),IF(A29="COTACAO",VLOOKUP(C29,COTACAO,6,FALSE),IF(A29="PRÓPRIO",VLOOKUP(C29,COMPOD1,6,FALSE),IF(A29="AGESUL",VLOOKUP(C29,AGESULOD,6,FALSE),IF(A29="INSAGESUL",VLOOKUP(C29,INSAGESUL,7,FALSE),"SEM VALOR"))))))),"SEM VALOR") -> 2.76 | Q29: =IFERROR(IF(A29="SINAPI",VLOOKUP(C29,SINCOMOD,6,FALSE),IF(A29="INSINAPI",VLOOKUP(C29,INSINOD,6,FALSE),IF(A29="SICRO",VLOOKUP(C29,SICRO,5,FALSE),IF(A29="COTACAO",VLOOKUP(C29,COTACAO,6,FALSE),IF(A29="PRÓPRIO",VLOOKUP(C29,COMPOD1,8,FALSE),IF(A29="AGESUL",VLOOKUP(C29,AGESULOD,11,FALSE),IF(A29="INSAGESUL",VLOOKUP(C29,INSAGESUL,8,FALSE),"SEM VALOR"))))))),"SEM VALOR") -> 2.73 | R29: =IFERROR(IF(A29="SINAPI",VLOOKUP(C29,SINCOMOD,2,FALSE),IF(A29="INSINAPI",VLOOKUP(C29,INSINOD,2,FALSE),IF(A29="SICRO",VLOOKUP(C29,SICRO,2,FALSE),IF(A29="COTACAO",VLOOKUP(C29,COTACAO,3,FALSE),IF(A29="PRÓPRIO",VLOOKUP(C29,COMPOD1,2,FALSE),IF(A29="AGESUL",VLOOKUP(C29,AGESULOD,2,FALSE),IF(A29="INSAGESUL",VLOOKUP(C29,INSAGESUL,3,FALSE),""))))))),"") -> TRANSPORTE COM CAMINHÃO BASCULANTE DE 10 M³, EM VIA URBANA PAVIMENTADA, DMT ATÉ 30 KM (UNIDADE: M3XKM). AF_02/2026 | S29: =IFERROR(IF(A29="SINAPI",VLOOKUP(C29,SINCOMOD,3,FALSE),IF(A29="INSINAPI",VLOOKUP(C29,INSINOD,3,FALSE),IF(A29="SICRO",VLOOKUP(C29,SICRO,3,FALSE),IF(A29="COTACAO",VLOOKUP(C29,COTACAO,4,FALSE),IF(A29="PRÓPRIO",VLOOKUP(C29,COMPOD1,3,FALSE),IF(A29="AGESUL",VLOOKUP(C29,AGESULOD,3,FALSE),IF(A29="INSAGESUL",VLOOKUP(C29,INSAGESUL,4,FALSE),""))))))),"") -> M3XKM
D30: Base Estabilizada granulometricamente e Capa Asfáltica | P30: =IFERROR(IF(A30="SINAPI",VLOOKUP(C30,SINCOMOD,4,FALSE),IF(A30="INSINAPI",VLOOKUP(C30,INSINOD,5,FALSE),IF(A30="SICRO",VLOOKUP(C30,SICRO,5,FALSE),IF(A30="COTACAO",VLOOKUP(C30,COTACAO,6,FALSE),IF(A30="PRÓPRIO",VLOOKUP(C30,COMPOD1,6,FALSE),IF(A30="AGESUL",VLOOKUP(C30,AGESULOD,6,FALSE),IF(A30="INSAGESUL",VLOOKUP(C30,INSAGESUL,7,FALSE),"SEM VALOR"))))))),"SEM VALOR") -> SEM VALOR | Q30: =IFERROR(IF(A30="SINAPI",VLOOKUP(C30,SINCOMOD,6,FALSE),IF(A30="INSINAPI",VLOOKUP(C30,INSINOD,6,FALSE),IF(A30="SICRO",VLOOKUP(C30,SICRO,5,FALSE),IF(A30="COTACAO",VLOOKUP(C30,COTACAO,6,FALSE),IF(A30="PRÓPRIO",VLOOKUP(C30,COMPOD1,8,FALSE),IF(A30="AGESUL",VLOOKUP(C30,AGESULOD,11,FALSE),IF(A30="INSAGESUL",VLOOKUP(C30,INSAGESUL,8,FALSE),"SEM VALOR"))))))),"SEM VALOR") -> SEM VALOR | R30: =IFERROR(IF(A30="SINAPI",VLOOKUP(C30,SINCOMOD,2,FALSE),IF(A30="INSINAPI",VLOOKUP(C30,INSINOD,2,FALSE),IF(A30="SICRO",VLOOKUP(C30,SICRO,2,FALSE),IF(A30="COTACAO",VLOOKUP(C30,COTACAO,3,FALSE),IF(A30="PRÓPRIO",VLOOKUP(C30,COMPOD1,2,FALSE),IF(A30="AGESUL",VLOOKUP(C30,AGESULOD,2,FALSE),IF(A30="INSAGESUL",VLOOKUP(C30,INSAGESUL,3,FALSE),""))))))),"") | S30: =IFERROR(IF(A30="SINAPI",VLOOKUP(C30,SINCOMOD,3,FALSE),IF(A30="INSINAPI",VLOOKUP(C30,INSINOD,3,FALSE),IF(A30="SICRO",VLOOKUP(C30,SICRO,3,FALSE),IF(A30="COTACAO",VLOOKUP(C30,COTACAO,4,FALSE),IF(A30="PRÓPRIO",VLOOKUP(C30,COMPOD1,3,FALSE),IF(A30="AGESUL",VLOOKUP(C30,AGESULOD,3,FALSE),IF(A30="INSAGESUL",VLOOKUP(C30,INSAGESUL,4,FALSE),""))))))),"")
A31: PRÓPRIO | B31: 3.4 | C31: PAE 1036 | D31: Demolição de pavimentação asfáltica com utilização de martelo perfurador, espessura até 15 cm, exclusive carga e transporte (REF SINAPI, CÓD 92970). | F31: m² | G31: =52.03*0.3 -> 15.61 | H31: =P31 -> 19.6 | I31: =ROUND(P31*$M$5,2) -> 24.25 | J31: =ROUND(G31*I31,2) -> 378.54 | P31: =IFERROR(IF(A31="SINAPI",VLOOKUP(C31,SINCOMOD,4,FALSE),IF(A31="INSINAPI",VLOOKUP(C31,INSINOD,5,FALSE),IF(A31="SICRO",VLOOKUP(C31,SICRO,5,FALSE),IF(A31="COTACAO",VLOOKUP(C31,COTACAO,6,FALSE),IF(A31="PRÓPRIO",VLOOKUP(C31,COMPOD1,6,FALSE),IF(A31="AGESUL",VLOOKUP(C31,AGESULOD,6,FALSE),IF(A31="INSAGESUL",VLOOKUP(C31,INSAGESUL,7,FALSE),"SEM VALOR"))))))),"SEM VALOR") -> 19.6 | Q31: =IFERROR(IF(A31="SINAPI",VLOOKUP(C31,SINCOMOD,6,FALSE),IF(A31="INSINAPI",VLOOKUP(C31,INSINOD,6,FALSE),IF(A31="SICRO",VLOOKUP(C31,SICRO,5,FALSE),IF(A31="COTACAO",VLOOKUP(C31,COTACAO,6,FALSE),IF(A31="PRÓPRIO",VLOOKUP(C31,COMPOD1,8,FALSE),IF(A31="AGESUL",VLOOKUP(C31,AGESULOD,11,FALSE),IF(A31="INSAGESUL",VLOOKUP(C31,INSAGESUL,8,FALSE),"SEM VALOR"))))))),"SEM VALOR") -> 19.015 | R31: =IFERROR(IF(A31="SINAPI",VLOOKUP(C31,SINCOMOD,2,FALSE),IF(A31="INSINAPI",VLOOKUP(C31,INSINOD,2,FALSE),IF(A31="SICRO",VLOOKUP(C31,SICRO,2,FALSE),IF(A31="COTACAO",VLOOKUP(C31,COTACAO,3,FALSE),IF(A31="PRÓPRIO",VLOOKUP(C31,COMPOD1,2,FALSE),IF(A31="AGESUL",VLOOKUP(C31,AGESULOD,2,FALSE),IF(A31="INSAGESUL",VLOOKUP(C31,INSAGESUL,3,FALSE),""))))))),"") -> DEMOLIÇÃO DE PAVIMENTAÇÃO ASFÁLTICA COM UTILIZAÇÃO DE MARTELO PERFURADOR, ESPESSURA ATÉ 15 CM, EXCLUSIVE CARGA E TRANSPORTE (REF SINAPI, CÓD 92970). | S31: =IFERROR(IF(A31="SINAPI",VLOOKUP(C31,SINCOMOD,3,FALSE),IF(A31="INSINAPI",VLOOKUP(C31,INSINOD,3,FALSE),IF(A31="SICRO",VLOOKUP(C31,SICRO,3,FALSE),IF(A31="COTACAO",VLOOKUP(C31,COTACAO,4,FALSE),IF(A31="PRÓPRIO",VLOOKUP(C31,COMPOD1,3,FALSE),IF(A31="AGESUL",VLOOKUP(C31,AGESULOD,3,FALSE),IF(A31="INSAGESUL",VLOOKUP(C31,INSAGESUL,4,FALSE),""))))))),"") -> M²
A32: PRÓPRIO | B32: 3.5 | C32: PAE 1092 | D32: Carga e descarga mecanica de solo utilizando caminhao basculante 6,0 m³/16t e pá carregadeira sobre pneus 128 hp, capacidade da caçamba 1,7 a 2,8 m³, peso operacional 11632 kg (REF SINAPI, CÓD 74010/1). | F32: m³ | G32: =G31*0.19*1.25 -> 3.71 | H32: =P32 -> 2.2 | I32: =ROUND(P32*$M$5,2) -> 2.72 | J32: =ROUND(G32*I32,2) -> 10.09 | P32: =IFERROR(IF(A32="SINAPI",VLOOKUP(C32,SINCOMOD,4,FALSE),IF(A32="INSINAPI",VLOOKUP(C32,INSINOD,5,FALSE),IF(A32="SICRO",VLOOKUP(C32,SICRO,5,FALSE),IF(A32="COTACAO",VLOOKUP(C32,COTACAO,6,FALSE),IF(A32="PRÓPRIO",VLOOKUP(C32,COMPOD1,6,FALSE),IF(A32="AGESUL",VLOOKUP(C32,AGESULOD,6,FALSE),IF(A32="INSAGESUL",VLOOKUP(C32,INSAGESUL,7,FALSE),"SEM VALOR"))))))),"SEM VALOR") -> 2.2 | Q32: =IFERROR(IF(A32="SINAPI",VLOOKUP(C32,SINCOMOD,6,FALSE),IF(A32="INSINAPI",VLOOKUP(C32,INSINOD,6,FALSE),IF(A32="SICRO",VLOOKUP(C32,SICRO,5,FALSE),IF(A32="COTACAO",VLOOKUP(C32,COTACAO,6,FALSE),IF(A32="PRÓPRIO",VLOOKUP(C32,COMPOD1,8,FALSE),IF(A32="AGESUL",VLOOKUP(C32,AGESULOD,11,FALSE),IF(A32="INSAGESUL",VLOOKUP(C32,INSAGESUL,8,FALSE),"SEM VALOR"))))))),"SEM VALOR") -> 2.18799 | R32: =IFERROR(IF(A32="SINAPI",VLOOKUP(C32,SINCOMOD,2,FALSE),IF(A32="INSINAPI",VLOOKUP(C32,INSINOD,2,FALSE),IF(A32="SICRO",VLOOKUP(C32,SICRO,2,FALSE),IF(A32="COTACAO",VLOOKUP(C32,COTACAO,3,FALSE),IF(A32="PRÓPRIO",VLOOKUP(C32,COMPOD1,2,FALSE),IF(A32="AGESUL",VLOOKUP(C32,AGESULOD,2,FALSE),IF(A32="INSAGESUL",VLOOKUP(C32,INSAGESUL,3,FALSE),""))))))),"") -> CARGA E DESCARGA MECANICA DE SOLO UTILIZANDO CAMINHAO BASCULANTE 6,0 M³/16T E PÁ CARREGADEIRA SOBRE PNEUS 128 HP, CAPACIDADE DA CAÇAMBA 1,7 A 2,8 M³, PESO OPERACIONAL 11632 KG (REF SINAPI, CÓD 74010/1). | S32: =IFERROR(IF(A32="SINAPI",VLOOKUP(C32,SINCOMOD,3,FALSE),IF(A32="INSINAPI",VLOOKUP(C32,INSINOD,3,FALSE),IF(A32="SICRO",VLOOKUP(C32,SICRO,3,FALSE),IF(A32="COTACAO",VLOOKUP(C32,COTACAO,4,FALSE),IF(A32="PRÓPRIO",VLOOKUP(C32,COMPOD1,3,FALSE),IF(A32="AGESUL",VLOOKUP(C32,AGESULOD,3,FALSE),IF(A32="INSAGESUL",VLOOKUP(C32,INSAGESUL,4,FALSE),""))))))),"") -> M³
A33: SINAPI | B33: 3.6 | C33: 95875 | D33: Transporte com caminhão basculante de 10 m³, em via urbana pavimentada, dmt até 30 km (unidade: m3xkm). af_07/2020 | E33: 2.3 | F33: m³xkm | G33: =G32*E33 -> 8.53 | H33: =P33 -> 2.76 | I33: =ROUND(P33*$M$5,2) -> 3.41 | J33: =ROUND(G33*I33,2) -> 29.09 | P33: =IFERROR(IF(A33="SINAPI",VLOOKUP(C33,SINCOMOD,4,FALSE),IF(A33="INSINAPI",VLOOKUP(C33,INSINOD,5,FALSE),IF(A33="SICRO",VLOOKUP(C33,SICRO,5,FALSE),IF(A33="COTACAO",VLOOKUP(C33,COTACAO,6,FALSE),IF(A33="PRÓPRIO",VLOOKUP(C33,COMPOD1,6,FALSE),IF(A33="AGESUL",VLOOKUP(C33,AGESULOD,6,FALSE),IF(A33="INSAGESUL",VLOOKUP(C33,INSAGESUL,7,FALSE),"SEM VALOR"))))))),"SEM VALOR") -> 2.76 | Q33: =IFERROR(IF(A33="SINAPI",VLOOKUP(C33,SINCOMOD,6,FALSE),IF(A33="INSINAPI",VLOOKUP(C33,INSINOD,6,FALSE),IF(A33="SICRO",VLOOKUP(C33,SICRO,5,FALSE),IF(A33="COTACAO",VLOOKUP(C33,COTACAO,6,FALSE),IF(A33="PRÓPRIO",VLOOKUP(C33,COMPOD1,8,FALSE),IF(A33="AGESUL",VLOOKUP(C33,AGESULOD,11,FALSE),IF(A33="INSAGESUL",VLOOKUP(C33,INSAGESUL,8,FALSE),"SEM VALOR"))))))),"SEM VALOR") -> 2.73 | R33: =IFERROR(IF(A33="SINAPI",VLOOKUP(C33,SINCOMOD,2,FALSE),IF(A33="INSINAPI",VLOOKUP(C33,INSINOD,2,FALSE),IF(A33="SICRO",VLOOKUP(C33,SICRO,2,FALSE),IF(A33="COTACAO",VLOOKUP(C33,COTACAO,3,FALSE),IF(A33="PRÓPRIO",VLOOKUP(C33,COMPOD1,2,FALSE),IF(A33="AGESUL",VLOOKUP(C33,AGESULOD,2,FALSE),IF(A33="INSAGESUL",VLOOKUP(C33,INSAGESUL,3,FALSE),""))))))),"") -> TRANSPORTE COM CAMINHÃO BASCULANTE DE 10 M³, EM VIA URBANA PAVIMENTADA, DMT ATÉ 30 KM (UNIDADE: M3XKM). AF_02/2026 | S33: =IFERROR(IF(A33="SINAPI",VLOOKUP(C33,SINCOMOD,3,FALSE),IF(A33="INSINAPI",VLOOKUP(C33,INSINOD,3,FALSE),IF(A33="SICRO",VLOOKUP(C33,SICRO,3,FALSE),IF(A33="COTACAO",VLOOKUP(C33,COTACAO,4,FALSE),IF(A33="PRÓPRIO",VLOOKUP(C33,COMPOD1,3,FALSE),IF(A33="AGESUL",VLOOKUP(C33,AGESULOD,3,FALSE),IF(A33="INSAGESUL",VLOOKUP(C33,INSAGESUL,4,FALSE),""))))))),"") -> M3XKM
A34: PRÓPRIO | B34: 3.7 | C34: PAE 1258 | D34: Regularização manual e compactação mecânica de terreno (REF AGESUL, CÓD IUD20075). | F34: m² | G34: =G31 -> 15.61 | H34: =P34 -> 7.57 | I34: =ROUND(P34*$M$5,2) -> 9.37 | J34: =ROUND(G34*I34,2) -> 146.27 | P34: =IFERROR(IF(A34="SINAPI",VLOOKUP(C34,SINCOMOD,4,FALSE),IF(A34="INSINAPI",VLOOKUP(C34,INSINOD,5,FALSE),IF(A34="SICRO",VLOOKUP(C34,SICRO,5,FALSE),IF(A34="COTACAO",VLOOKUP(C34,COTACAO,6,FALSE),IF(A34="PRÓPRIO",VLOOKUP(C34,COMPOD1,6,FALSE),IF(A34="AGESUL",VLOOKUP(C34,AGESULOD,6,FALSE),IF(A34="INSAGESUL",VLOOKUP(C34,INSAGESUL,7,FALSE),"SEM VALOR"))))))),"SEM VALOR") -> 7.57 | Q34: =IFERROR(IF(A34="SINAPI",VLOOKUP(C34,SINCOMOD,6,FALSE),IF(A34="INSINAPI",VLOOKUP(C34,INSINOD,6,FALSE),IF(A34="SICRO",VLOOKUP(C34,SICRO,5,FALSE),IF(A34="COTACAO",VLOOKUP(C34,COTACAO,6,FALSE),IF(A34="PRÓPRIO",VLOOKUP(C34,COMPOD1,8,FALSE),IF(A34="AGESUL",VLOOKUP(C34,AGESULOD,11,FALSE),IF(A34="INSAGESUL",VLOOKUP(C34,INSAGESUL,8,FALSE),"SEM VALOR"))))))),"SEM VALOR") -> 7.18462 | R34: =IFERROR(IF(A34="SINAPI",VLOOKUP(C34,SINCOMOD,2,FALSE),IF(A34="INSINAPI",VLOOKUP(C34,INSINOD,2,FALSE),IF(A34="SICRO",VLOOKUP(C34,SICRO,2,FALSE),IF(A34="COTACAO",VLOOKUP(C34,COTACAO,3,FALSE),IF(A34="PRÓPRIO",VLOOKUP(C34,COMPOD1,2,FALSE),IF(A34="AGESUL",VLOOKUP(C34,AGESULOD,2,FALSE),IF(A34="INSAGESUL",VLOOKUP(C34,INSAGESUL,3,FALSE),""))))))),"") -> REGULARIZAÇÃO MANUAL E COMPACTAÇÃO MECÂNICA DE TERRENO (REF AGESUL, CÓD IUD20075). | S34: =IFERROR(IF(A34="SINAPI",VLOOKUP(C34,SINCOMOD,3,FALSE),IF(A34="INSINAPI",VLOOKUP(C34,INSINOD,3,FALSE),IF(A34="SICRO",VLOOKUP(C34,SICRO,3,FALSE),IF(A34="COTACAO",VLOOKUP(C34,COTACAO,4,FALSE),IF(A34="PRÓPRIO",VLOOKUP(C34,COMPOD1,3,FALSE),IF(A34="AGESUL",VLOOKUP(C34,AGESULOD,3,FALSE),IF(A34="INSAGESUL",VLOOKUP(C34,INSAGESUL,4,FALSE),""))))))),"") -> M²
